 Dungeon Crawl Stone Soup version 0.30.0-20-g3615ddf2f0 (webtiles) character file.

Game seed: 11306472960056596322

73599 qw the Severer (level 15, -4/20 HPs)
             Began as a Gargoyle Fighter on May 31, 2023.
             Was a Believer of Okawaru.
             Slain by a tengu warrior
             ... wielding a +1 war axe of distortion
              (21 damage)
             ... on level 14 of the Dungeon.
             The game lasted 01:01:41 (49301 turns).

qw the Severer (Gargoyle Fighter)                  Turns: 49301, Time: 01:01:41

Health: -4/20      AC: 52    Str: 34    XL:     15   Next: 43%
Magic:  22/22      EV: 12    Int: 12    God:    Okawaru [**....]
Gold:   1043       SH: 19    Dex:  9    Spells: 14/14 levels left

rFire   + . .        c - +0 broad axe (heavy)
rCold   . . .        w - +3 kite shield "Numik" {rF++ Str-3 Slay+6}
rNeg    + . .        o - +8 orange crystal plate armour {Archmagi, Int+3 Clar}
rPois   inf          x - +2 helmet {SInv}
rElec   +            e - +0 cloak {Will+}
rCorr   +            v - +1 pair of gloves of Leaves {rF- rCorr Str+4}
SInv    +            C - +1 pair of boots
Will    ++...        k - amulet of reflection Stlth
                     A - +5 ring of evasion
HPRegen 0.23/turn    y - +6 ring of strength
MPRegen 0.18/turn

%: reflection, clarity, archmagi
@: flying
A: sickness immunity, AC +11, big wings, negative energy resistance 1,
electricity resistance, torment resistance 1, petrification resistance, subdued
magic 1
a: Renounce Religion, Heroism


You were on level 14 of the Dungeon.
You worshipped Okawaru.
Okawaru was pleased with you.
You visited 3 branches of the dungeon, and saw 20 of its levels.

You collected 1174 gold pieces.
You spent 131 gold pieces at shops.


Innate Abilities, Weirdness & Mutations

You are immune to sickness and miasma.
Your stone body is resilient. (AC +11)
You are immune to poison.
Your large and strong wings let you fly.
You resist negative energy. (rN+)
You are resistant to electric shocks. (rElec)
You are resistant to unholy torment.
You are immune to petrification.
Your spells are a little easier to cast, but a little less powerful.


   Skills:
 + Level 11.7 Fighting
 - Level 15.0 Axes
 - Level 4.0 Throwing
 - Level 14.0 Armour
 - Level 2.4 Dodging
 - Level 12.0 Shields
 - Level 10.0 Invocations


You had 14 spell levels left.
You didn't know any spells.
Your spell library was empty.

Inventory:

Hand Weapons
 c - a +0 heavy broad axe (weapon)
 B - a -2 demon whip of venom
Missiles
 f - 4 boomerangs (quivered)
Armour
 e - a +0 cloak of willpower (worn)
 j - the +3 hat of Pondering {ponderous, Will+ MP+10 Int+5}
   (You took it off Gastronok on level 9 of the Dungeon)

   Int:       It affects your intelligence (+5).
   MP:        It affects your magic capacity (+10).
   Will:      It increases your willpower.
 o - the +8 orange crystal plate armour (worn) {Archmagi, Int+3 Clar}
   (You acquired it on level 7 of the Dungeon)

   Int:       It affects your intelligence (+3).
   Clar:      It protects you from confusion, rage, mesmerisation and fear.
 r - a +0 pair of gloves
 v - the +1 pair of gloves of Leaves (worn) {rF- rCorr Str+4}
   (You acquired it on level 4 of the Dungeon)

   Str:       It affects your strength (+4).
   rF:        It makes you vulnerable to fire.
   rCorr:     It protects you from acid and corrosion.
 w - the +3 kite shield "Numik" (worn) {rF++ Str-3 Slay+6}
   (Okawaru gifted it to you on level 10 of the Dungeon)

   Str:       It affects your strength (-3).
   Slay:      It affects your accuracy & damage with ranged weapons and melee
   (+6).
   rF:        It greatly protects you from fire.
 x - a +2 helmet of see invisible (worn)
 C - a +1 pair of boots (worn)
Jewellery
 g - the amulet "Huri" {Acrobat rElec rC- Regen+ Int+5}
   (You acquired it on level 4 of the Dungeon)

   [amulet of the acrobat]

   It increases your evasion while moving and waiting.
   Int:       It affects your intelligence (+5).
   rC:        It makes you vulnerable to cold.
   rElec:     It insulates you from electricity.
   Regen:     It increases your rate of health regeneration.
 k - an amulet of reflection (around neck)
 n - a ring of ice
 u - a ring of protection from cold
 y - a +6 ring of strength (right hand)
 A - a +5 ring of evasion (left hand)
Scrolls
 b - 12 scrolls of identify
 h - 9 scrolls of teleportation
Potions
 a - 3 potions of haste
 d - 6 potions of might
 l - 3 potions of heal wounds
 m - 2 potions of mutation
 p - a potion of cancellation
 q - 11 potions of curing
 s - 2 potions of attraction
 t - 2 potions of resistance
 z - a potion of lignification

Dungeon Overview and Level Annotations

Branches:
Dungeon (14/15)            Temple (1/1) D:6            Lair (5/5) D:10
 Shoals (0/4) Lair:3       Spider (0/4) Lair:2        Slime (0/5) Lair:4
    Orc (0/2) D:12         Vaults (0/5) D:13

Altars:
Ashenzari
Cheibriados
Dithmenos
Elyvilon
Fedhas
Gozag
Hepliaklqana
Kikubaaqudgha
Makhleb
Nemelex Xobeh
Okawaru
Qazlal
Ru
Sif Muna
Trog
Uskayaw
Vehumet
Wu Jian
Xom
Yredelemnul
Zin
The Shining One
Jiyva

Shops:
D:4 *   D:10 =

Portals:
Ice
Cave: D:14

Annotations:
D:14 1 transporter, Cofimnas's ghost, journeyman FoFi


Message History

Enter note:
Enter note:
Enter note:
Enter note: The tengu warrior shouts!
You hear a shout! x2
The tengu warrior shoots an arrow.
The arrow closely misses you.
Enter note:
Enter note:
Enter note:
Enter note:
Found a potion of flight.
The tengu warrior unwields a +0 longbow.
The tengu warrior wields the +10 whip of the Queen {freeze, Int+3}.
It glows with a cold blue light!
The tengu warrior barely misses you. x2
The tengu warrior claws you but does no damage.
Enter note:
Enter note:
Enter note:
Enter note: You slice the tengu warrior!!
The tengu warrior is almost dead.
You block the tengu warrior's attack. x2
The tengu warrior claws you but does no damage.
The tengu warrior hits you but does no damage.
You block the tengu warrior's attack.
The tengu warrior claws you but does no damage.
You miss the tengu warrior.
The tengu warrior is almost dead.
You closely miss the tengu warrior. You block the tengu warrior's attack.
The tengu warrior pecks you but does no damage.
The tengu warrior closely misses you. You block the tengu warrior's attack.
The tengu warrior pecks you. You block the tengu warrior's attack.
You barely miss the tengu warrior.
The tengu warrior is almost dead.
You slice the soul eater!! You hit the tengu warrior.
The tengu warrior hits you but does no damage.
Space warps horribly around you!!
Ouch! That really hurt!
You die...

#.....## #..#...#
#......[
##########......
#..##......>..#
#..####.....####.##
.#.###..#.......3Q......
...........>....@Q.....#
...###..#.#####.#.......
.. ###..#.# #...#####.
...#....#.# #..##k^.#
..##.#.##.# #..##Q### #
..##.#....# #..##~J.upB
..##.###..##..##8~ T....
..##.###..#..##..#.## .#
..#...##....##....#


You could see a boulder beetle, a red ugly thing, a slime creature, a soul
eater, 3 tengu warriors, a wizard, a troll and a rime drake.

Vanquished Creatures
  Gastronok (D:9)
  Harold (D:9)
  An entropy weaver (shapeshifter) (D:13)
  Fannar (D:11)
  A rakshasa (D:13)
  2 hydras
  4 boulder beetles
  A catoblepas (Lair:4)
  3 death knights
  7 two-headed ogres
  A centaur warrior (D:13)
  6 death yaks (Lair:5)
  Urug (D:10)
  Nergalle (D:10)
  Amaemon (Lair:2)
  A skyshark (Lair:5)
  10 skeletal warriors (D:13)
  A skyshark (shapeshifter) (D:13)
  A goliath frog (Lair:5)
  A wolf spider zombie (D:14)
  Pikel (D:6)
  A deep elf pyromancer (D:14)
  2 ugly things
  2 manticores (D:13)
  3 cyclopes
  An elephant (D:10)
  Maurice (D:8)
  19 cane toads
  8 black mambas
  2 gargoyles (D:10)
  Maggie (D:8)
  An orange demon (Lair:2)
  2 unseen horrors
  A torpor snail (Lair:5)
  2 rime drakes
  A centaur skeleton (D:14)
  6 komodo dragons
  A freezing wraith (D:11)
  A komodo dragon (shapeshifter) (D:13)
  2 kobold demonologists (D:11)
  A queen bee (D:11)
  3 trolls
  3 tyrant leeches (Lair:5)
  A polar bear (shapeshifter) (D:14)
  18 blink frogs
  3 polar bears
  A snapping turtle (Lair:3)
  A centaur simulacrum (D:14)
  8 slime creatures
  A vampire (D:14)
  A shadow (D:11)
  9 wraiths
  6 wyverns
  Grum (D:8)
  57 yaks
  8 basilisks
  4 water elementals
  19 vampire mosquitoes
  15 water moccasins
  An acid dragon (D:13)
  3 black bears
  A sky beast (D:8)
  An ice beast (D:4)
  A meliai simulacrum (D:14)
  7 orc warriors
  2 ogres
  8 wolves
  8 centaurs
  19 bullfrogs
  3 kobold brigands
  A scorpion (D:4)
  2 gnoll sergeants
  A wight (D:10)
  17 killer bees
  8 howler monkeys
  6 electric eels
  2 jellies
  A hound (D:4)
  13 orc priests
  3 iguanas
  14 orc wizards
  9 gnolls
  12 adders
  A shadow imp (D:5)
  4 white imps
  An ufetubus (D:4)
  3 worms
  2 dart slugs
  41 orcs
  5 bats
  9 endoplasms
  6 giant cockroaches
  8 goblins
  8 hobgoblins
  9 jackals
  13 kobolds
  8 quokkas
  14 ball pythons
  3 frilled lizards
  3 rats
  A butterfly (Lair:4)
546 creatures vanquished.

Notes
Turn   | Place    | Note
-------+----------+-------------------------------------------
     0 | D:1      | qw the Gargoyle Fighter began the quest for the Orb.
     0 | D:1      | Reached XP level 1. HP: 14/14 MP: 1/1
     0 | D:1      | 0 ||| qw: Version: 0.2-a-102-gfc559e5
     0 | D:1      | 0 ||| qw: Game counter: 567
     0 | D:1      | 0 ||| qw: Always use a shield: true
     0 | D:1      | 0 ||| qw: God list: Okawaru
     0 | D:1      | 0 ||| qw: Allow faded altars: false
     0 | D:1      | 0 ||| qw: Do Orc after D:15 true
     0 | D:1      | 0 ||| qw: Do second Lair branch before Depths: true
     0 | D:1      | 0 ||| qw: Lair rune preference: random
     0 | D:1      | 0 ||| qw: Plans: Normal, Zot:1-4, Slime:5, God:TSO, Crypt,
                  | Tomb, Pan, Hells, Abyss, Win
     0 | D:1      | 0 ||| PLANNING D:1-11
    58 | D:1      | Reached skill level 2 in Axes
   134 | D:1      | 134 ||| Stepping ~*~*~tactically~*~*~ (hiding).
   135 | D:1      | 135 ||| Stepping ~*~*~tactically~*~*~ (hiding).
   140 | D:1      | Reached XP level 2. HP: 16/19 MP: 2/2
   577 | D:1      | 577 ||| UPGRADING to +1 helmet.
   582 | D:1      | 582 ||| READING scroll labelled DEUFA QEICU.
   583 | D:1      | 583 ||| READING scroll labelled ISARGH ALOMM.
   584 | D:1      | 584 ||| READING scroll labelled COITYHA QOIDGH.
   597 | D:2      | 597 ||| STAIRDANCE
   634 | D:2      | 634 ||| DROPPING +0 club.
   651 | D:2      | Reached skill level 3 in Axes
   713 | D:2      | Reached XP level 3. HP: 18/23 MP: 3/3
   933 | D:2      | Found an ornate altar of the Wu Jian Council.
  1171 | D:2      | 1171 ||| DROPPING ring of flight.
  1172 | D:2      | 1172 ||| READING scroll labelled ITIUSY ORPHO.
  1173 | D:2      | 1173 ||| READING scroll labelled NOITUE NEHES.
  1174 | D:2      | 1174 ||| READING scroll labelled UPIMOPHIROG.
  1175 | D:2      | 1175 ||| READING scroll labelled VIWUDGH ETTE.
  1176 | D:2      | 1176 ||| DRINKING 3 sedimented orange potions.
  1177 | D:2      | 1177 ||| DROPPING 2 potions of degeneration.
  1273 | D:3      | Reached XP level 4. HP: 24/28 MP: 4/4
  1360 | D:3      | Reached XP level 5. HP: 32/32 MP: 5/5
  1371 | D:3      | Reached skill level 4 in Axes
  1423 | D:3      | 1423 ||| Stepping ~*~*~tactically~*~*~ (stealth).
  1458 | D:3      | 1458 ||| Stepping ~*~*~tactically~*~*~ (hiding).
  1725 | D:3      | 1725 ||| Stepping ~*~*~tactically~*~*~ (stealth).
  1981 | D:3      | 1981 ||| UPGRADING to +0 pair of gloves.
  1986 | D:3      | 1986 ||| UPGRADING to amulet of guardian spirit.
  1991 | D:3      | 1991 ||| UPGRADING to +6 ring of strength.
  1992 | D:3      | 1992 ||| READING scroll labelled BIBUCU HILA.
  1993 | D:3      | 1993 ||| DRINKING 2 bubbling black potions.
  1993 | D:3      | Gained mutation: Your spells are a little easier to cast,
                  | but a little less powerful. [potion of mutation]
  1998 | D:4      | 1998 ||| STAIRDANCE
  2042 | D:4      | 2042 ||| DROPPING +1 hand axe of electrocution.
  2056 | D:4      | 2056 ||| Stepping ~*~*~tactically~*~*~ (stealth).
  2118 | D:4      | 2118 ||| Stepping ~*~*~tactically~*~*~ (stealth).
  2119 | D:4      | 2119 ||| Stepping ~*~*~tactically~*~*~ (stealth).
  2131 | D:4      | Noticed a centaur
  2139 | D:4      | Killed a centaur
  2140 | D:4      | Reached skill level 5 in Axes
  2140 | D:4      | Reached XP level 6. HP: 26/37 MP: 4/6
  2231 | D:4      | Noticed an ice beast
  2238 | D:4      | Killed an ice beast
  2239 | D:4      | Reached skill level 1 in Dodging
  2276 | D:4      | Noticed a black bear
  2290 | D:4      | Killed a black bear
  2291 | D:4      | Reached XP level 7. HP: 13/44 MP: 1/7
  2483 | D:4      | Found a sparkling altar of Nemelex Xobeh.
  2628 | D:4      | Found a burning altar of Makhleb.
  2635 | D:4      | Reached skill level 6 in Axes
  2658 | D:4      | 2658 ||| DROPPING +0 whip.
  2753 | D:4      | Found Woestrubb's Assorted Antiques.
  2762 | D:4      | 2762 ||| BUYING bubbling golden potion (13 gold).
  2762 | D:4      | Bought a bubbling golden potion for 13 gold pieces
  2762 | D:4      | 2762 ||| BUYING glass ring (75 gold).
  2762 | D:4      | Bought a glass ring for 75 gold pieces
  2762 | D:4      | 2762 ||| SHOPLISTING iridescent hand axe (120 gold, have
                  | 68).
  2762 | D:4      | 2762 ||| BUYING lumpy silvery potion (13 gold).
  2762 | D:4      | Bought a lumpy silvery potion for 13 gold pieces
  2762 | D:4      | 2762 ||| SHOPLISTING potion of might (60 gold, have 55).
  2762 | D:4      | 2762 ||| BUYING scroll labelled APOTIGIKLU BEPRER (15
                  | gold).
  2762 | D:4      | Bought a scroll labelled APOTIGIKLU BEPRER for 15 gold
                  | pieces
  2762 | D:4      | 2762 ||| BUYING scroll labelled CEMIURR ETWU (15 gold).
  2762 | D:4      | Bought a scroll labelled CEMIURR ETWU for 15 gold pieces
  2762 | D:4      | 2762 ||| SHOPLISTING scroll of enchant weapon (112 gold,
                  | have 25).
  2797 | D:4      | 2797 ||| Stepping ~*~*~tactically~*~*~ (stealth).
  2878 | D:4      | 2878 ||| Stepping ~*~*~tactically~*~*~ (stealth).
  2998 | D:4      | 2998 ||| Stepping ~*~*~tactically~*~*~ (hiding).
  3130 | D:4      | 3130 ||| DROPPING ring of wizardry.
  3131 | D:4      | 3131 ||| UPGRADING to ring of protection from cold.
  3132 | D:4      | 3132 ||| READING 2 scrolls labelled CEMIURR ETWU.
  3132 | D:4      | Identified 2 scrolls of acquirement
  3132 | D:4      | 3132 ||| ACQUIRING +1 pair of gloves of Leaves {rF- rCorr
                  | Str+4}
  3132 | D:4      | Acquired the +1 pair of gloves of Leaves {rF- rCorr Str+4}
  3133 | D:4      | 3133 ||| READING scroll of acquirement.
  3133 | D:4      | 3133 ||| ACQUIRING amulet "Huri" {Acrobat rElec rC- Regen+
                  | Int+5}
  3133 | D:4      | Acquired the amulet "Huri" {Acrobat rElec rC- Regen+ Int+5}
  3135 | D:4      | 3135 ||| UPGRADING to +1 pair of gloves of Leaves {rF-
                  | rCorr Str+4}.
  3145 | D:4      | 3145 ||| UPGRADING to amulet "Huri" {Acrobat rElec rC-
                  | Regen+ Int+5}.
  3155 | D:4      | 3155 ||| READING scroll labelled HOUTAUN KORUJ.
  3156 | D:4      | 3156 ||| READING scroll labelled XAMMOR DEGY.
  3157 | D:4      | 3157 ||| READING scroll labelled APOTIGIKLU BEPRER.
  3158 | D:4      | 3158 ||| DRINKING 2 ruby potions.
  3159 | D:4      | 3159 ||| DRINKING 2 lumpy silvery potions.
  3160 | D:4      | 3160 ||| DRINKING 2 pink potions.
  3180 | D:5      | Entered Level 5 of the Dungeon
  3274 | D:5      | Found a white marble altar of Elyvilon.
  3497 | D:5      | Reached skill level 7 in Axes
  3497 | D:5      | Reached XP level 8. HP: 42/48 MP: 8/8
  3656 | D:5      | Found a snail-covered altar of Cheibriados.
  3865 | D:5      | 3865 ||| Stepping ~*~*~tactically~*~*~ (stealth).
  3911 | D:5      | 3911 ||| UPGRADING to +0 chain mail.
  3921 | D:5      | 3921 ||| DROPPING +0 scale mail.
  3960 | D:6      | Found a glowing golden altar of the Shining One.
  4157 | D:6      | 4157 ||| FLEEEEING.
  4158 | D:6      | 4158 ||| Stepping ~*~*~tactically~*~*~ (stealth).
  4166 | D:6      | Reached skill level 8 in Axes
  4171 | D:6      | 4171 ||| READING scroll of enchant weapon.
  4171 | D:6      | 4171 ||| ENCHANTING +1 war axe.
  4174 | D:6      | 4174 ||| Stepping ~*~*~tactically~*~*~ (stealth).
  4180 | D:6      | 4180 ||| Stepping ~*~*~tactically~*~*~ (stealth).
  4264 | D:6      | Noticed Pikel
  4265 | D:6      | 4265 ||| Stepping ~*~*~tactically~*~*~ (stealth).
  4268 | D:6      | 4268 ||| Stepping ~*~*~tactically~*~*~ (stealth).
  4284 | D:6      | Killed Pikel
  4285 | D:6      | Reached XP level 9. HP: 43/57 MP: 9/9
  4403 | D:6      | Found a staircase to the Ecumenical Temple.
  4404 | D:6      | 4404 ||| PLANNING TEMPLE
  4404 | D:6      | 4404 ||| UPGRADING to +0 pair of boots.
  4409 | D:6      | 4409 ||| UPGRADING to +5 ring of evasion.
  4411 | D:6      | 4411 ||| UPGRADING to +6 ring of strength.
  4413 | D:6      | 4413 ||| READING scroll labelled REYSMU FUKHLUS.
  4414 | D:6      | 4414 ||| READING scroll labelled AROFUI NIFOSS.
  4515 | D:6      | 4515 ||| DRINKING 2 brown potions.
  4516 | D:6      | 4516 ||| READING 2 scrolls of identify.
  4516 | D:6      | 4516 ||| IDENTIFYING sedimented grey potion
  4524 | Temple   | Entered the Ecumenical Temple
  4527 | Temple   | 4527 ||| PLANNING OKAWARU WORSHIP
  4601 | Temple   | Became a worshipper of Warmaster Okawaru
  4601 | Temple   | 4601 ||| PLANNING D:1-11
  4602 | Temple   | 4602 ||| DROPPING amulet of guardian spirit.
  4629 | D:6      | 4629 ||| Stepping ~*~*~tactically~*~*~ (stealth).
  4643 | D:6      | 4643 ||| Stepping ~*~*~tactically~*~*~ (hiding).
  4983 | D:7      | 4983 ||| Stepping ~*~*~tactically~*~*~ (stealth).
  4984 | D:7      | 4984 ||| Stepping ~*~*~tactically~*~*~ (stealth).
  4994 | D:7      | Noticed a two-headed ogre
  5004 | D:7      | Killed a two-headed ogre
  5004 | D:7      | Reached * piety under Okawaru
  5005 | D:7      | Reached skill level 9 in Axes
  5057 | D:7      | Found a sacrificial altar of Ru.
  5098 | D:7      | Identified the +3 leather armour "Ophuch" {MP+9 Int+2}
  5178 | D:7      | Found a shadowy altar of Dithmenos.
  5270 | D:7      | 5270 ||| READING scroll of acquirement.
  5270 | D:7      | 5270 ||| ACQUIRING +0 chain mail of Sif Muna's Castigation
                  | {Slay+2 Stlth+}
  5270 | D:7      | Acquired the +0 chain mail of Sif Muna's Castigation
                  | {Slay+2 Stlth+}
  5272 | D:7      | 5272 ||| UPGRADING to +0 chain mail of Sif Muna's
                  | Castigation {Slay+2 Stlth+}.
  5282 | D:7      | 5282 ||| DROPPING +0 chain mail.
  5295 | D:7      | 5295 ||| READING scroll of acquirement.
  5295 | D:7      | 5295 ||| ACQUIRING +8 orange crystal plate armour
                  | {Archmagi, Int+3 Clar}
  5295 | D:7      | Acquired the +8 orange crystal plate armour {Archmagi,
                  | Int+3 Clar}
  5295 | D:7      | Found the +8 orange crystal plate armour {Archmagi, Int+3
                  | Clar}
  5297 | D:7      | 5297 ||| UPGRADING to +8 orange crystal plate armour
                  | {Archmagi, Int+3 Clar}.
  5307 | D:7      | 5307 ||| DROPPING +0 chain mail of Sif Muna's Castigation
                  | {Slay+2 Stlth+}.
  5456 | D:7      | 5456 ||| READING scroll of enchant armour.
  5456 | D:7      | 5456 ||| ENCHANTING +1 helmet.
  5506 | D:7      | Reached skill level 1 in Invocations
  5779 | D:7      | 5779 ||| READING 4 scrolls of identify.
  5779 | D:7      | 5779 ||| IDENTIFYING bubbling golden potion
  5780 | D:7      | 5780 ||| READING 3 scrolls of identify.
  5780 | D:7      | 5780 ||| IDENTIFYING blue potion
  5781 | D:7      | 5781 ||| READING 2 scrolls of identify.
  5781 | D:7      | 5781 ||| IDENTIFYING golden potion
  5782 | D:7      | 5782 ||| DROPPING potion of brilliance.
  5783 | D:7      | 5783 ||| DROPPING potion of flight.
  5784 | D:7      | 5784 ||| DROPPING potion of berserk rage.
  5807 | D:8      | Found a hazy altar of Hepliaklqana.
  5810 | D:8      | 5810 ||| INVOKING Heroism.
  5822 | D:8      | Noticed Maggie
  5831 | D:8      | Reached ** piety under Okawaru
  5832 | D:8      | Reached skill level 3 in Invocations
  5848 | D:8      | 5848 ||| INVOKING Heroism.
  5854 | D:8      | Killed Maggie
  5855 | D:8      | Reached XP level 10. HP: 49/63 MP: 10/13
  5960 | D:8      | Noticed a two-headed ogre
  5961 | D:8      | 5961 ||| INVOKING Heroism.
  5968 | D:8      | Killed a two-headed ogre
  5968 | D:8      | Reached *** piety under Okawaru
  6123 | D:8      | 6123 ||| Stepping ~*~*~tactically~*~*~ (hiding).
  6403 | D:8      | 6403 ||| Stepping ~*~*~tactically~*~*~ (stealth).
  6405 | D:8      | 6405 ||| Stepping ~*~*~tactically~*~*~ (stealth).
  6410 | D:8      | 6410 ||| DROPPING amulet of magic regeneration.
  6411 | D:8      | 6411 ||| READING scroll labelled ASAIBE OTEGABU.
  6414 | D:8      | 6414 ||| Stepping ~*~*~tactically~*~*~ (hiding).
  6431 | D:8      | Found a shimmering altar of Xom.
  6505 | D:8      | 6505 ||| Stepping ~*~*~tactically~*~*~ (hiding).
  6510 | D:8      | 6510 ||| INVOKING Heroism.
  6677 | D:8      | Noticed Grum
  6678 | D:8      | 6678 ||| Stepping ~*~*~tactically~*~*~ (hiding).
  6679 | D:8      | 6679 ||| Stepping ~*~*~tactically~*~*~ (hiding).
  6682 | D:8      | 6682 ||| INVOKING Heroism.
  6685 | D:8      | Noticed Maurice
  6695 | D:8      | Killed Grum
  6710 | D:8      | Killed Maurice
  6711 | D:8      | Reached skill level 10 in Axes
  6790 | D:8      | 6790 ||| UPGRADING to +0 cloak of willpower.
  6795 | D:8      | 6795 ||| DROPPING ring of willpower.
  6796 | D:8      | 6796 ||| READING scroll labelled TYGIYTWIRUU.
  6875 | D:9      | Reached **** piety under Okawaru
  6885 | D:9      | Identified the +1 trident of Lies {freeze, rCorr}
  6889 | D:9      | Noticed Gastronok
  6890 | D:9      | 6890 ||| INVOKING Heroism.
  6914 | D:9      | Killed Gastronok
  6914 | D:9      | Received a gift from Okawaru
  6915 | D:9      | Reached XP level 11. HP: 58/67 MP: 14/14
  6948 | D:9      | 6948 ||| DROPPING +0 flail.
  6961 | D:9      | 6961 ||| Stepping ~*~*~tactically~*~*~ (hiding).
  6966 | D:9      | 6966 ||| Stepping ~*~*~tactically~*~*~ (stealth).
  6970 | D:9      | 6970 ||| Stepping ~*~*~tactically~*~*~ (stealth).
  6972 | D:9      | 6972 ||| INVOKING Heroism.
  7008 | D:9      | 7008 ||| Stepping ~*~*~tactically~*~*~ (hiding).
  7009 | D:9      | 7009 ||| Stepping ~*~*~tactically~*~*~ (hiding).
  7075 | D:9      | Found an opulent altar of Gozag.
  7086 | D:9      | 7086 ||| INVOKING Heroism.
  7110 | D:9      | 7110 ||| Stepping ~*~*~tactically~*~*~ (stealth).
  7112 | D:9      | 7112 ||| Stepping ~*~*~tactically~*~*~ (stealth).
  7230 | D:9      | 7230 ||| Stepping ~*~*~tactically~*~*~ (stealth).
  7240 | D:9      | Reached ***** piety under Okawaru
  7260 | D:9      | Noticed Harold
  7261 | D:9      | 7261 ||| INVOKING Heroism.
  7283 | D:9      | Killed Harold
  7284 | D:9      | Reached skill level 6 in Invocations
  7347 | D:9      | Noticed a two-headed ogre
  7349 | D:9      | 7349 ||| INVOKING Heroism.
  7357 | D:9      | Killed a two-headed ogre
  7358 | D:9      | Reached skill level 3 in Throwing
  7440 | D:9      | Found an ancient bone altar of Kikubaaqudgha.
  7557 | D:9      | 7557 ||| UPGRADING to +0 kite shield.
  7567 | D:9      | 7567 ||| DROPPING +0 buckler.
  7568 | D:9      | 7568 ||| READING scroll labelled VAWAVA DUWICKAKH.
  7581 | D:9      | 7581 ||| READING 3 scrolls of identify.
  7581 | D:9      | 7581 ||| IDENTIFYING sedimented black potion
  7582 | D:9      | 7582 ||| READING 2 scrolls of identify.
  7582 | D:9      | 7582 ||| IDENTIFYING sedimented red potion
  7583 | D:9      | 7583 ||| DROPPING potion of ambrosia.
  7587 | D:10     | Entered Level 10 of the Dungeon
  7590 | D:10     | 7590 ||| Stepping ~*~*~tactically~*~*~ (stealth).
  7595 | D:10     | 7595 ||| Stepping ~*~*~tactically~*~*~ (stealth).
  7607 | D:10     | Noticed a two-headed ogre
  7608 | D:10     | 7608 ||| INVOKING Heroism.
  7609 | D:10     | Received a gift from Okawaru
  7610 | D:10     | Reached skill level 6 in Shields
  7616 | D:10     | Killed a two-headed ogre
  7632 | D:10     | Found a staircase to the Lair.
  7639 | D:10     | 7639 ||| Stepping ~*~*~tactically~*~*~ (hiding).
  7693 | D:10     | Found Oginash's Jewellery Shop.
  7735 | D:10     | 7735 ||| INVOKING Heroism.
  7792 | D:10     | 7792 ||| INVOKING Heroism.
  7841 | D:10     | Noticed a brown ugly thing
  7868 | D:10     | Killed a brown ugly thing
  7869 | D:10     | Reached XP level 12. HP: 63/73 MP: 18/18
  7945 | D:10     | Found a radiant altar of Vehumet.
  7956 | D:10     | Noticed Urug
  7957 | D:10     | 7957 ||| INVOKING Heroism.
  7958 | D:10     | 7958 ||| INVOKING Finesse.
  7960 | D:10     | 7960 ||| Stepping ~*~*~tactically~*~*~ (hiding).
  7970 | D:10     | Killed Urug
  7971 | D:10     | 7971 ||| Stepping ~*~*~tactically~*~*~ (stealth).
  7979 | D:10     | Reached skill level 9 in Invocations
  8064 | D:10     | Found a broken altar of Ashenzari.
  8296 | D:10     | Found a bloodstained altar of Trog.
  8300 | D:10     | Noticed a two-headed ogre
  8306 | D:10     | Noticed a two-headed ogre
  8315 | D:10     | Killed a two-headed ogre
  8319 | D:10     | Killed a two-headed ogre
  8320 | D:10     | Reached skill level 9 in Shields
  8390 | D:10     | 8390 ||| Stepping ~*~*~tactically~*~*~ (stealth).
  8391 | D:10     | 8391 ||| Stepping ~*~*~tactically~*~*~ (stealth).
  8396 | D:10     | Noticed Nergalle
  8397 | D:10     | 8397 ||| INVOKING Heroism.
  8399 | D:10     | Identified the +3 kite shield "Numik" {rF++ Str-3 Slay+6}
                  | (Okawaru gifted it to you on level 10 of the Dungeon)
  8399 | D:10     | Received a gift from Okawaru
  8408 | D:10     | Killed Nergalle
  8467 | D:10     | 8467 ||| DROPPING +5 flail.
  8471 | D:10     | Found a basalt altar of Yredelemnul.
  8503 | D:10     | 8503 ||| PLANNING LAIR
  8503 | D:10     | 8503 ||| UPGRADING to +3 kite shield "Numik" {rF++ Str-3
                  | Slay+6}.
  8513 | D:10     | 8513 ||| DROPPING +0 kite shield.
  8610 | Lair:1   | Entered Level 1 of the Lair of Beasts
  8646 | Lair:1   | 8646 ||| Stepping ~*~*~tactically~*~*~ (stealth).
  8756 | Lair:1   | Reached skill level 11 in Axes
  9178 | Lair:2   | 9178 ||| INVOKING Heroism.
  9209 | Lair:2   | 9209 ||| Stepping ~*~*~tactically~*~*~ (stealth).
  9210 | Lair:2   | 9210 ||| Stepping ~*~*~tactically~*~*~ (stealth).
  9250 | Lair:2   | 9250 ||| SWAPPING to +0 broad axe.
  9251 | Lair:2   | 9251 ||| DROPPING +2 war axe.
  9278 | Lair:2   | 9278 ||| INVOKING Heroism.
  9335 | Lair:2   | 9335 ||| INVOKING Heroism.
  9426 | Lair:2   | Reached skill level 9 in Fighting
  9483 | Lair:2   | Found a hole to the Spider Nest.
  9663 | Lair:2   | Noticed Amaemon
  9664 | Lair:2   | 9664 ||| Stepping ~*~*~tactically~*~*~ (hiding).
  9666 | Lair:2   | 9666 ||| INVOKING Heroism.
  9675 | Lair:2   | Killed Amaemon
  9684 | Lair:2   | 9684 ||| DROPPING +4 morningstar.
  9841 | Lair:2   | 9841 ||| READING 3 scrolls of identify.
  9841 | Lair:2   | 9841 ||| IDENTIFYING lumpy sapphire potion
  9877 | Lair:3   | You fall into a shaft and drop 2 floors!
  9877 | Lair:5   | Entered Level 5 of the Lair of Beasts
  9877 | Lair:5   | Noticed a death yak
  9877 | Lair:5   | Noticed a death yak
  9877 | Lair:5   | Noticed a death yak
  9877 | Lair:5   | Noticed a death yak
  9877 | Lair:5   | Noticed a death yak
  9878 | Lair:5   | 9878 ||| INVOKING Heroism.
  9878 | Lair:5   | Noticed a death yak
  9881 | Lair:5   | Noticed a skyshark
  9884 | Lair:5   | Killed a death yak
  9885 | Lair:5   | Reached XP level 13. HP: 64/80 MP: 18/20
  9897 | Lair:5   | 9897 ||| INVOKING Finesse.
  9900 | Lair:5   | Reached skill level 12 in Axes
  9900 | Lair:5   | Received a gift from Okawaru
  9967 | Lair:5   | 9967 ||| INVOKING Heroism.
  9992 | Lair:5   | 9992 ||| INVOKING Heroism.
 10014 | Lair:5   | Received a gift from Okawaru
 10043 | Lair:5   | Identified the +9 battleaxe "Enir" {freeze, Int+2 Dex+2}
 10044 | Lair:5   | 10044 ||| INVOKING Heroism.
 10095 | Lair:5   | 10095 ||| INVOKING Heroism.
 10100 | Lair:5   | 10100 ||| SWAPPING to -2 demon whip of venom.
 10115 | Lair:5   | 10115 ||| SWAPPING to +0 broad axe.
 10152 | Lair:5   | 10152 ||| Stepping ~*~*~tactically~*~*~ (stealth).
 10162 | Lair:5   | 10162 ||| Stepping ~*~*~tactically~*~*~ (stealth).
 10169 | Lair:5   | Reached skill level 12 in Armour
 10225 | Lair:5   | 10225 ||| INVOKING Heroism.
 10306 | Lair:5   | 10306 ||| Stepping ~*~*~tactically~*~*~ (stealth).
 10307 | Lair:5   | 10307 ||| Stepping ~*~*~tactically~*~*~ (stealth).
 10357 | Lair:4   | 10357 ||| INVOKING Heroism.
 10358 | Lair:4   | 10358 ||| INVOKING Finesse.
 10359 | Lair:4   | 10359 ||| INVOKING Finesse.
 10547 | Lair:3   | 10547 ||| INVOKING Heroism.
 10565 | Lair:3   | Reached skill level 13 in Axes
 10609 | Lair:3   | 10609 ||| Stepping ~*~*~tactically~*~*~ (stealth).
 10620 | Lair:3   | Gained mutation: Your large and strong wings let you fly.
                  | [Gargoyle growth]
 10620 | Lair:3   | Reached XP level 14. HP: 88/88 MP: 21/21
 10803 | Lair:3   | 10803 ||| Stepping ~*~*~tactically~*~*~ (stealth).
 10812 | Lair:3   | 10812 ||| Stepping ~*~*~tactically~*~*~ (stealth).
 10814 | Lair:3   | 10814 ||| Stepping ~*~*~tactically~*~*~ (stealth).
 10815 | Lair:3   | 10815 ||| Stepping ~*~*~tactically~*~*~ (stealth).
 10840 | Lair:3   | Received a gift from Okawaru
 10915 | Lair:3   | Found a radiant altar of Vehumet.
 11037 | Lair:3   | Found a staircase to the Shoals.
 11038 | Lair:3   | 11038 ||| Stepping ~*~*~tactically~*~*~ (hiding).
 11039 | Lair:3   | 11039 ||| Stepping ~*~*~tactically~*~*~ (hiding).
 11173 | Lair:3   | 11173 ||| Stepping ~*~*~tactically~*~*~ (stealth).
 11399 | Lair:3   | 11399 ||| DROPPING +1 hat.
 11496 | Lair:4   | Found a staircase to the Slime Pits.
 11498 | Lair:4   | Found a viscous altar of Jiyva.
 11669 | Lair:4   | 11669 ||| Stepping ~*~*~tactically~*~*~ (stealth).
 11730 | Lair:4   | 11730 ||| INVOKING Heroism.
 12108 | Lair:4   | 12108 ||| UPGRADING to amulet of regeneration.
 12175 | Lair:5   | 12175 ||| INVOKING Heroism.
 12200 | Lair:5   | 12200 ||| Stepping ~*~*~tactically~*~*~ (stealth).
 12202 | Lair:5   | 12202 ||| Stepping ~*~*~tactically~*~*~ (stealth).
 12220 | Lair:5   | 12220 ||| Stepping ~*~*~tactically~*~*~ (stealth).
 12228 | Lair:5   | 12228 ||| Stepping ~*~*~tactically~*~*~ (stealth).
 12302 | Lair:5   | Reached skill level 14 in Axes
 12358 | Lair:5   | 12358 ||| Stepping ~*~*~tactically~*~*~ (stealth).
 12378 | Lair:5   | Received a gift from Okawaru
 12579 | Lair:5   | 12579 ||| INVOKING Heroism.
 12825 | Lair:5   | 12825 ||| PLANNING D:1-11
 12825 | Lair:5   | 12825 ||| UPGRADING to +2 helmet of see invisible.
 12835 | Lair:5   | 12835 ||| DROPPING +2 helmet.
 13050 | D:11     | 13050 ||| Stepping ~*~*~tactically~*~*~ (stealth).
 13054 | D:11     | 13054 ||| INVOKING Heroism.
 13055 | D:11     | 13055 ||| INVOKING Finesse.
 13068 | D:11     | 13068 ||| Stepping ~*~*~tactically~*~*~ (hiding).
 13069 | D:11     | 13069 ||| Stepping ~*~*~tactically~*~*~ (hiding).
 13102 | D:11     | 13102 ||| Stepping ~*~*~tactically~*~*~ (stealth).
 13111 | D:11     | 13111 ||| INVOKING Finesse.
 13116 | D:11     | 13116 ||| INVOKING Heroism.
 13157 | D:11     | 13157 ||| Stepping ~*~*~tactically~*~*~ (stealth).
 13216 | D:11     | 13216 ||| FLEEEEING.
 13261 | D:11     | Noticed Fannar
 13275 | D:11     | Killed Fannar
 13562 | D:11     | 13562 ||| INVOKING Heroism.
 13764 | D:11     | Identified the +7 hand axe of Profit {heavy, *Slow rPois
                  | rF+ rN+ Dex-3}
 13837 | D:11     | 13837 ||| PLANNING D
 14191 | D:12     | 14191 ||| INVOKING Heroism.
 14192 | D:12     | 14192 ||| INVOKING Finesse.
 14304 | D:12     | Reached skill level 12 in Shields
 14334 | D:12     | 14334 ||| Stepping ~*~*~tactically~*~*~ (hiding).
 14587 | D:12     | Found a staircase to the Orcish Mines.
 14589 | D:12     | 14589 ||| Stepping ~*~*~tactically~*~*~ (stealth).
 14591 | D:12     | 14591 ||| Stepping ~*~*~tactically~*~*~ (hiding).
 14821 | D:13     | 14821 ||| Stepping ~*~*~tactically~*~*~ (stealth).
 14948 | D:13     | 14948 ||| READING scroll of enchant armour.
 14948 | D:13     | 14948 ||| ENCHANTING +0 pair of boots.
 15063 | D:13     | 15063 ||| FLEEEEING.
 15064 | D:13     | 15064 ||| FLEEEEING.
 15071 | D:13     | 15071 ||| FLEEEEING.
 15072 | D:13     | 15072 ||| FLEEEEING.
 15085 | D:13     | 15085 ||| INVOKING Heroism.
 15089 | D:13     | 15089 ||| Stepping ~*~*~tactically~*~*~ (stealth).
 15129 | D:13     | 15129 ||| FLEEEEING.
 15130 | D:13     | 15130 ||| FLEEEEING.
 15131 | D:13     | 15131 ||| FLEEEEING.
 15132 | D:13     | 15132 ||| FLEEEEING.
 15133 | D:13     | 15133 ||| FLEEEEING.
 15134 | D:13     | 15134 ||| FLEEEEING.
 15135 | D:13     | 15135 ||| FLEEEEING.
 15141 | D:13     | 15141 ||| FLEEEEING.
 15142 | D:13     | 15142 ||| FLEEEEING.
 15143 | D:13     | 15143 ||| FLEEEEING.
 15144 | D:13     | 15144 ||| FLEEEEING.
 15158 | D:13     | 15158 ||| Stepping ~*~*~tactically~*~*~ (hiding).
 15213 | D:13     | HP: 20/90 [??? (4)]
 15218 | D:13     | HP: 21/90 [??? (5)]
 15220 | D:13     | 15220 ||| FLEEEEING.
 15221 | D:13     | 15221 ||| FLEEEEING.
 15222 | D:13     | 15222 ||| FLEEEEING.
 15223 | D:13     | 15223 ||| FLEEEEING.
 15224 | D:13     | 15224 ||| FLEEEEING.
 15225 | D:13     | 15225 ||| FLEEEEING.
 15226 | D:13     | 15226 ||| FLEEEEING.
 15227 | D:13     | 15227 ||| FLEEEEING.
 15228 | D:13     | 15228 ||| FLEEEEING.
 15229 | D:13     | 15229 ||| FLEEEEING.
 15230 | D:13     | 15230 ||| FLEEEEING.
 15231 | D:13     | 15231 ||| FLEEEEING.
 15233 | D:13     | 15233 ||| FLEEEEING.
 15234 | D:13     | 15234 ||| FLEEEEING.
 15237 | D:13     | 15237 ||| FLEEEEING.
 15238 | D:13     | 15238 ||| FLEEEEING.
 15239 | D:13     | 15239 ||| FLEEEEING.
 15240 | D:13     | 15240 ||| FLEEEEING.
 15241 | D:13     | 15241 ||| FLEEEEING.
 15242 | D:13     | 15242 ||| FLEEEEING.
 15243 | D:13     | 15243 ||| FLEEEEING.
 15244 | D:13     | 15244 ||| FLEEEEING.
 15245 | D:13     | 15245 ||| FLEEEEING.
 15246 | D:13     | 15246 ||| FLEEEEING.
 15247 | D:13     | 15247 ||| FLEEEEING.
 15248 | D:13     | 15248 ||| FLEEEEING.
 15249 | D:13     | 15249 ||| FLEEEEING.
 15250 | D:13     | 15250 ||| FLEEEEING.
 15252 | D:13     | 15252 ||| FLEEEEING.
 15253 | D:13     | 15253 ||| FLEEEEING.
 15256 | D:13     | 15256 ||| FLEEEEING.
 15257 | D:13     | 15257 ||| FLEEEEING.
 15258 | D:13     | 15258 ||| FLEEEEING.
 15259 | D:13     | 15259 ||| FLEEEEING.
 15260 | D:13     | 15260 ||| FLEEEEING.
 15261 | D:13     | 15261 ||| FLEEEEING.
 15262 | D:13     | 15262 ||| FLEEEEING.
 15263 | D:13     | 15263 ||| FLEEEEING.
 15264 | D:13     | 15264 ||| FLEEEEING.
 15265 | D:13     | 15265 ||| FLEEEEING.
 15266 | D:13     | 15266 ||| FLEEEEING.
 15267 | D:13     | 15267 ||| FLEEEEING.
 15268 | D:13     | 15268 ||| FLEEEEING.
 15270 | D:13     | 15270 ||| FLEEEEING.
 15271 | D:13     | 15271 ||| FLEEEEING.
 15272 | D:13     | 15272 ||| FLEEEEING.
 15274 | D:13     | 15274 ||| FLEEEEING.
 15275 | D:13     | 15275 ||| FLEEEEING.
 15341 | D:13     | Reached XP level 15. HP: 94/94 MP: 22/22
 15421 | D:13     | 15421 ||| READING scroll of brand weapon.
 15421 | D:13     | 15421 ||| BRANDING +0 broad axe.
 15441 | D:13     | Found a gate to the Vaults.
 15483 | D:13     | 15483 ||| FLEEEEING.
 15517 | D:13     | 15517 ||| Stepping ~*~*~tactically~*~*~ (hiding).
 15518 | D:13     | 15518 ||| Stepping ~*~*~tactically~*~*~ (hiding).
 15520 | D:13     | 15520 ||| Stepping ~*~*~tactically~*~*~ (hiding).
 15521 | D:13     | 15521 ||| Stepping ~*~*~tactically~*~*~ (hiding).
 15522 | D:13     | 15522 ||| Stepping ~*~*~tactically~*~*~ (hiding).
 15523 | D:13     | 15523 ||| Stepping ~*~*~tactically~*~*~ (hiding).
 15595 | D:13     | Reached skill level 15 in Axes
 15609 | D:13     | 15609 ||| INVOKING Heroism.
 15614 | D:13     | 15614 ||| Stepping ~*~*~tactically~*~*~ (stealth).
 15626 | D:13     | 15626 ||| Stepping ~*~*~tactically~*~*~ (hiding).
 15655 | D:13     | 15655 ||| Stepping ~*~*~tactically~*~*~ (hiding).
 15663 | D:13     | 15663 ||| Stepping ~*~*~tactically~*~*~ (stealth).
 15698 | D:13     | 15698 ||| Stepping ~*~*~tactically~*~*~ (stealth).
 15700 | D:13     | 15700 ||| INVOKING Heroism.
 15749 | D:13     | 15749 ||| FLEEEEING.
 15750 | D:13     | HP: 23/94 [??? (5)]
 15859 | D:13     | HP: 23/94 [??? (6)]
 15868 | D:13     | HP: 20/94 [??? (5)]
 15878 | D:13     | HP: 22/94 [??? (5)]
 15883 | D:13     | HP: 23/94 [??? (5)]
 15888 | D:13     | HP: 20/94 [??? (4)]
 15896 | D:13     | HP: 20/94 [??? (5)]
 15902 | D:13     | HP: 22/94 [??? (5)]
 15907 | D:13     | HP: 20/94 [??? (4)]
 15913 | D:13     | HP: 22/94 [??? (5)]
 15923 | D:13     | HP: 20/94 [??? (5)]
 15928 | D:13     | HP: 15/94 [??? (3)]
 15936 | D:13     | HP: 15/94 [??? (3)]
 15944 | D:13     | HP: 13/94 [??? (3)]
 15949 | D:13     | HP: 16/94 [??? (3)]
 15955 | D:13     | HP: 15/94 [??? (3)]
 15961 | D:13     | HP: 15/94 [??? (3)]
 15968 | D:13     | HP: 16/94 [??? (4)]
 15974 | D:13     | HP: 14/94 [??? (3)]
 15982 | D:13     | HP: 13/94 [??? (3)]
 15988 | D:13     | HP: 16/94 [??? (4)]
 15994 | D:13     | HP: 16/94 [??? (4)]
 16000 | D:13     | HP: 15/94 [??? (3)]
 16010 | D:13     | HP: 19/94 [??? (4)]
 16016 | D:13     | HP: 15/94 [??? (3)]
 16025 | D:13     | HP: 16/94 [??? (3)]
 16031 | D:13     | HP: 14/94 [??? (3)]
 16039 | D:13     | HP: 14/94 [??? (3)]
 16047 | D:13     | HP: 20/94 [??? (4)]
 16054 | D:13     | HP: 20/94 [??? (4)]
 16061 | D:13     | HP: 20/94 [??? (4)]
 16066 | D:13     | HP: 18/94 [??? (4)]
 16071 | D:13     | HP: 11/94 [??? (2)]
 16081 | D:13     | HP: 16/94 [??? (4)]
 16087 | D:13     | HP: 11/94 [??? (2)]
 16094 | D:13     | HP: 13/94 [??? (2)]
 16103 | D:13     | HP: 14/94 [??? (3)]
 16109 | D:13     | HP: 11/94 [??? (2)]
 16115 | D:13     | HP: 13/94 [??? (2)]
 16126 | D:13     | HP: 21/94 [??? (5)]
 16134 | D:13     | HP: 18/94 [??? (4)]
 16145 | D:13     | HP: 17/94 [??? (4)]
 16152 | D:13     | HP: 20/94 [??? (5)]
 16159 | D:13     | HP: 20/94 [??? (4)]
 16164 | D:13     | HP: 21/94 [??? (5)]
 16171 | D:13     | HP: 16/94 [??? (3)]
 16181 | D:13     | HP: 18/94 [??? (4)]
 16208 | D:13     | HP: 21/94 [??? (5)]
 16213 | D:13     | HP: 19/94 [??? (4)]
 16221 | D:13     | HP: 15/94 [??? (3)]
 16229 | D:13     | HP: 20/94 [??? (4)]
 16237 | D:13     | HP: 20/94 [??? (5)]
 16242 | D:13     | HP: 18/94 [??? (4)]
 16252 | D:13     | HP: 21/94 [??? (5)]
 16259 | D:13     | HP: 16/94 [??? (4)]
 16264 | D:13     | HP: 15/94 [??? (3)]
 16269 | D:13     | HP: 11/94 [??? (2)]
 16274 | D:13     | HP: 13/94 [??? (2)]
 16279 | D:13     | HP: 13/94 [??? (3)]
 16284 | D:13     | HP: 14/94 [??? (3)]
 16291 | D:13     | HP: 11/94 [??? (2)]
 16296 | D:13     | HP: 10/94 [??? (2)]
 16303 | D:13     | HP: 15/94 [??? (3)]
 16314 | D:13     | HP: 20/94 [??? (5)]
 16320 | D:13     | HP: 19/94 [??? (4)]
 16334 | D:13     | HP: 23/94 [??? (5)]
 16341 | D:13     | HP: 19/94 [??? (4)]
 16351 | D:13     | HP: 19/94 [??? (4)]
 16357 | D:13     | HP: 13/94 [??? (2)]
 16362 | D:13     | HP: 14/94 [??? (3)]
 16367 | D:13     | HP: 15/94 [??? (3)]
 16373 | D:13     | HP: 14/94 [??? (3)]
 16379 | D:13     | HP: 15/94 [??? (3)]
 16384 | D:13     | HP: 13/94 [??? (2)]
 16389 | D:13     | 16389 ||| FLEEEEING.
 16390 | D:13     | 16390 ||| FLEEEEING.
 16392 | D:13     | 16392 ||| FLEEEEING.
 16402 | D:13     | 16402 ||| STAIRDANCE
 16457 | D:12     | 16457 ||| DROPPING +2 helmet.
 16533 | D:13     | 16533 ||| INVOKING Heroism.
 16577 | D:13     | HP: 20/94 [??? (5)]
 16585 | D:13     | HP: 20/94 [??? (5)]
 16590 | D:13     | HP: 21/94 [??? (5)]
 16598 | D:13     | HP: 21/94 [??? (5)]
 16604 | D:13     | HP: 16/94 [??? (4)]
 16613 | D:13     | HP: 17/94 [??? (4)]
 16618 | D:13     | HP: 13/94 [??? (2)]
 16626 | D:13     | HP: 15/94 [??? (3)]
 16632 | D:13     | HP: 13/94 [??? (3)]
 16643 | D:13     | HP: 15/94 [??? (3)]
 16653 | D:13     | HP: 21/94 [??? (5)]
 16660 | D:13     | HP: 23/94 [??? (6)]
 16665 | D:13     | HP: 23/94 [??? (6)]
 16671 | D:13     | HP: 18/94 [??? (4)]
 16678 | D:13     | HP: 19/94 [??? (4)]
 16684 | D:13     | HP: 18/94 [??? (4)]
 16689 | D:13     | HP: 12/94 [??? (2)]
 16698 | D:13     | HP: 16/94 [??? (3)]
 16703 | D:13     | HP: 15/94 [??? (3)]
 16709 | D:13     | HP: 16/94 [??? (4)]
 16714 | D:13     | HP: 17/94 [??? (4)]
 16721 | D:13     | HP: 20/94 [??? (5)]
 16727 | D:13     | HP: 14/94 [??? (3)]
 16733 | D:13     | HP: 16/94 [??? (3)]
 16738 | D:13     | HP: 15/94 [??? (3)]
 16745 | D:13     | HP: 16/94 [??? (4)]
 16751 | D:13     | HP: 14/94 [??? (3)]
 16764 | D:13     | HP: 23/94 [??? (6)]
 16769 | D:13     | HP: 14/94 [??? (3)]
 16775 | D:13     | HP: 10/94 [??? (1)]
 16782 | D:13     | HP: 15/94 [??? (3)]
 16787 | D:13     | HP: 14/94 [??? (3)]
 16794 | D:13     | HP: 18/94 [??? (4)]
 16803 | D:13     | HP: 23/94 [??? (6)]
 16808 | D:13     | HP: 14/94 [??? (3)]
 16815 | D:13     | HP: 16/94 [??? (3)]
 16827 | D:13     | HP: 19/94 [??? (4)]
 16832 | D:13     | HP: 17/94 [??? (4)]
 16837 | D:13     | HP: 13/94 [??? (3)]
 16847 | D:13     | HP: 16/94 [??? (4)]
 16855 | D:13     | HP: 18/94 [??? (4)]
 16860 | D:13     | HP: 13/94 [??? (2)]
 16865 | D:13     | HP: 10/94 [??? (1)]
 16874 | D:13     | HP: 15/94 [??? (3)]
 16879 | D:13     | HP: 12/94 [??? (2)]
 16884 | D:13     | HP: 13/94 [??? (3)]
 16891 | D:13     | HP: 14/94 [??? (3)]
 16896 | D:13     | HP: 13/94 [??? (2)]
 16903 | D:13     | HP: 15/94 [??? (3)]
 16911 | D:13     | HP: 20/94 [??? (4)]
 16920 | D:13     | HP: 19/94 [??? (4)]
 16926 | D:13     | HP: 18/94 [??? (4)]
 16932 | D:13     | HP: 17/94 [??? (4)]
 16938 | D:13     | HP: 15/94 [??? (3)]
 16944 | D:13     | HP: 15/94 [??? (3)]
 16952 | D:13     | HP: 17/94 [??? (4)]
 16958 | D:13     | HP: 10/94 [??? (2)]
 16964 | D:13     | HP: 13/94 [??? (2)]
 16974 | D:13     | HP: 20/94 [??? (4)]
 16980 | D:13     | HP: 14/94 [??? (3)]
 16991 | D:13     | HP: 20/94 [??? (5)]
 16997 | D:13     | HP: 19/94 [??? (4)]
 17003 | D:13     | HP: 18/94 [??? (4)]
 17016 | D:13     | HP: 20/94 [??? (5)]
 17024 | D:13     | HP: 20/94 [??? (5)]
 17031 | D:13     | HP: 16/94 [??? (4)]
 17041 | D:13     | HP: 16/94 [??? (4)]
 17050 | D:13     | HP: 14/94 [??? (3)]
 17058 | D:13     | HP: 16/94 [??? (4)]
 17064 | D:13     | HP: 14/94 [??? (3)]
 17071 | D:13     | HP: 14/94 [??? (3)]
 17076 | D:13     | HP: 16/94 [??? (4)]
 17083 | D:13     | HP: 17/94 [??? (4)]
 17088 | D:13     | HP: 11/94 [??? (2)]
 17093 | D:13     | HP: 10/94 [??? (2)]
 17100 | D:13     | HP: 10/94 [??? (2)]
 17105 | D:13     | HP: 12/94 [??? (2)]
 17111 | D:13     | HP: 13/94 [??? (3)]
 17116 | D:13     | HP: 11/94 [??? (2)]
 17125 | D:13     | HP: 14/94 [??? (3)]
 17132 | D:13     | HP: 16/94 [??? (3)]
 17144 | D:13     | HP: 22/94 [??? (5)]
 17149 | D:13     | HP: 16/94 [??? (4)]
 17155 | D:13     | HP: 16/94 [??? (3)]
 17163 | D:13     | HP: 14/94 [??? (3)]
 17174 | D:13     | HP: 19/94 [??? (4)]
 17181 | D:13     | HP: 14/94 [??? (3)]
 17189 | D:13     | HP: 14/94 [??? (3)]
 17199 | D:13     | HP: 15/94 [??? (3)]
 17207 | D:13     | HP: 20/94 [??? (4)]
 17213 | D:13     | HP: 16/94 [??? (4)]
 17219 | D:13     | HP: 14/94 [??? (3)]
 17225 | D:13     | HP: 15/94 [??? (3)]
 17231 | D:13     | HP: 14/94 [??? (3)]
 17237 | D:13     | HP: 13/94 [??? (2)]
 17243 | D:13     | HP: 15/94 [??? (3)]
 17251 | D:13     | HP: 17/94 [??? (4)]
 17259 | D:13     | HP: 18/94 [??? (4)]
 17266 | D:13     | HP: 19/94 [??? (4)]
 17274 | D:13     | HP: 23/94 [??? (5)]
 17279 | D:13     | HP: 23/94 [??? (6)]
 17284 | D:13     | HP: 20/94 [??? (4)]
 17293 | D:13     | HP: 21/94 [??? (5)]
 17300 | D:13     | HP: 15/94 [??? (3)]
 17308 | D:13     | HP: 20/94 [??? (4)]
 17314 | D:13     | HP: 16/94 [??? (4)]
 17323 | D:13     | HP: 19/94 [??? (4)]
 17330 | D:13     | HP: 19/94 [??? (4)]
 17335 | D:13     | HP: 14/94 [??? (3)]
 17341 | D:13     | HP: 15/94 [??? (3)]
 17346 | D:13     | HP: 13/94 [??? (3)]
 17351 | D:13     | HP: 12/94 [??? (2)]
 17358 | D:13     | HP: 13/94 [??? (3)]
 17365 | D:13     | HP: 17/94 [??? (4)]
 17370 | D:13     | HP: 12/94 [??? (2)]
 17378 | D:13     | HP: 16/94 [??? (3)]
 17384 | D:13     | HP: 19/94 [??? (4)]
 17396 | D:13     | HP: 23/94 [??? (6)]
 17418 | D:13     | HP: 22/94 [??? (5)]
 17424 | D:13     | HP: 14/94 [??? (3)]
 17431 | D:13     | HP: 11/94 [??? (2)]
 17436 | D:13     | HP: 10/94 [??? (2)]
 17446 | D:13     | HP: 16/94 [??? (3)]
 17463 | D:13     | HP: 22/94 [??? (5)]
 17468 | D:13     | HP: 22/94 [??? (5)]
 17479 | D:13     | HP: 20/94 [??? (4)]
 17484 | D:13     | HP: 13/94 [??? (3)]
 17493 | D:13     | HP: 19/94 [??? (4)]
 17502 | D:13     | HP: 19/94 [??? (4)]
 17509 | D:13     | HP: 16/94 [??? (4)]
 17516 | D:13     | HP: 20/94 [??? (4)]
 17522 | D:13     | HP: 19/94 [??? (4)]
 17527 | D:13     | HP: 14/94 [??? (3)]
 17532 | D:13     | HP: 14/94 [??? (3)]
 17538 | D:13     | HP: 14/94 [??? (3)]
 17543 | D:13     | HP: 13/94 [??? (3)]
 17558 | D:13     | HP: 22/94 [??? (5)]
 17563 | D:13     | HP: 20/94 [??? (4)]
 17573 | D:13     | HP: 22/94 [??? (5)]
 17578 | D:13     | HP: 19/94 [??? (4)]
 17583 | D:13     | HP: 13/94 [??? (2)]
 17588 | D:13     | HP: 12/94 [??? (2)]
 17595 | D:13     | HP: 16/94 [??? (4)]
 17600 | D:13     | HP: 15/94 [??? (3)]
 17605 | D:13     | HP: 15/94 [??? (3)]
 17613 | D:13     | HP: 20/94 [??? (4)]
 17620 | D:13     | HP: 13/94 [??? (2)]
 17625 | D:13     | HP: 13/94 [??? (2)]
 17631 | D:13     | HP: 10/94 [??? (2)]
 17640 | D:13     | HP: 14/94 [??? (3)]
 17645 | D:13     | HP: 12/94 [??? (2)]
 17652 | D:13     | HP: 12/94 [??? (2)]
 17661 | D:13     | HP: 14/94 [??? (3)]
 17668 | D:13     | HP: 16/94 [??? (3)]
 17673 | D:13     | HP: 12/94 [??? (2)]
 17678 | D:13     | HP: 12/94 [??? (2)]
 17683 | D:13     | HP: 13/94 [??? (3)]
 17692 | D:13     | HP: 17/94 [??? (4)]
 17697 | D:13     | HP: 10/94 [??? (2)]
 17704 | D:13     | HP: 15/94 [??? (3)]
 17711 | D:13     | HP: 13/94 [??? (2)]
 17716 | D:13     | HP: 13/94 [??? (2)]
 17723 | D:13     | HP: 16/94 [??? (3)]
 17728 | D:13     | HP: 13/94 [??? (3)]
 17734 | D:13     | HP: 10/94 [??? (2)]
 17739 | D:13     | HP: 10/94 [??? (2)]
 17744 | D:13     | HP: 10/94 [??? (2)]
 17749 | D:13     | HP: 13/94 [??? (3)]
 17760 | D:13     | HP: 19/94 [??? (4)]
 17771 | D:13     | HP: 23/94 [??? (5)]
 17776 | D:13     | HP: 17/94 [??? (4)]
 17783 | D:13     | HP: 17/94 [??? (4)]
 17788 | D:13     | HP: 13/94 [??? (3)]
 17794 | D:13     | HP: 13/94 [??? (3)]
 17803 | D:13     | HP: 17/94 [??? (4)]
 17808 | D:13     | HP: 13/94 [??? (3)]
 17813 | D:13     | HP: 16/94 [??? (3)]
 17819 | D:13     | HP: 16/94 [??? (4)]
 17826 | D:13     | HP: 13/94 [??? (3)]
 17833 | D:13     | HP: 16/94 [??? (3)]
 17839 | D:13     | HP: 16/94 [??? (3)]
 17853 | D:13     | HP: 19/94 [??? (4)]
 17860 | D:13     | HP: 19/94 [??? (4)]
 17865 | D:13     | HP: 15/94 [??? (3)]
 17872 | D:13     | HP: 13/94 [??? (2)]
 17877 | D:13     | HP: 14/94 [??? (3)]
 17887 | D:13     | HP: 18/94 [??? (4)]
 17893 | D:13     | HP: 13/94 [??? (3)]
 17899 | D:13     | HP: 13/94 [??? (2)]
 17907 | D:13     | HP: 18/94 [??? (4)]
 17913 | D:13     | HP: 20/94 [??? (5)]
 17919 | D:13     | HP: 19/94 [??? (4)]
 17925 | D:13     | HP: 21/94 [??? (5)]
 17931 | D:13     | HP: 23/94 [??? (5)]
 17938 | D:13     | HP: 19/94 [??? (4)]
 17943 | D:13     | HP: 11/94 [??? (2)]
 17950 | D:13     | HP: 11/94 [??? (2)]
 17962 | D:13     | HP: 19/94 [??? (4)]
 17967 | D:13     | HP: 16/94 [??? (4)]
 17976 | D:13     | HP: 20/94 [??? (4)]
 17981 | D:13     | HP: 14/94 [??? (3)]
 17986 | D:13     | HP: 13/94 [??? (2)]
 17993 | D:13     | HP: 13/94 [??? (3)]
 18000 | D:13     | HP: 17/94 [??? (4)]
 18005 | D:13     | HP: 12/94 [??? (2)]
 18012 | D:13     | HP: 13/94 [??? (3)]
 18018 | D:13     | HP: 14/94 [??? (3)]
 18027 | D:13     | HP: 13/94 [??? (3)]
 18035 | D:13     | HP: 14/94 [??? (3)]
 18040 | D:13     | HP: 10/94 [??? (1)]
 18048 | D:13     | HP: 13/94 [??? (3)]
 18059 | D:13     | HP: 15/94 [??? (3)]
 18067 | D:13     | HP: 16/94 [??? (3)]
 18074 | D:13     | HP: 20/94 [??? (4)]
 18081 | D:13     | HP: 15/94 [??? (3)]
 18090 | D:13     | HP: 19/94 [??? (4)]
 18096 | D:13     | HP: 13/94 [??? (3)]
 18102 | D:13     | HP: 15/94 [??? (3)]
 18107 | D:13     | HP: 12/94 [??? (2)]
 18115 | D:13     | HP: 14/94 [??? (3)]
 18138 | D:13     | HP: 21/94 [??? (5)]
 18143 | D:13     | HP: 19/94 [??? (4)]
 18148 | D:13     | HP: 15/94 [??? (3)]
 18154 | D:13     | HP: 16/94 [??? (3)]
 18159 | D:13     | HP: 10/94 [??? (2)]
 18165 | D:13     | HP: 14/94 [??? (3)]
 18170 | D:13     | HP: 15/94 [??? (3)]
 18175 | D:13     | HP: 14/94 [??? (3)]
 18181 | D:13     | HP: 12/94 [??? (2)]
 18191 | D:13     | HP: 16/94 [??? (4)]
 18196 | D:13     | HP: 16/94 [??? (3)]
 18203 | D:13     | HP: 17/94 [??? (4)]
 18219 | D:13     | HP: 21/94 [??? (5)]
 18224 | D:13     | HP: 16/94 [??? (3)]
 18231 | D:13     | HP: 15/94 [??? (3)]
 18240 | D:13     | HP: 16/94 [??? (4)]
 18249 | D:13     | HP: 22/94 [??? (5)]
 18256 | D:13     | HP: 21/94 [??? (5)]
 18263 | D:13     | HP: 23/94 [??? (6)]
 18269 | D:13     | HP: 18/94 [??? (4)]
 18274 | D:13     | HP: 12/94 [??? (2)]
 18279 | D:13     | HP: 10/94 [??? (2)]
 18284 | D:13     | HP: 13/94 [??? (3)]
 18289 | D:13     | HP: 13/94 [??? (2)]
 18294 | D:13     | HP: 13/94 [??? (2)]
 18299 | D:13     | HP: 12/94 [??? (2)]
 18304 | D:13     | HP: 15/94 [??? (3)]
 18309 | D:13     | HP: 17/94 [??? (4)]
 18315 | D:13     | HP: 14/94 [??? (3)]
 18321 | D:13     | HP: 13/94 [??? (2)]
 18326 | D:13     | HP: 10/94 [??? (1)]
 18332 | D:13     | HP: 10/94 [??? (2)]
 18337 | D:13     | HP: 12/94 [??? (2)]
 18342 | D:13     | HP: 10/94 [??? (2)]
 18348 | D:13     | HP: 10/94 [??? (1)]
 18353 | D:13     | HP: 10/94 [??? (2)]
 18360 | D:13     | HP: 13/94 [??? (3)]
 18366 | D:13     | HP: 13/94 [??? (3)]
 18371 | D:13     | HP: 10/94 [??? (1)]
 18379 | D:13     | HP: 16/94 [??? (3)]
 18384 | D:13     | HP: 15/94 [??? (3)]
 18389 | D:13     | HP: 17/94 [??? (4)]
 18399 | D:13     | HP: 16/94 [??? (3)]
 18406 | D:13     | HP: 20/94 [??? (4)]
 18411 | D:13     | HP: 21/94 [??? (5)]
 18416 | D:13     | HP: 14/94 [??? (3)]
 18423 | D:13     | HP: 16/94 [??? (4)]
 18428 | D:13     | HP: 15/94 [??? (3)]
 18437 | D:13     | HP: 19/94 [??? (4)]
 18444 | D:13     | HP: 19/94 [??? (4)]
 18450 | D:13     | HP: 13/94 [??? (3)]
 18456 | D:13     | HP: 13/94 [??? (2)]
 18461 | D:13     | HP: 12/94 [??? (2)]
 18469 | D:13     | HP: 13/94 [??? (3)]
 18476 | D:13     | HP: 16/94 [??? (3)]
 18486 | D:13     | HP: 20/94 [??? (4)]
 18499 | D:13     | HP: 20/94 [??? (4)]
 18504 | D:13     | HP: 17/94 [??? (4)]
 18513 | D:13     | HP: 16/94 [??? (3)]
 18524 | D:13     | HP: 19/94 [??? (4)]
 18529 | D:13     | HP: 15/94 [??? (3)]
 18534 | D:13     | HP: 13/94 [??? (2)]
 18541 | D:13     | HP: 13/94 [??? (2)]
 18547 | D:13     | HP: 11/94 [??? (2)]
 18554 | D:13     | HP: 12/94 [??? (2)]
 18562 | D:13     | HP: 13/94 [??? (3)]
 18568 | D:13     | HP: 13/94 [??? (2)]
 18573 | D:13     | HP: 14/94 [??? (3)]
 18580 | D:13     | HP: 14/94 [??? (3)]
 18585 | D:13     | HP: 11/94 [??? (2)]
 18591 | D:13     | HP: 13/94 [??? (2)]
 18598 | D:13     | HP: 16/94 [??? (3)]
 18604 | D:13     | HP: 16/94 [??? (4)]
 18611 | D:13     | HP: 20/94 [??? (4)]
 18618 | D:13     | HP: 23/94 [??? (5)]
 18626 | D:13     | HP: 22/94 [??? (5)]
 18638 | D:13     | HP: 20/94 [??? (5)]
 18644 | D:13     | HP: 13/94 [??? (2)]
 18649 | D:13     | HP: 12/94 [??? (2)]
 18654 | D:13     | HP: 10/94 [??? (2)]
 18660 | D:13     | HP: 13/94 [??? (2)]
 18668 | D:13     | HP: 15/94 [??? (3)]
 18674 | D:13     | HP: 12/94 [??? (2)]
 18679 | D:13     | HP: 10/94 [??? (2)]
 18685 | D:13     | HP: 10/94 [??? (2)]
 18696 | D:13     | HP: 17/94 [??? (4)]
 18701 | D:13     | HP: 11/94 [??? (2)]
 18709 | D:13     | HP: 17/94 [??? (4)]
 18717 | D:13     | HP: 21/94 [??? (5)]
 18723 | D:13     | HP: 20/94 [??? (4)]
 18729 | D:13     | HP: 16/94 [??? (4)]
 18737 | D:13     | HP: 16/94 [??? (4)]
 18746 | D:13     | HP: 18/94 [??? (4)]
 18752 | D:13     | HP: 17/94 [??? (4)]
 18758 | D:13     | HP: 20/94 [??? (4)]
 18774 | D:13     | HP: 23/94 [??? (5)]
 18779 | D:13     | HP: 23/94 [??? (6)]
 18787 | D:13     | HP: 21/94 [??? (5)]
 18792 | D:13     | HP: 18/94 [??? (4)]
 18799 | D:13     | HP: 15/94 [??? (3)]
 18809 | D:13     | HP: 16/94 [??? (3)]
 18814 | D:13     | HP: 12/94 [??? (2)]
 18822 | D:13     | HP: 18/94 [??? (4)]
 18828 | D:13     | HP: 14/94 [??? (3)]
 18833 | D:13     | HP: 11/94 [??? (2)]
 18839 | D:13     | HP: 12/94 [??? (2)]
 18846 | D:13     | HP: 12/94 [??? (2)]
 18858 | D:13     | HP: 20/94 [??? (4)]
 18866 | D:13     | HP: 16/94 [??? (3)]
 18874 | D:13     | HP: 20/94 [??? (5)]
 18889 | D:13     | HP: 21/94 [??? (5)]
 18895 | D:13     | HP: 19/94 [??? (4)]
 18902 | D:13     | HP: 17/94 [??? (4)]
 18907 | D:13     | HP: 14/94 [??? (3)]
 18917 | D:13     | HP: 20/94 [??? (4)]
 18923 | D:13     | HP: 19/94 [??? (4)]
 18928 | D:13     | HP: 14/94 [??? (3)]
 18941 | D:13     | HP: 20/94 [??? (5)]
 18946 | D:13     | HP: 21/94 [??? (5)]
 18954 | D:13     | HP: 21/94 [??? (5)]
 18969 | D:13     | HP: 23/94 [??? (5)]
 18974 | D:13     | HP: 19/94 [??? (4)]
 18979 | D:13     | HP: 17/94 [??? (4)]
 18988 | D:13     | HP: 22/94 [??? (5)]
 18996 | D:13     | HP: 23/94 [??? (5)]
 19003 | D:13     | HP: 16/94 [??? (4)]
 19008 | D:13     | HP: 13/94 [??? (2)]
 19021 | D:13     | HP: 19/94 [??? (4)]
 19029 | D:13     | HP: 16/94 [??? (3)]
 19039 | D:13     | HP: 17/94 [??? (4)]
 19046 | D:13     | HP: 20/94 [??? (5)]
 19060 | D:13     | HP: 23/94 [??? (6)]
 19066 | D:13     | HP: 13/94 [??? (3)]
 19071 | D:13     | HP: 13/94 [??? (3)]
 19078 | D:13     | HP: 16/94 [??? (3)]
 19084 | D:13     | HP: 16/94 [??? (4)]
 19090 | D:13     | HP: 13/94 [??? (3)]
 19099 | D:13     | HP: 16/94 [??? (4)]
 19104 | D:13     | HP: 12/94 [??? (2)]
 19109 | D:13     | HP: 10/94 [??? (2)]
 19118 | D:13     | HP: 15/94 [??? (3)]
 19123 | D:13     | HP: 14/94 [??? (3)]
 19130 | D:13     | HP: 18/94 [??? (4)]
 19135 | D:13     | HP: 12/94 [??? (2)]
 19140 | D:13     | HP: 13/94 [??? (3)]
 19146 | D:13     | HP: 13/94 [??? (2)]
 19152 | D:13     | HP: 13/94 [??? (3)]
 19161 | D:13     | HP: 17/94 [??? (4)]
 19166 | D:13     | HP: 16/94 [??? (3)]
 19172 | D:13     | HP: 11/94 [??? (2)]
 19177 | D:13     | HP: 10/94 [??? (2)]
 19183 | D:13     | HP: 14/94 [??? (3)]
 19189 | D:13     | HP: 15/94 [??? (3)]
 19196 | D:13     | HP: 13/94 [??? (3)]
 19201 | D:13     | HP: 12/94 [??? (2)]
 19212 | D:13     | HP: 18/94 [??? (4)]
 19218 | D:13     | HP: 16/94 [??? (3)]
 19224 | D:13     | HP: 16/94 [??? (4)]
 19233 | D:13     | HP: 19/94 [??? (4)]
 19240 | D:13     | HP: 19/94 [??? (4)]
 19247 | D:13     | HP: 14/94 [??? (3)]
 19257 | D:13     | HP: 16/94 [??? (4)]
 19262 | D:13     | HP: 13/94 [??? (3)]
 19267 | D:13     | HP: 12/94 [??? (2)]
 19272 | D:13     | HP: 15/94 [??? (3)]
 19283 | D:13     | HP: 20/94 [??? (4)]
 19288 | D:13     | HP: 20/94 [??? (5)]
 19298 | D:13     | HP: 23/94 [??? (5)]
 19304 | D:13     | HP: 15/94 [??? (3)]
 19309 | D:13     | HP: 15/94 [??? (3)]
 19315 | D:13     | HP: 13/94 [??? (3)]
 19331 | D:13     | HP: 23/94 [??? (6)]
 19341 | D:13     | HP: 23/94 [??? (5)]
 19356 | D:13     | HP: 22/94 [??? (5)]
 19369 | D:13     | HP: 23/94 [??? (5)]
 19381 | D:13     | HP: 20/94 [??? (5)]
 19386 | D:13     | HP: 18/94 [??? (4)]
 19391 | D:13     | HP: 12/94 [??? (2)]
 19398 | D:13     | HP: 13/94 [??? (3)]
 19403 | D:13     | HP: 12/94 [??? (2)]
 19413 | D:13     | HP: 16/94 [??? (3)]
 19419 | D:13     | HP: 14/94 [??? (3)]
 19427 | D:13     | HP: 16/94 [??? (3)]
 19436 | D:13     | HP: 20/94 [??? (4)]
 19441 | D:13     | HP: 10/94 [??? (1)]
 19450 | D:13     | HP: 13/94 [??? (3)]
 19455 | D:13     | HP: 10/94 [??? (1)]
 19462 | D:13     | HP: 12/94 [??? (2)]
 19468 | D:13     | HP: 12/94 [??? (2)]
 19474 | D:13     | HP: 16/94 [??? (3)]
 19484 | D:13     | HP: 15/94 [??? (3)]
 19489 | D:13     | HP: 11/94 [??? (2)]
 19494 | D:13     | HP: 13/94 [??? (3)]
 19500 | D:13     | HP: 11/94 [??? (2)]
 19506 | D:13     | HP: 12/94 [??? (2)]
 19513 | D:13     | HP: 13/94 [??? (2)]
 19521 | D:13     | HP: 15/94 [??? (3)]
 19528 | D:13     | HP: 19/94 [??? (4)]
 19533 | D:13     | HP: 15/94 [??? (3)]
 19540 | D:13     | HP: 19/94 [??? (4)]
 19546 | D:13     | HP: 18/94 [??? (4)]
 19551 | D:13     | HP: 14/94 [??? (3)]
 19556 | D:13     | HP: 14/94 [??? (3)]
 19565 | D:13     | HP: 14/94 [??? (3)]
 19571 | D:13     | HP: 15/94 [??? (3)]
 19577 | D:13     | HP: 14/94 [??? (3)]
 19584 | D:13     | HP: 16/94 [??? (3)]
 19589 | D:13     | HP: 16/94 [??? (3)]
 19596 | D:13     | HP: 14/94 [??? (3)]
 19601 | D:13     | HP: 11/94 [??? (2)]
 19606 | D:13     | HP: 11/94 [??? (2)]
 19611 | D:13     | HP: 14/94 [??? (3)]
 19616 | D:13     | HP: 12/94 [??? (2)]
 19623 | D:13     | HP: 16/94 [??? (4)]
 19632 | D:13     | HP: 17/94 [??? (4)]
 19638 | D:13     | HP: 15/94 [??? (3)]
 19644 | D:13     | HP: 18/94 [??? (4)]
 19649 | D:13     | HP: 20/94 [??? (4)]
 19654 | D:13     | HP: 17/94 [??? (4)]
 19662 | D:13     | HP: 16/94 [??? (4)]
 19668 | D:13     | HP: 13/94 [??? (3)]
 19673 | D:13     | HP: 11/94 [??? (2)]
 19684 | D:13     | HP: 20/94 [??? (4)]
 19689 | D:13     | HP: 16/94 [??? (3)]
 19696 | D:13     | HP: 15/94 [??? (3)]
 19703 | D:13     | HP: 16/94 [??? (4)]
 19708 | D:13     | HP: 13/94 [??? (2)]
 19713 | D:13     | HP: 13/94 [??? (3)]
 19721 | D:13     | HP: 16/94 [??? (3)]
 19726 | D:13     | HP: 15/94 [??? (3)]
 19733 | D:13     | HP: 15/94 [??? (3)]
 19740 | D:13     | HP: 13/94 [??? (3)]
 19750 | D:13     | HP: 20/94 [??? (5)]
 19755 | D:13     | HP: 14/94 [??? (3)]
 19760 | D:13     | HP: 16/94 [??? (4)]
 19765 | D:13     | HP: 16/94 [??? (3)]
 19770 | D:13     | HP: 14/94 [??? (3)]
 19776 | D:13     | HP: 13/94 [??? (2)]
 19781 | D:13     | HP: 15/94 [??? (3)]
 19786 | D:13     | HP: 17/94 [??? (4)]
 19791 | D:13     | HP: 14/94 [??? (3)]
 19796 | D:13     | HP: 15/94 [??? (3)]
 19803 | D:13     | HP: 19/94 [??? (4)]
 19808 | D:13     | HP: 16/94 [??? (4)]
 19822 | D:13     | HP: 21/94 [??? (5)]
 19830 | D:13     | HP: 21/94 [??? (5)]
 19838 | D:13     | HP: 18/94 [??? (4)]
 19843 | D:13     | HP: 14/94 [??? (3)]
 19848 | D:13     | HP: 13/94 [??? (2)]
 19856 | D:13     | HP: 19/94 [??? (4)]
 19861 | D:13     | HP: 20/94 [??? (4)]
 19866 | D:13     | HP: 12/94 [??? (2)]
 19873 | D:13     | HP: 16/94 [??? (4)]
 19878 | D:13     | HP: 15/94 [??? (3)]
 19884 | D:13     | HP: 16/94 [??? (3)]
 19890 | D:13     | HP: 14/94 [??? (3)]
 19896 | D:13     | HP: 15/94 [??? (3)]
 19904 | D:13     | HP: 16/94 [??? (3)]
 19910 | D:13     | HP: 16/94 [??? (4)]
 19916 | D:13     | HP: 13/94 [??? (3)]
 19921 | D:13     | HP: 12/94 [??? (2)]
 19928 | D:13     | HP: 15/94 [??? (3)]
 19936 | D:13     | HP: 16/94 [??? (4)]
 19941 | D:13     | HP: 14/94 [??? (3)]
 19948 | D:13     | HP: 16/94 [??? (3)]
 19953 | D:13     | HP: 18/94 [??? (4)]
 19958 | D:13     | HP: 16/94 [??? (4)]
 19968 | D:13     | HP: 20/94 [??? (4)]
 19973 | D:13     | HP: 15/94 [??? (3)]
 19979 | D:13     | HP: 15/94 [??? (3)]
 19984 | D:13     | HP: 17/94 [??? (4)]
 19994 | D:13     | HP: 20/94 [??? (5)]
 20010 | D:13     | HP: 23/94 [??? (6)]
 20019 | D:13     | HP: 17/94 [??? (4)]
 20029 | D:13     | HP: 21/94 [??? (5)]
 20035 | D:13     | HP: 22/94 [??? (5)]
 20042 | D:13     | HP: 21/94 [??? (5)]
 20047 | D:13     | HP: 21/94 [??? (5)]
 20052 | D:13     | HP: 18/94 [??? (4)]
 20058 | D:13     | HP: 13/94 [??? (2)]
 20065 | D:13     | HP: 17/94 [??? (4)]
 20070 | D:13     | HP: 10/94 [??? (1)]
 20077 | D:13     | HP: 13/94 [??? (2)]
 20084 | D:13     | HP: 16/94 [??? (3)]
 20090 | D:13     | HP: 11/94 [??? (2)]
 20101 | D:13     | HP: 15/94 [??? (3)]
 20108 | D:13     | HP: 16/94 [??? (4)]
 20113 | D:13     | HP: 15/94 [??? (3)]
 20122 | D:13     | HP: 19/94 [??? (4)]
 20130 | D:13     | HP: 18/94 [??? (4)]
 20138 | D:13     | HP: 14/94 [??? (3)]
 20143 | D:13     | HP: 12/94 [??? (2)]
 20148 | D:13     | HP: 11/94 [??? (2)]
 20156 | D:13     | HP: 14/94 [??? (3)]
 20161 | D:13     | HP: 10/94 [??? (1)]
 20167 | D:13     | HP: 13/94 [??? (2)]
 20173 | D:13     | HP: 13/94 [??? (3)]
 20180 | D:13     | HP: 13/94 [??? (2)]
 20187 | D:13     | HP: 17/94 [??? (4)]
 20198 | D:13     | HP: 16/94 [??? (3)]
 20206 | D:13     | HP: 13/94 [??? (3)]
 20211 | D:13     | HP: 14/94 [??? (3)]
 20217 | D:13     | HP: 15/94 [??? (3)]
 20224 | D:13     | HP: 15/94 [??? (3)]
 20231 | D:13     | HP: 19/94 [??? (4)]
 20237 | D:13     | HP: 14/94 [??? (3)]
 20243 | D:13     | HP: 11/94 [??? (2)]
 20253 | D:13     | HP: 15/94 [??? (3)]
 20258 | D:13     | HP: 10/94 [??? (2)]
 20263 | D:13     | HP: 12/94 [??? (2)]
 20271 | D:13     | HP: 16/94 [??? (3)]
 20276 | D:13     | HP: 16/94 [??? (3)]
 20281 | D:13     | HP: 13/94 [??? (2)]
 20287 | D:13     | HP: 14/94 [??? (3)]
 20292 | D:13     | HP: 13/94 [??? (3)]
 20299 | D:13     | HP: 13/94 [??? (3)]
 20307 | D:13     | HP: 16/94 [??? (4)]
 20314 | D:13     | HP: 15/94 [??? (3)]
 20320 | D:13     | HP: 16/94 [??? (3)]
 20329 | D:13     | HP: 17/94 [??? (4)]
 20337 | D:13     | HP: 16/94 [??? (4)]
 20343 | D:13     | HP: 12/94 [??? (2)]
 20348 | D:13     | HP: 13/94 [??? (2)]
 20356 | D:13     | HP: 19/94 [??? (4)]
 20361 | D:13     | HP: 16/94 [??? (4)]
 20366 | D:13     | HP: 13/94 [??? (3)]
 20372 | D:13     | HP: 12/94 [??? (2)]
 20377 | D:13     | HP: 12/94 [??? (2)]
 20383 | D:13     | HP: 14/94 [??? (3)]
 20388 | D:13     | HP: 16/94 [??? (3)]
 20394 | D:13     | HP: 14/94 [??? (3)]
 20401 | D:13     | HP: 18/94 [??? (4)]
 20406 | D:13     | HP: 16/94 [??? (4)]
 20411 | D:13     | HP: 13/94 [??? (3)]
 20416 | D:13     | HP: 13/94 [??? (2)]
 20421 | D:13     | HP: 10/94 [??? (2)]
 20426 | D:13     | HP: 11/94 [??? (2)]
 20433 | D:13     | HP: 12/94 [??? (2)]
 20442 | D:13     | HP: 19/94 [??? (4)]
 20447 | D:13     | HP: 14/94 [??? (3)]
 20453 | D:13     | HP: 13/94 [??? (3)]
 20458 | D:13     | HP: 12/94 [??? (2)]
 20463 | D:13     | HP: 12/94 [??? (2)]
 20468 | D:13     | HP: 11/94 [??? (2)]
 20474 | D:13     | HP: 13/94 [??? (2)]
 20481 | D:13     | HP: 13/94 [??? (3)]
 20486 | D:13     | HP: 13/94 [??? (3)]
 20492 | D:13     | HP: 12/94 [??? (2)]
 20497 | D:13     | HP: 13/94 [??? (3)]
 20503 | D:13     | HP: 15/94 [??? (3)]
 20509 | D:13     | HP: 12/94 [??? (2)]
 20515 | D:13     | HP: 10/94 [??? (2)]
 20520 | D:13     | HP: 13/94 [??? (3)]
 20527 | D:13     | HP: 13/94 [??? (3)]
 20533 | D:13     | HP: 10/94 [??? (2)]
 20539 | D:13     | HP: 11/94 [??? (2)]
 20551 | D:13     | HP: 17/94 [??? (4)]
 20556 | D:13     | HP: 16/94 [??? (4)]
 20561 | D:13     | HP: 17/94 [??? (4)]
 20576 | D:13     | HP: 23/94 [??? (5)]
 20581 | D:13     | HP: 16/94 [??? (4)]
 20591 | D:13     | HP: 20/94 [??? (4)]
 20599 | D:13     | HP: 18/94 [??? (4)]
 20604 | D:13     | HP: 15/94 [??? (3)]
 20609 | D:13     | HP: 17/94 [??? (4)]
 20616 | D:13     | HP: 18/94 [??? (4)]
 20627 | D:13     | HP: 20/94 [??? (4)]
 20632 | D:13     | HP: 18/94 [??? (4)]
 20637 | D:13     | HP: 17/94 [??? (4)]
 20646 | D:13     | HP: 16/94 [??? (3)]
 20651 | D:13     | HP: 14/94 [??? (3)]
 20659 | D:13     | HP: 16/94 [??? (4)]
 20665 | D:13     | HP: 16/94 [??? (3)]
 20672 | D:13     | HP: 16/94 [??? (4)]
 20681 | D:13     | HP: 16/94 [??? (4)]
 20687 | D:13     | HP: 16/94 [??? (4)]
 20698 | D:13     | HP: 21/94 [??? (5)]
 20706 | D:13     | HP: 20/94 [??? (5)]
 20713 | D:13     | HP: 23/94 [??? (5)]
 20718 | D:13     | HP: 23/94 [??? (6)]
 20726 | D:13     | HP: 16/94 [??? (4)]
 20733 | D:13     | HP: 14/94 [??? (3)]
 20744 | D:13     | HP: 20/94 [??? (4)]
 20754 | D:13     | HP: 22/94 [??? (5)]
 20761 | D:13     | HP: 21/94 [??? (5)]
 20766 | D:13     | HP: 16/94 [??? (3)]
 20773 | D:13     | HP: 20/94 [??? (4)]
 20780 | D:13     | HP: 23/94 [??? (5)]
 20785 | D:13     | HP: 23/94 [??? (6)]
 20798 | D:13     | HP: 22/94 [??? (5)]
 20803 | D:13     | HP: 20/94 [??? (4)]
 20819 | D:13     | HP: 22/94 [??? (5)]
 20826 | D:13     | HP: 21/94 [??? (5)]
 20831 | D:13     | HP: 22/94 [??? (5)]
 20837 | D:13     | HP: 20/94 [??? (5)]
 20844 | D:13     | HP: 16/94 [??? (4)]
 20849 | D:13     | HP: 18/94 [??? (4)]
 20854 | D:13     | HP: 13/94 [??? (3)]
 20859 | D:13     | HP: 12/94 [??? (2)]
 20864 | D:13     | HP: 12/94 [??? (2)]
 20876 | D:13     | HP: 19/94 [??? (4)]
 20881 | D:13     | HP: 14/94 [??? (3)]
 20887 | D:13     | HP: 17/94 [??? (4)]
 20897 | D:13     | HP: 18/94 [??? (4)]
 20907 | D:13     | HP: 19/94 [??? (4)]
 20914 | D:13     | HP: 14/94 [??? (3)]
 20920 | D:13     | HP: 15/94 [??? (3)]
 20926 | D:13     | HP: 18/94 [??? (4)]
 20932 | D:13     | HP: 13/94 [??? (2)]
 20938 | D:13     | HP: 16/94 [??? (4)]
 20943 | D:13     | HP: 16/94 [??? (3)]
 20956 | D:13     | HP: 20/94 [??? (5)]
 20961 | D:13     | HP: 17/94 [??? (4)]
 20974 | D:13     | HP: 18/94 [??? (4)]
 20984 | D:13     | HP: 16/94 [??? (3)]
 20989 | D:13     | HP: 18/94 [??? (4)]
 20998 | D:13     | HP: 15/94 [??? (3)]
 21003 | D:13     | HP: 15/94 [??? (3)]
 21014 | D:13     | HP: 20/94 [??? (5)]
 21023 | D:13     | HP: 22/94 [??? (5)]
 21028 | D:13     | HP: 16/94 [??? (3)]
 21035 | D:13     | HP: 15/94 [??? (3)]
 21041 | D:13     | HP: 13/94 [??? (2)]
 21046 | D:13     | HP: 10/94 [??? (1)]
 21054 | D:13     | HP: 16/94 [??? (3)]
 21059 | D:13     | HP: 15/94 [??? (3)]
 21064 | D:13     | HP: 17/94 [??? (4)]
 21075 | D:13     | HP: 21/94 [??? (5)]
 21081 | D:13     | HP: 20/94 [??? (4)]
 21086 | D:13     | HP: 13/94 [??? (2)]
 21099 | D:13     | HP: 23/94 [??? (5)]
 21105 | D:13     | HP: 13/94 [??? (3)]
 21110 | D:13     | HP: 11/94 [??? (2)]
 21118 | D:13     | HP: 15/94 [??? (3)]
 21128 | D:13     | HP: 19/94 [??? (4)]
 21134 | D:13     | HP: 16/94 [??? (3)]
 21139 | D:13     | HP: 18/94 [??? (4)]
 21145 | D:13     | HP: 13/94 [??? (3)]
 21150 | D:13     | HP: 12/94 [??? (2)]
 21164 | D:13     | HP: 21/94 [??? (5)]
 21174 | D:13     | HP: 22/94 [??? (5)]
 21179 | D:13     | HP: 13/94 [??? (3)]
 21186 | D:13     | HP: 17/94 [??? (4)]
 21191 | D:13     | HP: 16/94 [??? (3)]
 21197 | D:13     | HP: 13/94 [??? (2)]
 21202 | D:13     | HP: 16/94 [??? (3)]
 21208 | D:13     | HP: 18/94 [??? (4)]
 21215 | D:13     | HP: 18/94 [??? (4)]
 21221 | D:13     | HP: 16/94 [??? (3)]
 21231 | D:13     | HP: 23/94 [??? (5)]
 21237 | D:13     | HP: 18/94 [??? (4)]
 21243 | D:13     | HP: 17/94 [??? (4)]
 21251 | D:13     | HP: 15/94 [??? (3)]
 21256 | D:13     | HP: 15/94 [??? (3)]
 21263 | D:13     | HP: 14/94 [??? (3)]
 21269 | D:13     | HP: 17/94 [??? (4)]
 21274 | D:13     | HP: 15/94 [??? (3)]
 21281 | D:13     | HP: 19/94 [??? (4)]
 21286 | D:13     | HP: 17/94 [??? (4)]
 21292 | D:13     | HP: 10/94 [??? (2)]
 21300 | D:13     | HP: 14/94 [??? (3)]
 21305 | D:13     | HP: 14/94 [??? (3)]
 21311 | D:13     | HP: 17/94 [??? (4)]
 21316 | D:13     | HP: 11/94 [??? (2)]
 21323 | D:13     | HP: 13/94 [??? (2)]
 21328 | D:13     | HP: 13/94 [??? (2)]
 21333 | D:13     | HP: 13/94 [??? (3)]
 21341 | D:13     | HP: 16/94 [??? (4)]
 21346 | D:13     | HP: 18/94 [??? (4)]
 21352 | D:13     | HP: 20/94 [??? (5)]
 21358 | D:13     | HP: 15/94 [??? (3)]
 21363 | D:13     | HP: 15/94 [??? (3)]
 21370 | D:13     | HP: 15/94 [??? (3)]
 21381 | D:13     | HP: 18/94 [??? (4)]
 21391 | D:13     | HP: 16/94 [??? (3)]
 21396 | D:13     | HP: 13/94 [??? (3)]
 21402 | D:13     | HP: 14/94 [??? (3)]
 21408 | D:13     | HP: 15/94 [??? (3)]
 21414 | D:13     | HP: 13/94 [??? (2)]
 21419 | D:13     | HP: 12/94 [??? (2)]
 21427 | D:13     | HP: 14/94 [??? (3)]
 21439 | D:13     | HP: 23/94 [??? (5)]
 21444 | D:13     | HP: 23/94 [??? (6)]
 21461 | D:13     | HP: 22/94 [??? (5)]
 21469 | D:13     | HP: 16/94 [??? (4)]
 21475 | D:13     | HP: 11/94 [??? (2)]
 21480 | D:13     | HP: 11/94 [??? (2)]
 21489 | D:13     | HP: 15/94 [??? (3)]
 21494 | D:13     | HP: 13/94 [??? (2)]
 21499 | D:13     | HP: 11/94 [??? (2)]
 21504 | D:13     | HP: 11/94 [??? (2)]
 21509 | D:13     | HP: 14/94 [??? (3)]
 21518 | D:13     | HP: 13/94 [??? (3)]
 21526 | D:13     | HP: 13/94 [??? (3)]
 21536 | D:13     | HP: 17/94 [??? (4)]
 21541 | D:13     | HP: 13/94 [??? (3)]
 21546 | D:13     | HP: 13/94 [??? (2)]
 21551 | D:13     | HP: 10/94 [??? (1)]
 21556 | D:13     | HP: 12/94 [??? (2)]
 21566 | D:13     | HP: 16/94 [??? (3)]
 21571 | D:13     | HP: 15/94 [??? (3)]
 21577 | D:13     | HP: 16/94 [??? (3)]
 21588 | D:13     | HP: 23/94 [??? (5)]
 21593 | D:13     | HP: 23/94 [??? (6)]
 21598 | D:13     | HP: 23/94 [??? (6)]
 21606 | D:13     | HP: 22/94 [??? (5)]
 21612 | D:13     | HP: 20/94 [??? (5)]
 21621 | D:13     | HP: 17/94 [??? (4)]
 21630 | D:13     | HP: 20/94 [??? (4)]
 21635 | D:13     | HP: 20/94 [??? (5)]
 21647 | D:13     | HP: 22/94 [??? (5)]
 21653 | D:13     | HP: 23/94 [??? (6)]
 21658 | D:13     | HP: 20/94 [??? (5)]
 21663 | D:13     | HP: 13/94 [??? (3)]
 21671 | D:13     | HP: 18/94 [??? (4)]
 21676 | D:13     | HP: 20/94 [??? (4)]
 21683 | D:13     | HP: 20/94 [??? (4)]
 21688 | D:13     | HP: 20/94 [??? (5)]
 21693 | D:13     | HP: 18/94 [??? (4)]
 21698 | D:13     | HP: 16/94 [??? (4)]
 21703 | D:13     | HP: 13/94 [??? (3)]
 21708 | D:13     | HP: 12/94 [??? (2)]
 21717 | D:13     | HP: 16/94 [??? (3)]
 21725 | D:13     | HP: 17/94 [??? (4)]
 21732 | D:13     | HP: 16/94 [??? (3)]
 21738 | D:13     | HP: 19/94 [??? (4)]
 21745 | D:13     | HP: 19/94 [??? (4)]
 21752 | D:13     | HP: 19/94 [??? (4)]
 21757 | D:13     | HP: 17/94 [??? (4)]
 21762 | D:13     | HP: 13/94 [??? (2)]
 21769 | D:13     | HP: 17/94 [??? (4)]
 21777 | D:13     | HP: 13/94 [??? (3)]
 21782 | D:13     | HP: 16/94 [??? (3)]
 21789 | D:13     | HP: 16/94 [??? (3)]
 21794 | D:13     | HP: 15/94 [??? (3)]
 21803 | D:13     | HP: 18/94 [??? (4)]
 21808 | D:13     | HP: 19/94 [??? (4)]
 21814 | D:13     | HP: 16/94 [??? (3)]
 21820 | D:13     | HP: 10/94 [??? (2)]
 21835 | D:13     | HP: 19/94 [??? (4)]
 21844 | D:13     | HP: 19/94 [??? (4)]
 21849 | D:13     | HP: 17/94 [??? (4)]
 21857 | D:13     | HP: 19/94 [??? (4)]
 21866 | D:13     | HP: 15/94 [??? (3)]
 21875 | D:13     | HP: 18/94 [??? (4)]
 21882 | D:13     | HP: 16/94 [??? (4)]
 21889 | D:13     | HP: 17/94 [??? (4)]
 21894 | D:13     | HP: 13/94 [??? (2)]
 21900 | D:13     | HP: 15/94 [??? (3)]
 21907 | D:13     | HP: 16/94 [??? (3)]
 21914 | D:13     | HP: 17/94 [??? (4)]
 21923 | D:13     | HP: 18/94 [??? (4)]
 21932 | D:13     | HP: 17/94 [??? (4)]
 21940 | D:13     | HP: 18/94 [??? (4)]
 21946 | D:13     | HP: 17/94 [??? (4)]
 21955 | D:13     | HP: 20/94 [??? (4)]
 21963 | D:13     | HP: 13/94 [??? (3)]
 21968 | D:13     | HP: 12/94 [??? (2)]
 21973 | D:13     | HP: 13/94 [??? (2)]
 21979 | D:13     | HP: 16/94 [??? (4)]
 21984 | D:13     | HP: 16/94 [??? (3)]
 21989 | D:13     | HP: 18/94 [??? (4)]
 21994 | D:13     | HP: 14/94 [??? (3)]
 21999 | D:13     | HP: 14/94 [??? (3)]
 22005 | D:13     | HP: 14/94 [??? (3)]
 22019 | D:13     | HP: 20/94 [??? (4)]
 22024 | D:13     | HP: 21/94 [??? (5)]
 22032 | D:13     | HP: 20/94 [??? (5)]
 22037 | D:13     | HP: 14/94 [??? (3)]
 22043 | D:13     | HP: 14/94 [??? (3)]
 22052 | D:13     | HP: 17/94 [??? (4)]
 22066 | D:13     | HP: 22/94 [??? (5)]
 22074 | D:13     | HP: 19/94 [??? (4)]
 22091 | D:13     | HP: 23/94 [??? (6)]
 22097 | D:13     | HP: 20/94 [??? (5)]
 22104 | D:13     | HP: 23/94 [??? (5)]
 22110 | D:13     | HP: 21/94 [??? (5)]
 22116 | D:13     | HP: 19/94 [??? (4)]
 22126 | D:13     | HP: 19/94 [??? (4)]
 22132 | D:13     | HP: 21/94 [??? (5)]
 22137 | D:13     | HP: 14/94 [??? (3)]
 22142 | D:13     | HP: 12/94 [??? (2)]
 22147 | D:13     | HP: 11/94 [??? (2)]
 22152 | D:13     | HP: 12/94 [??? (2)]
 22158 | D:13     | HP: 10/94 [??? (2)]
 22165 | D:13     | HP: 13/94 [??? (2)]
 22173 | D:13     | HP: 18/94 [??? (4)]
 22182 | D:13     | HP: 19/94 [??? (4)]
 22190 | D:13     | HP: 23/94 [??? (5)]
 22196 | D:13     | HP: 20/94 [??? (4)]
 22214 | D:13     | HP: 23/94 [??? (5)]
 22219 | D:13     | HP: 16/94 [??? (4)]
 22224 | D:13     | HP: 13/94 [??? (3)]
 22229 | D:13     | HP: 10/94 [??? (2)]
 22238 | D:13     | HP: 16/94 [??? (4)]
 22246 | D:13     | HP: 18/94 [??? (4)]
 22251 | D:13     | HP: 14/94 [??? (3)]
 22259 | D:13     | HP: 16/94 [??? (3)]
 22266 | D:13     | HP: 15/94 [??? (3)]
 22272 | D:13     | HP: 13/94 [??? (3)]
 22286 | D:13     | HP: 20/94 [??? (4)]
 22293 | D:13     | HP: 20/94 [??? (4)]
 22299 | D:13     | HP: 13/94 [??? (2)]
 22304 | D:13     | HP: 11/94 [??? (2)]
 22309 | D:13     | HP: 14/94 [??? (3)]
 22314 | D:13     | HP: 12/94 [??? (2)]
 22319 | D:13     | HP: 13/94 [??? (3)]
 22325 | D:13     | HP: 14/94 [??? (3)]
 22333 | D:13     | HP: 14/94 [??? (3)]
 22338 | D:13     | HP: 16/94 [??? (4)]
 22343 | D:13     | HP: 16/94 [??? (3)]
 22348 | D:13     | HP: 15/94 [??? (3)]
 22354 | D:13     | HP: 13/94 [??? (3)]
 22359 | D:13     | HP: 14/94 [??? (3)]
 22364 | D:13     | HP: 16/94 [??? (4)]
 22375 | D:13     | HP: 20/94 [??? (4)]
 22381 | D:13     | HP: 16/94 [??? (3)]
 22386 | D:13     | HP: 16/94 [??? (3)]
 22391 | D:13     | HP: 15/94 [??? (3)]
 22396 | D:13     | HP: 13/94 [??? (2)]
 22401 | D:13     | HP: 12/94 [??? (2)]
 22407 | D:13     | HP: 14/94 [??? (3)]
 22413 | D:13     | HP: 14/94 [??? (3)]
 22425 | D:13     | HP: 20/94 [??? (4)]
 22431 | D:13     | HP: 22/94 [??? (5)]
 22446 | D:13     | HP: 23/94 [??? (6)]
 22458 | D:13     | HP: 23/94 [??? (6)]
 22483 | D:13     | HP: 22/94 [??? (5)]
 22489 | D:13     | HP: 20/94 [??? (4)]
 22494 | D:13     | HP: 14/94 [??? (3)]
 22499 | D:13     | HP: 15/94 [??? (3)]
 22504 | D:13     | HP: 13/94 [??? (3)]
 22509 | D:13     | HP: 12/94 [??? (2)]
 22514 | D:13     | HP: 10/94 [??? (1)]
 22522 | D:13     | HP: 15/94 [??? (3)]
 22528 | D:13     | HP: 13/94 [??? (2)]
 22534 | D:13     | HP: 12/94 [??? (2)]
 22539 | D:13     | HP: 13/94 [??? (3)]
 22545 | D:13     | HP: 15/94 [??? (3)]
 22551 | D:13     | HP: 16/94 [??? (3)]
 22558 | D:13     | HP: 13/94 [??? (2)]
 22563 | D:13     | HP: 11/94 [??? (2)]
 22574 | D:13     | HP: 19/94 [??? (4)]
 22579 | D:13     | HP: 20/94 [??? (5)]
 22584 | D:13     | HP: 15/94 [??? (3)]
 22596 | D:13     | HP: 21/94 [??? (5)]
 22601 | D:13     | HP: 17/94 [??? (4)]
 22606 | D:13     | HP: 16/94 [??? (3)]
 22612 | D:13     | HP: 12/94 [??? (2)]
 22617 | D:13     | HP: 15/94 [??? (3)]
 22623 | D:13     | HP: 13/94 [??? (2)]
 22629 | D:13     | HP: 14/94 [??? (3)]
 22636 | D:13     | HP: 16/94 [??? (4)]
 22643 | D:13     | HP: 17/94 [??? (4)]
 22649 | D:13     | HP: 14/94 [??? (3)]
 22656 | D:13     | HP: 18/94 [??? (4)]
 22668 | D:13     | HP: 21/94 [??? (5)]
 22680 | D:13     | HP: 20/94 [??? (5)]
 22685 | D:13     | HP: 15/94 [??? (3)]
 22691 | D:13     | HP: 13/94 [??? (2)]
 22698 | D:13     | HP: 14/94 [??? (3)]
 22703 | D:13     | HP: 13/94 [??? (2)]
 22708 | D:13     | HP: 13/94 [??? (3)]
 22714 | D:13     | HP: 16/94 [??? (4)]
 22720 | D:13     | HP: 13/94 [??? (2)]
 22726 | D:13     | HP: 11/94 [??? (2)]
 22731 | D:13     | HP: 13/94 [??? (2)]
 22736 | D:13     | HP: 11/94 [??? (2)]
 22742 | D:13     | HP: 13/94 [??? (3)]
 22747 | D:13     | HP: 15/94 [??? (3)]
 22753 | D:13     | HP: 13/94 [??? (2)]
 22758 | D:13     | HP: 10/94 [??? (1)]
 22763 | D:13     | HP: 13/94 [??? (2)]
 22774 | D:13     | HP: 18/94 [??? (4)]
 22779 | D:13     | HP: 17/94 [??? (4)]
 22784 | D:13     | HP: 19/94 [??? (4)]
 22792 | D:13     | HP: 20/94 [??? (4)]
 22797 | D:13     | HP: 18/94 [??? (4)]
 22805 | D:13     | HP: 22/94 [??? (5)]
 22811 | D:13     | HP: 20/94 [??? (5)]
 22817 | D:13     | HP: 19/94 [??? (4)]
 22824 | D:13     | HP: 22/94 [??? (5)]
 22833 | D:13     | HP: 22/94 [??? (5)]
 22838 | D:13     | HP: 20/94 [??? (4)]
 22846 | D:13     | HP: 23/94 [??? (6)]
 22851 | D:13     | HP: 16/94 [??? (4)]
 22863 | D:13     | HP: 22/94 [??? (5)]
 22868 | D:13     | HP: 18/94 [??? (4)]
 22873 | D:13     | HP: 14/94 [??? (3)]
 22878 | D:13     | HP: 14/94 [??? (3)]
 22886 | D:13     | HP: 19/94 [??? (4)]
 22891 | D:13     | HP: 15/94 [??? (3)]
 22902 | D:13     | HP: 16/94 [??? (3)]
 22908 | D:13     | HP: 13/94 [??? (2)]
 22914 | D:13     | HP: 13/94 [??? (2)]
 22934 | D:13     | HP: 23/94 [??? (6)]
 22943 | D:13     | HP: 20/94 [??? (5)]
 22952 | D:13     | HP: 21/94 [??? (5)]
 22960 | D:13     | HP: 21/94 [??? (5)]
 22965 | D:13     | HP: 19/94 [??? (4)]
 22972 | D:13     | HP: 19/94 [??? (4)]
 22977 | D:13     | HP: 20/94 [??? (5)]
 22982 | D:13     | HP: 13/94 [??? (3)]
 22987 | D:13     | HP: 11/94 [??? (2)]
 22994 | D:13     | HP: 13/94 [??? (2)]
 23002 | D:13     | HP: 19/94 [??? (4)]
 23010 | D:13     | HP: 23/94 [??? (5)]
 23015 | D:13     | HP: 16/94 [??? (4)]
 23021 | D:13     | HP: 16/94 [??? (3)]
 23026 | D:13     | HP: 16/94 [??? (3)]
 23034 | D:13     | HP: 16/94 [??? (3)]
 23040 | D:13     | HP: 14/94 [??? (3)]
 23046 | D:13     | HP: 13/94 [??? (2)]
 23052 | D:13     | HP: 13/94 [??? (3)]
 23058 | D:13     | HP: 12/94 [??? (2)]
 23063 | D:13     | HP: 12/94 [??? (2)]
 23069 | D:13     | HP: 12/94 [??? (2)]
 23074 | D:13     | HP: 14/94 [??? (3)]
 23079 | D:13     | HP: 14/94 [??? (3)]
 23084 | D:13     | HP: 10/94 [??? (2)]
 23089 | D:13     | HP: 13/94 [??? (3)]
 23096 | D:13     | HP: 16/94 [??? (3)]
 23103 | D:13     | HP: 17/94 [??? (4)]
 23108 | D:13     | HP: 18/94 [??? (4)]
 23114 | D:13     | HP: 15/94 [??? (3)]
 23120 | D:13     | HP: 16/94 [??? (3)]
 23125 | D:13     | HP: 10/94 [??? (2)]
 23130 | D:13     | HP: 11/94 [??? (2)]
 23136 | D:13     | HP: 13/94 [??? (3)]
 23141 | D:13     | HP: 12/94 [??? (2)]
 23147 | D:13     | HP: 13/94 [??? (2)]
 23155 | D:13     | HP: 12/94 [??? (2)]
 23160 | D:13     | HP: 15/94 [??? (3)]
 23165 | D:13     | HP: 14/94 [??? (3)]
 23171 | D:13     | HP: 12/94 [??? (2)]
 23176 | D:13     | HP: 15/94 [??? (3)]
 23181 | D:13     | HP: 13/94 [??? (2)]
 23186 | D:13     | HP: 10/94 [??? (2)]
 23193 | D:13     | HP: 13/94 [??? (3)]
 23199 | D:13     | HP: 11/94 [??? (2)]
 23206 | D:13     | HP: 16/94 [??? (3)]
 23213 | D:13     | HP: 16/94 [??? (4)]
 23219 | D:13     | HP: 16/94 [??? (3)]
 23225 | D:13     | HP: 13/94 [??? (3)]
 23236 | D:13     | HP: 21/94 [??? (5)]
 23241 | D:13     | HP: 15/94 [??? (3)]
 23246 | D:13     | HP: 12/94 [??? (2)]
 23251 | D:13     | HP: 11/94 [??? (2)]
 23256 | D:13     | HP: 10/94 [??? (2)]
 23261 | D:13     | HP: 10/94 [??? (1)]
 23266 | D:13     | HP: 10/94 [??? (1)]
 23274 | D:13     | HP: 14/94 [??? (3)]
 23282 | D:13     | HP: 17/94 [??? (4)]
 23290 | D:13     | HP: 16/94 [??? (3)]
 23296 | D:13     | HP: 19/94 [??? (4)]
 23301 | D:13     | HP: 11/94 [??? (2)]
 23306 | D:13     | HP: 14/94 [??? (3)]
 23312 | D:13     | HP: 10/94 [??? (2)]
 23318 | D:13     | HP: 11/94 [??? (2)]
 23326 | D:13     | HP: 13/94 [??? (3)]
 23331 | D:13     | HP: 11/94 [??? (2)]
 23337 | D:13     | HP: 13/94 [??? (3)]
 23342 | D:13     | HP: 10/94 [??? (2)]
 23352 | D:13     | HP: 16/94 [??? (3)]
 23358 | D:13     | HP: 16/94 [??? (4)]
 23363 | D:13     | HP: 14/94 [??? (3)]
 23374 | D:13     | HP: 17/94 [??? (4)]
 23384 | D:13     | HP: 20/94 [??? (5)]
 23392 | D:13     | HP: 16/94 [??? (3)]
 23400 | D:13     | HP: 16/94 [??? (3)]
 23405 | D:13     | HP: 13/94 [??? (2)]
 23413 | D:13     | HP: 13/94 [??? (3)]
 23418 | D:13     | HP: 14/94 [??? (3)]
 23424 | D:13     | HP: 15/94 [??? (3)]
 23431 | D:13     | HP: 19/94 [??? (4)]
 23438 | D:13     | HP: 22/94 [??? (5)]
 23443 | D:13     | HP: 20/94 [??? (4)]
 23448 | D:13     | HP: 15/94 [??? (3)]
 23457 | D:13     | HP: 16/94 [??? (3)]
 23463 | D:13     | HP: 19/94 [??? (4)]
 23473 | D:13     | HP: 19/94 [??? (4)]
 23501 | D:13     | HP: 20/94 [??? (4)]
 23507 | D:13     | HP: 19/94 [??? (4)]
 23512 | D:13     | HP: 17/94 [??? (4)]
 23519 | D:13     | HP: 15/94 [??? (3)]
 23525 | D:13     | HP: 13/94 [??? (3)]
 23531 | D:13     | HP: 13/94 [??? (2)]
 23537 | D:13     | HP: 14/94 [??? (3)]
 23548 | D:13     | HP: 21/94 [??? (5)]
 23553 | D:13     | HP: 16/94 [??? (3)]
 23566 | D:13     | HP: 20/94 [??? (5)]
 23573 | D:13     | HP: 17/94 [??? (4)]
 23578 | D:13     | HP: 12/94 [??? (2)]
 23589 | D:13     | HP: 16/94 [??? (3)]
 23597 | D:13     | HP: 18/94 [??? (4)]
 23603 | D:13     | HP: 15/94 [??? (3)]
 23611 | D:13     | HP: 16/94 [??? (3)]
 23621 | D:13     | HP: 16/94 [??? (4)]
 23627 | D:13     | HP: 16/94 [??? (4)]
 23637 | D:13     | HP: 20/94 [??? (4)]
 23643 | D:13     | HP: 22/94 [??? (5)]
 23653 | D:13     | HP: 20/94 [??? (5)]
 23658 | D:13     | HP: 15/94 [??? (3)]
 23665 | D:13     | HP: 14/94 [??? (3)]
 23671 | D:13     | HP: 15/94 [??? (3)]
 23679 | D:13     | HP: 18/94 [??? (4)]
 23684 | D:13     | HP: 14/94 [??? (3)]
 23689 | D:13     | HP: 16/94 [??? (4)]
 23694 | D:13     | HP: 17/94 [??? (4)]
 23700 | D:13     | HP: 14/94 [??? (3)]
 23711 | D:13     | HP: 18/94 [??? (4)]
 23718 | D:13     | HP: 16/94 [??? (3)]
 23726 | D:13     | HP: 17/94 [??? (4)]
 23733 | D:13     | HP: 18/94 [??? (4)]
 23744 | D:13     | HP: 18/94 [??? (4)]
 23749 | D:13     | HP: 16/94 [??? (4)]
 23754 | D:13     | HP: 13/94 [??? (2)]
 23763 | D:13     | HP: 20/94 [??? (4)]
 23773 | D:13     | HP: 17/94 [??? (4)]
 23778 | D:13     | HP: 13/94 [??? (2)]
 23783 | D:13     | HP: 11/94 [??? (2)]
 23794 | D:13     | HP: 17/94 [??? (4)]
 23804 | D:13     | HP: 16/94 [??? (4)]
 23820 | D:13     | HP: 20/94 [??? (5)]
 23825 | D:13     | HP: 15/94 [??? (3)]
 23830 | D:13     | HP: 13/94 [??? (3)]
 23838 | D:13     | HP: 15/94 [??? (3)]
 23844 | D:13     | HP: 13/94 [??? (2)]
 23849 | D:13     | HP: 14/94 [??? (3)]
 23856 | D:13     | HP: 15/94 [??? (3)]
 23863 | D:13     | HP: 19/94 [??? (4)]
 23868 | D:13     | HP: 14/94 [??? (3)]
 23881 | D:13     | HP: 23/94 [??? (6)]
 23887 | D:13     | HP: 18/94 [??? (4)]
 23892 | D:13     | HP: 17/94 [??? (4)]
 23899 | D:13     | HP: 13/94 [??? (2)]
 23908 | D:13     | HP: 17/94 [??? (4)]
 23916 | D:13     | HP: 17/94 [??? (4)]
 23922 | D:13     | HP: 17/94 [??? (4)]
 23928 | D:13     | HP: 14/94 [??? (3)]
 23933 | D:13     | HP: 12/94 [??? (2)]
 23939 | D:13     | HP: 13/94 [??? (2)]
 23946 | D:13     | HP: 15/94 [??? (3)]
 23951 | D:13     | HP: 14/94 [??? (3)]
 23956 | D:13     | HP: 14/94 [??? (3)]
 23968 | D:13     | HP: 20/94 [??? (5)]
 23974 | D:13     | HP: 19/94 [??? (4)]
 23980 | D:13     | HP: 15/94 [??? (3)]
 23988 | D:13     | HP: 15/94 [??? (3)]
 24003 | D:13     | HP: 19/94 [??? (4)]
 24008 | D:13     | HP: 14/94 [??? (3)]
 24014 | D:13     | HP: 12/94 [??? (2)]
 24019 | D:13     | HP: 12/94 [??? (2)]
 24031 | D:13     | HP: 16/94 [??? (4)]
 24037 | D:13     | HP: 13/94 [??? (2)]
 24044 | D:13     | HP: 14/94 [??? (3)]
 24051 | D:13     | HP: 13/94 [??? (2)]
 24056 | D:13     | HP: 14/94 [??? (3)]
 24061 | D:13     | HP: 16/94 [??? (3)]
 24067 | D:13     | HP: 19/94 [??? (4)]
 24074 | D:13     | HP: 16/94 [??? (4)]
 24080 | D:13     | HP: 16/94 [??? (3)]
 24085 | D:13     | HP: 18/94 [??? (4)]
 24097 | D:13     | HP: 19/94 [??? (4)]
 24104 | D:13     | HP: 14/94 [??? (3)]
 24112 | D:13     | HP: 15/94 [??? (3)]
 24118 | D:13     | HP: 15/94 [??? (3)]
 24124 | D:13     | HP: 18/94 [??? (4)]
 24129 | D:13     | HP: 16/94 [??? (4)]
 24137 | D:13     | HP: 18/94 [??? (4)]
 24143 | D:13     | HP: 20/94 [??? (5)]
 24148 | D:13     | HP: 15/94 [??? (3)]
 24153 | D:13     | HP: 17/94 [??? (4)]
 24159 | D:13     | HP: 13/94 [??? (2)]
 24165 | D:13     | HP: 16/94 [??? (4)]
 24171 | D:13     | HP: 16/94 [??? (4)]
 24189 | D:13     | HP: 23/94 [??? (5)]
 24203 | D:13     | HP: 23/94 [??? (5)]
 24208 | D:13     | HP: 19/94 [??? (4)]
 24214 | D:13     | HP: 18/94 [??? (4)]
 24227 | D:13     | HP: 23/94 [??? (6)]
 24232 | D:13     | HP: 16/94 [??? (4)]
 24239 | D:13     | HP: 20/94 [??? (4)]
 24244 | D:13     | HP: 21/94 [??? (5)]
 24251 | D:13     | HP: 20/94 [??? (4)]
 24257 | D:13     | HP: 22/94 [??? (5)]
 24266 | D:13     | HP: 22/94 [??? (5)]
 24271 | D:13     | HP: 20/94 [??? (4)]
 24277 | D:13     | HP: 19/94 [??? (4)]
 24283 | D:13     | HP: 16/94 [??? (3)]
 24290 | D:13     | HP: 20/94 [??? (4)]
 24296 | D:13     | HP: 19/94 [??? (4)]
 24303 | D:13     | HP: 16/94 [??? (4)]
 24309 | D:13     | HP: 16/94 [??? (4)]
 24314 | D:13     | HP: 11/94 [??? (2)]
 24320 | D:13     | HP: 12/94 [??? (2)]
 24327 | D:13     | HP: 16/94 [??? (4)]
 24336 | D:13     | HP: 22/94 [??? (5)]
 24357 | D:13     | HP: 23/94 [??? (5)]
 24362 | D:13     | HP: 20/94 [??? (5)]
 24371 | D:13     | HP: 18/94 [??? (4)]
 24382 | D:13     | HP: 20/94 [??? (5)]
 24387 | D:13     | HP: 13/94 [??? (2)]
 24394 | D:13     | HP: 13/94 [??? (2)]
 24404 | D:13     | HP: 18/94 [??? (4)]
 24409 | D:13     | HP: 14/94 [??? (3)]
 24415 | D:13     | HP: 16/94 [??? (4)]
 24420 | D:13     | HP: 13/94 [??? (2)]
 24426 | D:13     | HP: 11/94 [??? (2)]
 24432 | D:13     | HP: 13/94 [??? (3)]
 24437 | D:13     | HP: 13/94 [??? (2)]
 24442 | D:13     | HP: 13/94 [??? (3)]
 24448 | D:13     | HP: 12/94 [??? (2)]
 24453 | D:13     | HP: 13/94 [??? (3)]
 24458 | D:13     | HP: 12/94 [??? (2)]
 24464 | D:13     | HP: 14/94 [??? (3)]
 24487 | D:13     | HP: 23/94 [??? (5)]
 24493 | D:13     | HP: 15/94 [??? (3)]
 24498 | D:13     | HP: 13/94 [??? (2)]
 24506 | D:13     | HP: 16/94 [??? (3)]
 24512 | D:13     | HP: 16/94 [??? (3)]
 24518 | D:13     | HP: 19/94 [??? (4)]
 24529 | D:13     | HP: 23/94 [??? (5)]
 24534 | D:13     | HP: 19/94 [??? (4)]
 24540 | D:13     | HP: 18/94 [??? (4)]
 24549 | D:13     | HP: 18/94 [??? (4)]
 24559 | D:13     | HP: 16/94 [??? (4)]
 24565 | D:13     | HP: 19/94 [??? (4)]
 24573 | D:13     | HP: 23/94 [??? (5)]
 24583 | D:13     | HP: 23/94 [??? (6)]
 24588 | D:13     | HP: 16/94 [??? (4)]
 24596 | D:13     | HP: 21/94 [??? (5)]
 24601 | D:13     | HP: 13/94 [??? (3)]
 24608 | D:13     | HP: 15/94 [??? (3)]
 24613 | D:13     | HP: 15/94 [??? (3)]
 24623 | D:13     | HP: 20/94 [??? (4)]
 24632 | D:13     | HP: 19/94 [??? (4)]
 24638 | D:13     | HP: 16/94 [??? (3)]
 24647 | D:13     | HP: 15/94 [??? (3)]
 24654 | D:13     | HP: 13/94 [??? (3)]
 24661 | D:13     | HP: 14/94 [??? (3)]
 24673 | D:13     | HP: 20/94 [??? (5)]
 24678 | D:13     | HP: 12/94 [??? (2)]
 24686 | D:13     | HP: 16/94 [??? (3)]
 24691 | D:13     | HP: 15/94 [??? (3)]
 24696 | D:13     | HP: 15/94 [??? (3)]
 24702 | D:13     | HP: 14/94 [??? (3)]
 24709 | D:13     | HP: 11/94 [??? (2)]
 24714 | D:13     | HP: 10/94 [??? (2)]
 24719 | D:13     | HP: 12/94 [??? (2)]
 24724 | D:13     | HP: 10/94 [??? (2)]
 24729 | D:13     | HP: 11/94 [??? (2)]
 24737 | D:13     | HP: 13/94 [??? (3)]
 24745 | D:13     | HP: 16/94 [??? (4)]
 24751 | D:13     | HP: 19/94 [??? (4)]
 24757 | D:13     | HP: 16/94 [??? (3)]
 24763 | D:13     | HP: 19/94 [??? (4)]
 24768 | D:13     | HP: 14/94 [??? (3)]
 24773 | D:13     | HP: 16/94 [??? (4)]
 24780 | D:13     | HP: 17/94 [??? (4)]
 24790 | D:13     | HP: 17/94 [??? (4)]
 24796 | D:13     | HP: 15/94 [??? (3)]
 24805 | D:13     | HP: 18/94 [??? (4)]
 24811 | D:13     | HP: 20/94 [??? (5)]
 24816 | D:13     | HP: 18/94 [??? (4)]
 24821 | D:13     | HP: 13/94 [??? (3)]
 24827 | D:13     | HP: 14/94 [??? (3)]
 24834 | D:13     | HP: 13/94 [??? (3)]
 24857 | D:13     | HP: 20/94 [??? (5)]
 24863 | D:13     | HP: 19/94 [??? (4)]
 24874 | D:13     | HP: 20/94 [??? (4)]
 24883 | D:13     | HP: 22/94 [??? (5)]
 24897 | D:13     | HP: 20/94 [??? (5)]
 24902 | D:13     | HP: 18/94 [??? (4)]
 24909 | D:13     | HP: 18/94 [??? (4)]
 24914 | D:13     | HP: 10/94 [??? (2)]
 24922 | D:13     | HP: 15/94 [??? (3)]
 24927 | D:13     | HP: 14/94 [??? (3)]
 24937 | D:13     | HP: 17/94 [??? (4)]
 24942 | D:13     | HP: 16/94 [??? (3)]
 24949 | D:13     | HP: 16/94 [??? (3)]
 24954 | D:13     | HP: 12/94 [??? (2)]
 24959 | D:13     | HP: 10/94 [??? (2)]
 24966 | D:13     | HP: 13/94 [??? (3)]
 24971 | D:13     | HP: 14/94 [??? (3)]
 24976 | D:13     | HP: 11/94 [??? (2)]
 24982 | D:13     | HP: 15/94 [??? (3)]
 24990 | D:13     | HP: 16/94 [??? (3)]
 25000 | D:13     | HP: 18/94 [??? (4)]
 25005 | D:13     | HP: 17/94 [??? (4)]
 25011 | D:13     | HP: 10/94 [??? (2)]
 25018 | D:13     | HP: 15/94 [??? (3)]
 25025 | D:13     | HP: 14/94 [??? (3)]
 25030 | D:13     | HP: 14/94 [??? (3)]
 25036 | D:13     | HP: 15/94 [??? (3)]
 25041 | D:13     | HP: 12/94 [??? (2)]
 25051 | D:13     | HP: 15/94 [??? (3)]
 25059 | D:13     | HP: 16/94 [??? (3)]
 25064 | D:13     | HP: 15/94 [??? (3)]
 25069 | D:13     | HP: 15/94 [??? (3)]
 25075 | D:13     | HP: 17/94 [??? (4)]
 25101 | D:13     | HP: 23/94 [??? (6)]
 25106 | D:13     | HP: 20/94 [??? (4)]
 25111 | D:13     | HP: 18/94 [??? (4)]
 25116 | D:13     | HP: 14/94 [??? (3)]
 25129 | D:13     | HP: 18/94 [??? (4)]
 25142 | D:13     | HP: 22/94 [??? (5)]
 25151 | D:13     | HP: 21/94 [??? (5)]
 25159 | D:13     | HP: 18/94 [??? (4)]
 25164 | D:13     | HP: 16/94 [??? (4)]
 25174 | D:13     | HP: 20/94 [??? (4)]
 25179 | D:13     | HP: 21/94 [??? (5)]
 25194 | D:13     | HP: 21/94 [??? (5)]
 25203 | D:13     | HP: 17/94 [??? (4)]
 25208 | D:13     | HP: 13/94 [??? (2)]
 25214 | D:13     | HP: 14/94 [??? (3)]
 25223 | D:13     | HP: 16/94 [??? (4)]
 25228 | D:13     | HP: 13/94 [??? (2)]
 25235 | D:13     | HP: 16/94 [??? (3)]
 25241 | D:13     | HP: 13/94 [??? (2)]
 25249 | D:13     | HP: 13/94 [??? (3)]
 25254 | D:13     | HP: 13/94 [??? (3)]
 25259 | D:13     | HP: 16/94 [??? (3)]
 25264 | D:13     | HP: 18/94 [??? (4)]
 25272 | D:13     | HP: 17/94 [??? (4)]
 25280 | D:13     | HP: 18/94 [??? (4)]
 25285 | D:13     | HP: 20/94 [??? (4)]
 25290 | D:13     | HP: 18/94 [??? (4)]
 25296 | D:13     | HP: 13/94 [??? (3)]
 25304 | D:13     | HP: 13/94 [??? (3)]
 25316 | D:13     | HP: 18/94 [??? (4)]
 25322 | D:13     | HP: 17/94 [??? (4)]
 25330 | D:13     | HP: 16/94 [??? (3)]
 25336 | D:13     | HP: 12/94 [??? (2)]
 25343 | D:13     | HP: 12/94 [??? (2)]
 25350 | D:13     | HP: 16/94 [??? (4)]
 25356 | D:13     | HP: 14/94 [??? (3)]
 25363 | D:13     | HP: 16/94 [??? (4)]
 25368 | D:13     | HP: 13/94 [??? (2)]
 25373 | D:13     | HP: 13/94 [??? (2)]
 25379 | D:13     | HP: 14/94 [??? (3)]
 25391 | D:13     | HP: 17/94 [??? (4)]
 25398 | D:13     | HP: 18/94 [??? (4)]
 25404 | D:13     | HP: 13/94 [??? (2)]
 25409 | D:13     | HP: 14/94 [??? (3)]
 25414 | D:13     | HP: 10/94 [??? (2)]
 25421 | D:13     | HP: 15/94 [??? (3)]
 25426 | D:13     | HP: 10/94 [??? (2)]
 25432 | D:13     | HP: 13/94 [??? (2)]
 25438 | D:13     | HP: 13/94 [??? (2)]
 25449 | D:13     | HP: 17/94 [??? (4)]
 25457 | D:13     | HP: 18/94 [??? (4)]
 25462 | D:13     | HP: 20/94 [??? (4)]
 25471 | D:13     | HP: 16/94 [??? (4)]
 25479 | D:13     | HP: 18/94 [??? (4)]
 25493 | D:13     | HP: 22/94 [??? (5)]
 25500 | D:13     | HP: 21/94 [??? (5)]
 25508 | D:13     | HP: 18/94 [??? (4)]
 25513 | D:13     | HP: 20/94 [??? (4)]
 25523 | D:13     | HP: 23/94 [??? (5)]
 25528 | D:13     | HP: 19/94 [??? (4)]
 25533 | D:13     | HP: 17/94 [??? (4)]
 25539 | D:13     | HP: 16/94 [??? (4)]
 25552 | D:13     | HP: 23/94 [??? (5)]
 25558 | D:13     | HP: 20/94 [??? (5)]
 25573 | D:13     | HP: 20/94 [??? (4)]
 25582 | D:13     | HP: 21/94 [??? (5)]
 25599 | D:13     | HP: 23/94 [??? (6)]
 25604 | D:13     | HP: 23/94 [??? (6)]
 25612 | D:13     | HP: 22/94 [??? (5)]
 25623 | D:13     | HP: 22/94 [??? (5)]
 25628 | D:13     | HP: 18/94 [??? (4)]
 25640 | D:13     | HP: 19/94 [??? (4)]
 25644 | D:13     | HP: 9/94 [??? (1)]
 25650 | D:13     | HP: 13/94 [??? (2)]
 25657 | D:13     | HP: 16/94 [??? (3)]
 25664 | D:13     | HP: 13/94 [??? (3)]
 25669 | D:13     | HP: 14/94 [??? (3)]
 25678 | D:13     | HP: 16/94 [??? (3)]
 25683 | D:13     | HP: 14/94 [??? (3)]
 25689 | D:13     | HP: 17/94 [??? (4)]
 25694 | D:13     | HP: 13/94 [??? (2)]
 25701 | D:13     | HP: 17/94 [??? (4)]
 25707 | D:13     | HP: 16/94 [??? (4)]
 25713 | D:13     | HP: 13/94 [??? (3)]
 25720 | D:13     | HP: 16/94 [??? (3)]
 25725 | D:13     | HP: 11/94 [??? (2)]
 25731 | D:13     | HP: 13/94 [??? (3)]
 25738 | D:13     | HP: 15/94 [??? (3)]
 25744 | D:13     | HP: 13/94 [??? (2)]
 25751 | D:13     | HP: 15/94 [??? (3)]
 25764 | D:13     | HP: 23/94 [??? (5)]
 25771 | D:13     | HP: 21/94 [??? (5)]
 25776 | D:13     | HP: 16/94 [??? (3)]
 25782 | D:13     | HP: 19/94 [??? (4)]
 25791 | D:13     | HP: 20/94 [??? (5)]
 25796 | D:13     | HP: 13/94 [??? (3)]
 25801 | D:13     | HP: 13/94 [??? (2)]
 25806 | D:13     | HP: 12/94 [??? (2)]
 25811 | D:13     | HP: 12/94 [??? (2)]
 25818 | D:13     | HP: 13/94 [??? (3)]
 25824 | D:13     | HP: 13/94 [??? (3)]
 25831 | D:13     | HP: 13/94 [??? (2)]
 25840 | D:13     | HP: 16/94 [??? (3)]
 25845 | D:13     | HP: 12/94 [??? (2)]
 25851 | D:13     | HP: 14/94 [??? (3)]
 25858 | D:13     | HP: 14/94 [??? (3)]
 25866 | D:13     | HP: 19/94 [??? (4)]
 25880 | D:13     | HP: 21/94 [??? (5)]
 25885 | D:13     | HP: 19/94 [??? (4)]
 25893 | D:13     | HP: 20/94 [??? (4)]
 25899 | D:13     | HP: 19/94 [??? (4)]
 25908 | D:13     | HP: 20/94 [??? (5)]
 25913 | D:13     | HP: 11/94 [??? (2)]
 25923 | D:13     | HP: 16/94 [??? (3)]
 25930 | D:13     | HP: 16/94 [??? (4)]
 25935 | D:13     | HP: 13/94 [??? (2)]
 25943 | D:13     | HP: 15/94 [??? (3)]
 25948 | D:13     | HP: 12/94 [??? (2)]
 25953 | D:13     | HP: 10/94 [??? (2)]
 25959 | D:13     | HP: 14/94 [??? (3)]
 25964 | D:13     | HP: 13/94 [??? (3)]
 25971 | D:13     | HP: 14/94 [??? (3)]
 25976 | D:13     | HP: 14/94 [??? (3)]
 25981 | D:13     | HP: 11/94 [??? (2)]
 25986 | D:13     | HP: 11/94 [??? (2)]
 25993 | D:13     | HP: 12/94 [??? (2)]
 25999 | D:13     | HP: 16/94 [??? (3)]
 26004 | D:13     | HP: 15/94 [??? (3)]
 26011 | D:13     | HP: 14/94 [??? (3)]
 26016 | D:13     | HP: 14/94 [??? (3)]
 26028 | D:13     | HP: 16/94 [??? (4)]
 26033 | D:13     | HP: 13/94 [??? (2)]
 26038 | D:13     | HP: 14/94 [??? (3)]
 26043 | D:13     | HP: 12/94 [??? (2)]
 26048 | D:13     | HP: 10/94 [??? (2)]
 26054 | D:13     | HP: 13/94 [??? (2)]
 26065 | D:13     | HP: 17/94 [??? (4)]
 26074 | D:13     | HP: 19/94 [??? (4)]
 26079 | D:13     | HP: 14/94 [??? (3)]
 26087 | D:13     | HP: 13/94 [??? (2)]
 26099 | D:13     | HP: 18/94 [??? (4)]
 26111 | D:13     | HP: 20/94 [??? (5)]
 26119 | D:13     | HP: 20/94 [??? (5)]
 26129 | D:13     | HP: 16/94 [??? (4)]
 26145 | D:13     | HP: 23/94 [??? (5)]
 26154 | D:13     | HP: 23/94 [??? (5)]
 26179 | D:13     | HP: 22/94 [??? (5)]
 26186 | D:13     | HP: 13/94 [??? (3)]
 26193 | D:13     | HP: 16/94 [??? (3)]
 26199 | D:13     | HP: 16/94 [??? (3)]
 26204 | D:13     | HP: 11/94 [??? (2)]
 26209 | D:13     | HP: 12/94 [??? (2)]
 26221 | D:13     | HP: 17/94 [??? (4)]
 26226 | D:13     | HP: 12/94 [??? (2)]
 26231 | D:13     | HP: 15/94 [??? (3)]
 26242 | D:13     | HP: 16/94 [??? (4)]
 26249 | D:13     | HP: 17/94 [??? (4)]
 26256 | D:13     | HP: 18/94 [??? (4)]
 26261 | D:13     | HP: 16/94 [??? (3)]
 26267 | D:13     | HP: 16/94 [??? (4)]
 26272 | D:13     | HP: 12/94 [??? (2)]
 26279 | D:13     | HP: 13/94 [??? (3)]
 26288 | D:13     | HP: 13/94 [??? (3)]
 26295 | D:13     | HP: 13/94 [??? (3)]
 26300 | D:13     | HP: 12/94 [??? (2)]
 26305 | D:13     | HP: 13/94 [??? (3)]
 26311 | D:13     | HP: 13/94 [??? (2)]
 26321 | D:13     | HP: 17/94 [??? (4)]
 26326 | D:13     | HP: 16/94 [??? (3)]
 26336 | D:13     | HP: 18/94 [??? (4)]
 26343 | D:13     | HP: 21/94 [??? (5)]
 26347 | D:13     | HP: 10/94 [??? (1)]
 26352 | D:13     | HP: 10/94 [??? (2)]
 26358 | D:13     | HP: 14/94 [??? (3)]
 26373 | D:13     | HP: 23/94 [??? (5)]
 26378 | D:13     | HP: 20/94 [??? (5)]
 26389 | D:13     | HP: 20/94 [??? (5)]
 26394 | D:13     | HP: 14/94 [??? (3)]
 26399 | D:13     | HP: 15/94 [??? (3)]
 26407 | D:13     | HP: 20/94 [??? (4)]
 26412 | D:13     | HP: 18/94 [??? (4)]
 26419 | D:13     | HP: 16/94 [??? (3)]
 26426 | D:13     | HP: 15/94 [??? (3)]
 26431 | D:13     | HP: 15/94 [??? (3)]
 26439 | D:13     | HP: 18/94 [??? (4)]
 26446 | D:13     | HP: 18/94 [??? (4)]
 26451 | D:13     | HP: 13/94 [??? (2)]
 26460 | D:13     | HP: 19/94 [??? (4)]
 26467 | D:13     | HP: 19/94 [??? (4)]
 26473 | D:13     | HP: 18/94 [??? (4)]
 26479 | D:13     | HP: 15/94 [??? (3)]
 26485 | D:13     | HP: 16/94 [??? (3)]
 26492 | D:13     | HP: 15/94 [??? (3)]
 26498 | D:13     | HP: 14/94 [??? (3)]
 26505 | D:13     | HP: 18/94 [??? (4)]
 26511 | D:13     | HP: 18/94 [??? (4)]
 26516 | D:13     | HP: 11/94 [??? (2)]
 26532 | D:13     | HP: 20/94 [??? (5)]
 26538 | D:13     | HP: 16/94 [??? (3)]
 26544 | D:13     | HP: 16/94 [??? (4)]
 26555 | D:13     | HP: 20/94 [??? (4)]
 26566 | D:13     | HP: 20/94 [??? (5)]
 26575 | D:13     | HP: 18/94 [??? (4)]
 26583 | D:13     | HP: 20/94 [??? (4)]
 26588 | D:13     | HP: 13/94 [??? (3)]
 26594 | D:13     | HP: 14/94 [??? (3)]
 26612 | D:13     | HP: 22/94 [??? (5)]
 26618 | D:13     | HP: 20/94 [??? (5)]
 26626 | D:13     | HP: 23/94 [??? (6)]
 26634 | D:13     | HP: 20/94 [??? (4)]
 26640 | D:13     | HP: 22/94 [??? (5)]
 26649 | D:13     | HP: 23/94 [??? (5)]
 26655 | D:13     | HP: 20/94 [??? (4)]
 26662 | D:13     | HP: 20/94 [??? (5)]
 26669 | D:13     | HP: 14/94 [??? (3)]
 26676 | D:13     | HP: 14/94 [??? (3)]
 26685 | D:13     | HP: 17/94 [??? (4)]
 26702 | D:13     | HP: 23/94 [??? (5)]
 26708 | D:13     | HP: 17/94 [??? (4)]
 26715 | D:13     | HP: 16/94 [??? (3)]
 26722 | D:13     | HP: 14/94 [??? (3)]
 26728 | D:13     | HP: 13/94 [??? (2)]
 26735 | D:13     | HP: 11/94 [??? (2)]
 26740 | D:13     | HP: 10/94 [??? (1)]
 26749 | D:13     | HP: 16/94 [??? (3)]
 26758 | D:13     | HP: 19/94 [??? (4)]
 26763 | D:13     | HP: 17/94 [??? (4)]
 26769 | D:13     | HP: 15/94 [??? (3)]
 26777 | D:13     | HP: 14/94 [??? (3)]
 26782 | D:13     | HP: 14/94 [??? (3)]
 26789 | D:13     | HP: 16/94 [??? (3)]
 26796 | D:13     | HP: 15/94 [??? (3)]
 26801 | D:13     | HP: 10/94 [??? (2)]
 26806 | D:13     | HP: 12/94 [??? (2)]
 26812 | D:13     | HP: 11/94 [??? (2)]
 26817 | D:13     | HP: 11/94 [??? (2)]
 26830 | D:13     | HP: 18/94 [??? (4)]
 26835 | D:13     | HP: 16/94 [??? (4)]
 26844 | D:13     | HP: 17/94 [??? (4)]
 26849 | D:13     | HP: 13/94 [??? (2)]
 26855 | D:13     | HP: 16/94 [??? (3)]
 26860 | D:13     | HP: 13/94 [??? (3)]
 26866 | D:13     | HP: 13/94 [??? (2)]
 26871 | D:13     | HP: 12/94 [??? (2)]
 26876 | D:13     | HP: 15/94 [??? (3)]
 26888 | D:13     | HP: 20/94 [??? (5)]
 26894 | D:13     | HP: 13/94 [??? (3)]
 26900 | D:13     | HP: 13/94 [??? (3)]
 26908 | D:13     | HP: 16/94 [??? (4)]
 26919 | D:13     | HP: 20/94 [??? (5)]
 26929 | D:13     | HP: 20/94 [??? (4)]
 26937 | D:13     | HP: 18/94 [??? (4)]
 26942 | D:13     | HP: 15/94 [??? (3)]
 26952 | D:13     | HP: 16/94 [??? (4)]
 26957 | D:13     | HP: 13/94 [??? (2)]
 26980 | D:13     | HP: 22/94 [??? (5)]
 26986 | D:13     | HP: 15/94 [??? (3)]
 26991 | D:13     | HP: 17/94 [??? (4)]
 26998 | D:13     | HP: 20/94 [??? (5)]
 27003 | D:13     | HP: 13/94 [??? (3)]
 27008 | D:13     | HP: 10/94 [??? (2)]
 27013 | D:13     | HP: 11/94 [??? (2)]
 27019 | D:13     | HP: 15/94 [??? (3)]
 27024 | D:13     | HP: 13/94 [??? (2)]
 27038 | D:13     | HP: 20/94 [??? (5)]
 27045 | D:13     | HP: 20/94 [??? (4)]
 27050 | D:13     | HP: 14/94 [??? (3)]
 27055 | D:13     | HP: 12/94 [??? (2)]
 27064 | D:13     | HP: 17/94 [??? (4)]
 27070 | D:13     | HP: 15/94 [??? (3)]
 27076 | D:13     | HP: 18/94 [??? (4)]
 27081 | D:13     | HP: 14/94 [??? (3)]
 27088 | D:13     | HP: 13/94 [??? (2)]
 27094 | D:13     | HP: 14/94 [??? (3)]
 27099 | D:13     | HP: 16/94 [??? (4)]
 27104 | D:13     | HP: 18/94 [??? (4)]
 27114 | D:13     | HP: 23/94 [??? (6)]
 27123 | D:13     | HP: 23/94 [??? (6)]
 27129 | D:13     | HP: 20/94 [??? (5)]
 27136 | D:13     | HP: 15/94 [??? (3)]
 27142 | D:13     | HP: 14/94 [??? (3)]
 27147 | D:13     | HP: 13/94 [??? (3)]
 27154 | D:13     | HP: 15/94 [??? (3)]
 27159 | D:13     | HP: 13/94 [??? (2)]
 27165 | D:13     | HP: 13/94 [??? (3)]
 27173 | D:13     | HP: 18/94 [??? (4)]
 27180 | D:13     | HP: 16/94 [??? (4)]
 27186 | D:13     | HP: 15/94 [??? (3)]
 27194 | D:13     | HP: 14/94 [??? (3)]
 27199 | D:13     | HP: 13/94 [??? (3)]
 27208 | D:13     | HP: 19/94 [??? (4)]
 27215 | D:13     | HP: 13/94 [??? (3)]
 27229 | D:13     | HP: 22/94 [??? (5)]
 27234 | D:13     | HP: 22/94 [??? (5)]
 27241 | D:13     | HP: 20/94 [??? (5)]
 27246 | D:13     | HP: 21/94 [??? (5)]
 27251 | D:13     | HP: 13/94 [??? (2)]
 27257 | D:13     | HP: 16/94 [??? (4)]
 27266 | D:13     | HP: 16/94 [??? (4)]
 27271 | D:13     | HP: 15/94 [??? (3)]
 27279 | D:13     | HP: 15/94 [??? (3)]
 27285 | D:13     | HP: 15/94 [??? (3)]
 27293 | D:13     | HP: 15/94 [??? (3)]
 27299 | D:13     | HP: 16/94 [??? (3)]
 27304 | D:13     | HP: 13/94 [??? (2)]
 27309 | D:13     | HP: 13/94 [??? (2)]
 27314 | D:13     | HP: 10/94 [??? (1)]
 27319 | D:13     | HP: 13/94 [??? (3)]
 27324 | D:13     | HP: 13/94 [??? (2)]
 27330 | D:13     | HP: 12/94 [??? (2)]
 27335 | D:13     | HP: 14/94 [??? (3)]
 27344 | D:13     | HP: 16/94 [??? (3)]
 27371 | D:13     | HP: 21/94 [??? (5)]
 27376 | D:13     | HP: 19/94 [??? (4)]
 27384 | D:13     | HP: 14/94 [??? (3)]
 27396 | D:13     | HP: 23/94 [??? (5)]
 27402 | D:13     | HP: 21/94 [??? (5)]
 27410 | D:13     | HP: 18/94 [??? (4)]
 27416 | D:13     | HP: 17/94 [??? (4)]
 27421 | D:13     | HP: 16/94 [??? (3)]
 27428 | D:13     | HP: 15/94 [??? (3)]
 27433 | D:13     | HP: 16/94 [??? (3)]
 27438 | D:13     | HP: 15/94 [??? (3)]
 27444 | D:13     | HP: 13/94 [??? (2)]
 27449 | D:13     | HP: 11/94 [??? (2)]
 27458 | D:13     | HP: 16/94 [??? (3)]
 27468 | D:13     | HP: 16/94 [??? (3)]
 27479 | D:13     | HP: 21/94 [??? (5)]
 27484 | D:13     | HP: 14/94 [??? (3)]
 27490 | D:13     | HP: 13/94 [??? (2)]
 27496 | D:13     | HP: 13/94 [??? (3)]
 27501 | D:13     | HP: 12/94 [??? (2)]
 27507 | D:13     | HP: 11/94 [??? (2)]
 27515 | D:13     | HP: 12/94 [??? (2)]
 27520 | D:13     | HP: 13/94 [??? (2)]
 27526 | D:13     | HP: 13/94 [??? (2)]
 27531 | D:13     | HP: 14/94 [??? (3)]
 27536 | D:13     | HP: 11/94 [??? (2)]
 27544 | D:13     | HP: 13/94 [??? (3)]
 27550 | D:13     | HP: 16/94 [??? (4)]
 27556 | D:13     | HP: 14/94 [??? (3)]
 27562 | D:13     | HP: 16/94 [??? (3)]
 27569 | D:13     | HP: 16/94 [??? (3)]
 27575 | D:13     | HP: 13/94 [??? (2)]
 27584 | D:13     | HP: 15/94 [??? (3)]
 27593 | D:13     | HP: 20/94 [??? (5)]
 27598 | D:13     | HP: 16/94 [??? (3)]
 27603 | D:13     | HP: 13/94 [??? (3)]
 27609 | D:13     | HP: 12/94 [??? (2)]
 27615 | D:13     | HP: 12/94 [??? (2)]
 27621 | D:13     | HP: 13/94 [??? (3)]
 27626 | D:13     | HP: 16/94 [??? (3)]
 27634 | D:13     | HP: 18/94 [??? (4)]
 27644 | D:13     | HP: 20/94 [??? (4)]
 27650 | D:13     | HP: 16/94 [??? (3)]
 27656 | D:13     | HP: 15/94 [??? (3)]
 27661 | D:13     | HP: 16/94 [??? (4)]
 27666 | D:13     | HP: 18/94 [??? (4)]
 27674 | D:13     | HP: 20/94 [??? (4)]
 27680 | D:13     | HP: 16/94 [??? (3)]
 27699 | D:13     | HP: 21/94 [??? (5)]
 27706 | D:13     | HP: 15/94 [??? (3)]
 27711 | D:13     | HP: 14/94 [??? (3)]
 27719 | D:13     | HP: 15/94 [??? (3)]
 27725 | D:13     | HP: 18/94 [??? (4)]
 27730 | D:13     | HP: 12/94 [??? (2)]
 27739 | D:13     | HP: 16/94 [??? (3)]
 27747 | D:13     | HP: 20/94 [??? (5)]
 27758 | D:13     | HP: 16/94 [??? (3)]
 27763 | D:13     | HP: 13/94 [??? (3)]
 27768 | D:13     | HP: 11/94 [??? (2)]
 27774 | D:13     | HP: 10/94 [??? (2)]
 27779 | D:13     | HP: 12/94 [??? (2)]
 27784 | D:13     | HP: 12/94 [??? (2)]
 27789 | D:13     | HP: 11/94 [??? (2)]
 27795 | D:13     | HP: 10/94 [??? (2)]
 27802 | D:13     | HP: 16/94 [??? (3)]
 27807 | D:13     | HP: 10/94 [??? (2)]
 27816 | D:13     | HP: 17/94 [??? (4)]
 27822 | D:13     | HP: 15/94 [??? (3)]
 27837 | D:13     | HP: 21/94 [??? (5)]
 27843 | D:13     | HP: 23/94 [??? (5)]
 27848 | D:13     | HP: 23/94 [??? (5)]
 27853 | D:13     | HP: 20/94 [??? (4)]
 27859 | D:13     | HP: 13/94 [??? (3)]
 27865 | D:13     | HP: 16/94 [??? (4)]
 27872 | D:13     | HP: 13/94 [??? (3)]
 27882 | D:13     | HP: 17/94 [??? (4)]
 27890 | D:13     | HP: 16/94 [??? (4)]
 27896 | D:13     | HP: 19/94 [??? (4)]
 27901 | D:13     | HP: 16/94 [??? (4)]
 27908 | D:13     | HP: 16/94 [??? (4)]
 27913 | D:13     | HP: 16/94 [??? (3)]
 27920 | D:13     | HP: 15/94 [??? (3)]
 27928 | D:13     | HP: 20/94 [??? (4)]
 27933 | D:13     | HP: 16/94 [??? (3)]
 27943 | D:13     | HP: 18/94 [??? (4)]
 27948 | D:13     | HP: 13/94 [??? (3)]
 27953 | D:13     | HP: 11/94 [??? (2)]
 27966 | D:13     | HP: 18/94 [??? (4)]
 27975 | D:13     | HP: 23/94 [??? (5)]
 27980 | D:13     | HP: 23/94 [??? (6)]
 27986 | D:13     | HP: 21/94 [??? (5)]
 27994 | D:13     | HP: 18/94 [??? (4)]
 27999 | D:13     | HP: 11/94 [??? (2)]
 28006 | D:13     | HP: 14/94 [??? (3)]
 28014 | D:13     | HP: 15/94 [??? (3)]
 28019 | D:13     | HP: 14/94 [??? (3)]
 28029 | D:13     | HP: 15/94 [??? (3)]
 28035 | D:13     | HP: 10/94 [??? (2)]
 28042 | D:13     | HP: 14/94 [??? (3)]
 28049 | D:13     | HP: 16/94 [??? (4)]
 28054 | D:13     | HP: 15/94 [??? (3)]
 28059 | D:13     | HP: 17/94 [??? (4)]
 28077 | D:13     | HP: 20/94 [??? (5)]
 28084 | D:13     | HP: 23/94 [??? (5)]
 28089 | D:13     | HP: 15/94 [??? (3)]
 28095 | D:13     | HP: 17/94 [??? (4)]
 28101 | D:13     | HP: 20/94 [??? (4)]
 28108 | D:13     | HP: 14/94 [??? (3)]
 28114 | D:13     | HP: 13/94 [??? (3)]
 28120 | D:13     | HP: 14/94 [??? (3)]
 28126 | D:13     | HP: 17/94 [??? (4)]
 28131 | D:13     | HP: 11/94 [??? (2)]
 28136 | D:13     | HP: 13/94 [??? (2)]
 28143 | D:13     | HP: 13/94 [??? (3)]
 28148 | D:13     | HP: 12/94 [??? (2)]
 28153 | D:13     | HP: 12/94 [??? (2)]
 28159 | D:13     | HP: 11/94 [??? (2)]
 28164 | D:13     | HP: 12/94 [??? (2)]
 28174 | D:13     | HP: 16/94 [??? (3)]
 28182 | D:13     | HP: 19/94 [??? (4)]
 28189 | D:13     | HP: 16/94 [??? (3)]
 28201 | D:13     | HP: 21/94 [??? (5)]
 28207 | D:13     | HP: 20/94 [??? (4)]
 28213 | D:13     | HP: 13/94 [??? (2)]
 28218 | D:13     | HP: 13/94 [??? (3)]
 28225 | D:13     | HP: 15/94 [??? (3)]
 28240 | D:13     | HP: 23/94 [??? (6)]
 28246 | D:13     | HP: 20/94 [??? (5)]
 28253 | D:13     | HP: 20/94 [??? (4)]
 28260 | D:13     | HP: 17/94 [??? (4)]
 28270 | D:13     | HP: 21/94 [??? (5)]
 28275 | D:13     | HP: 21/94 [??? (5)]
 28280 | D:13     | HP: 19/94 [??? (4)]
 28287 | D:13     | HP: 16/94 [??? (4)]
 28293 | D:13     | HP: 14/94 [??? (3)]
 28299 | D:13     | HP: 13/94 [??? (2)]
 28304 | D:13     | HP: 16/94 [??? (3)]
 28314 | D:13     | HP: 19/94 [??? (4)]
 28324 | D:13     | HP: 16/94 [??? (4)]
 28329 | D:13     | HP: 15/94 [??? (3)]
 28336 | D:13     | HP: 16/94 [??? (4)]
 28342 | D:13     | HP: 19/94 [??? (4)]
 28350 | D:13     | HP: 13/94 [??? (2)]
 28359 | D:13     | HP: 16/94 [??? (3)]
 28364 | D:13     | HP: 13/94 [??? (3)]
 28372 | D:13     | HP: 16/94 [??? (3)]
 28378 | D:13     | HP: 13/94 [??? (2)]
 28383 | D:13     | HP: 12/94 [??? (2)]
 28400 | D:13     | HP: 23/94 [??? (6)]
 28406 | D:13     | HP: 15/94 [??? (3)]
 28411 | D:13     | HP: 10/94 [??? (1)]
 28417 | D:13     | HP: 13/94 [??? (2)]
 28426 | D:13     | HP: 16/94 [??? (3)]
 28433 | D:13     | HP: 11/94 [??? (2)]
 28439 | D:13     | HP: 13/94 [??? (3)]
 28445 | D:13     | HP: 16/94 [??? (4)]
 28453 | D:13     | HP: 15/94 [??? (3)]
 28463 | D:13     | HP: 22/94 [??? (5)]
 28469 | D:13     | HP: 15/94 [??? (3)]
 28484 | D:13     | HP: 23/94 [??? (6)]
 28493 | D:13     | HP: 18/94 [??? (4)]
 28499 | D:13     | HP: 18/94 [??? (4)]
 28505 | D:13     | HP: 20/94 [??? (5)]
 28511 | D:13     | HP: 19/94 [??? (4)]
 28521 | D:13     | HP: 14/94 [??? (3)]
 28529 | D:13     | HP: 13/94 [??? (3)]
 28534 | D:13     | HP: 10/94 [??? (2)]
 28545 | D:13     | HP: 18/94 [??? (4)]
 28551 | D:13     | HP: 17/94 [??? (4)]
 28556 | D:13     | HP: 16/94 [??? (4)]
 28563 | D:13     | HP: 17/94 [??? (4)]
 28569 | D:13     | HP: 20/94 [??? (4)]
 28584 | D:13     | HP: 21/94 [??? (5)]
 28591 | D:13     | HP: 23/94 [??? (6)]
 28596 | D:13     | HP: 20/94 [??? (5)]
 28602 | D:13     | HP: 19/94 [??? (4)]
 28607 | D:13     | HP: 15/94 [??? (3)]
 28613 | D:13     | HP: 16/94 [??? (3)]
 28623 | D:13     | HP: 17/94 [??? (4)]
 28628 | D:13     | HP: 16/94 [??? (3)]
 28634 | D:13     | HP: 19/94 [??? (4)]
 28641 | D:13     | HP: 22/94 [??? (5)]
 28646 | D:13     | HP: 16/94 [??? (3)]
 28652 | D:13     | HP: 19/94 [??? (4)]
 28661 | D:13     | HP: 18/94 [??? (4)]
 28669 | D:13     | HP: 20/94 [??? (4)]
 28676 | D:13     | HP: 16/94 [??? (3)]
 28683 | D:13     | HP: 13/94 [??? (3)]
 28688 | D:13     | HP: 13/94 [??? (2)]
 28693 | D:13     | HP: 16/94 [??? (3)]
 28699 | D:13     | HP: 14/94 [??? (3)]
 28704 | D:13     | HP: 14/94 [??? (3)]
 28711 | D:13     | HP: 16/94 [??? (4)]
 28716 | D:13     | HP: 12/94 [??? (2)]
 28723 | D:13     | HP: 12/94 [??? (2)]
 28729 | D:13     | HP: 13/94 [??? (2)]
 28734 | D:13     | HP: 12/94 [??? (2)]
 28740 | D:13     | HP: 16/94 [??? (3)]
 28750 | D:13     | HP: 18/94 [??? (4)]
 28755 | D:13     | HP: 13/94 [??? (2)]
 28763 | D:13     | HP: 13/94 [??? (2)]
 28768 | D:13     | HP: 12/94 [??? (2)]
 28773 | D:13     | HP: 15/94 [??? (3)]
 28778 | D:13     | HP: 13/94 [??? (2)]
 28785 | D:13     | HP: 15/94 [??? (3)]
 28791 | D:13     | HP: 14/94 [??? (3)]
 28796 | D:13     | HP: 15/94 [??? (3)]
 28801 | D:13     | HP: 10/94 [??? (1)]
 28810 | D:13     | HP: 17/94 [??? (4)]
 28818 | D:13     | HP: 15/94 [??? (3)]
 28825 | D:13     | HP: 11/94 [??? (2)]
 28833 | D:13     | HP: 13/94 [??? (3)]
 28839 | D:13     | HP: 16/94 [??? (4)]
 28845 | D:13     | HP: 13/94 [??? (3)]
 28851 | D:13     | HP: 12/94 [??? (2)]
 28856 | D:13     | HP: 12/94 [??? (2)]
 28862 | D:13     | HP: 14/94 [??? (3)]
 28873 | D:13     | HP: 18/94 [??? (4)]
 28880 | D:13     | HP: 13/94 [??? (2)]
 28888 | D:13     | HP: 16/94 [??? (3)]
 28893 | D:13     | HP: 15/94 [??? (3)]
 28898 | D:13     | HP: 17/94 [??? (4)]
 28903 | D:13     | HP: 14/94 [??? (3)]
 28911 | D:13     | HP: 19/94 [??? (4)]
 28923 | D:13     | HP: 23/94 [??? (6)]
 28928 | D:13     | HP: 19/94 [??? (4)]
 28937 | D:13     | HP: 21/94 [??? (5)]
 28943 | D:13     | HP: 16/94 [??? (4)]
 28948 | D:13     | HP: 15/94 [??? (3)]
 28957 | D:13     | HP: 18/94 [??? (4)]
 28965 | D:13     | HP: 16/94 [??? (4)]
 28972 | D:13     | HP: 20/94 [??? (4)]
 28978 | D:13     | HP: 22/94 [??? (5)]
 28984 | D:13     | HP: 23/94 [??? (6)]
 28990 | D:13     | HP: 20/94 [??? (5)]
 28995 | D:13     | HP: 20/94 [??? (5)]
 29004 | D:13     | HP: 22/94 [??? (5)]
 29009 | D:13     | HP: 20/94 [??? (4)]
 29016 | D:13     | HP: 16/94 [??? (4)]
 29021 | D:13     | HP: 13/94 [??? (2)]
 29028 | D:13     | HP: 15/94 [??? (3)]
 29033 | D:13     | HP: 17/94 [??? (4)]
 29038 | D:13     | HP: 14/94 [??? (3)]
 29043 | D:13     | HP: 13/94 [??? (2)]
 29049 | D:13     | HP: 10/94 [??? (2)]
 29055 | D:13     | HP: 10/94 [??? (2)]
 29060 | D:13     | HP: 13/94 [??? (3)]
 29068 | D:13     | HP: 16/94 [??? (3)]
 29073 | D:13     | HP: 18/94 [??? (4)]
 29082 | D:13     | HP: 19/94 [??? (4)]
 29089 | D:13     | HP: 16/94 [??? (4)]
 29098 | D:13     | HP: 17/94 [??? (4)]
 29105 | D:13     | HP: 17/94 [??? (4)]
 29114 | D:13     | HP: 22/94 [??? (5)]
 29120 | D:13     | HP: 20/94 [??? (4)]
 29125 | D:13     | HP: 18/94 [??? (4)]
 29131 | D:13     | HP: 15/94 [??? (3)]
 29142 | D:13     | HP: 18/94 [??? (4)]
 29149 | D:13     | HP: 13/94 [??? (3)]
 29158 | D:13     | HP: 15/94 [??? (3)]
 29167 | D:13     | HP: 16/94 [??? (4)]
 29174 | D:13     | HP: 15/94 [??? (3)]
 29179 | D:13     | HP: 15/94 [??? (3)]
 29186 | D:13     | HP: 13/94 [??? (3)]
 29192 | D:13     | HP: 16/94 [??? (4)]
 29198 | D:13     | HP: 13/94 [??? (2)]
 29207 | D:13     | HP: 17/94 [??? (4)]
 29214 | D:13     | HP: 17/94 [??? (4)]
 29220 | D:13     | HP: 11/94 [??? (2)]
 29226 | D:13     | HP: 13/94 [??? (3)]
 29231 | D:13     | HP: 14/94 [??? (3)]
 29237 | D:13     | HP: 16/94 [??? (3)]
 29242 | D:13     | HP: 18/94 [??? (4)]
 29247 | D:13     | HP: 14/94 [??? (3)]
 29255 | D:13     | HP: 13/94 [??? (2)]
 29263 | D:13     | HP: 16/94 [??? (4)]
 29272 | D:13     | HP: 16/94 [??? (4)]
 29278 | D:13     | HP: 14/94 [??? (3)]
 29284 | D:13     | HP: 14/94 [??? (3)]
 29289 | D:13     | HP: 13/94 [??? (2)]
 29294 | D:13     | HP: 13/94 [??? (2)]
 29306 | D:13     | HP: 20/94 [??? (4)]
 29314 | D:13     | HP: 20/94 [??? (5)]
 29319 | D:13     | HP: 16/94 [??? (3)]
 29326 | D:13     | HP: 17/94 [??? (4)]
 29331 | D:13     | HP: 13/94 [??? (2)]
 29339 | D:13     | HP: 15/94 [??? (3)]
 29351 | D:13     | HP: 19/94 [??? (4)]
 29356 | D:13     | HP: 13/94 [??? (3)]
 29361 | D:13     | HP: 10/94 [??? (2)]
 29366 | D:13     | HP: 11/94 [??? (2)]
 29371 | D:13     | HP: 11/94 [??? (2)]
 29376 | D:13     | HP: 13/94 [??? (2)]
 29383 | D:13     | HP: 16/94 [??? (3)]
 29393 | D:13     | HP: 22/94 [??? (5)]
 29399 | D:13     | HP: 15/94 [??? (3)]
 29404 | D:13     | HP: 13/94 [??? (2)]
 29409 | D:13     | HP: 13/94 [??? (2)]
 29416 | D:13     | HP: 15/94 [??? (3)]
 29425 | D:13     | HP: 18/94 [??? (4)]
 29431 | D:13     | HP: 17/94 [??? (4)]
 29437 | D:13     | HP: 16/94 [??? (4)]
 29444 | D:13     | HP: 13/94 [??? (3)]
 29449 | D:13     | HP: 13/94 [??? (2)]
 29454 | D:13     | HP: 12/94 [??? (2)]
 29459 | D:13     | HP: 10/94 [??? (2)]
 29464 | D:13     | HP: 10/94 [??? (2)]
 29471 | D:13     | HP: 13/94 [??? (3)]
 29478 | D:13     | HP: 14/94 [??? (3)]
 29484 | D:13     | HP: 14/94 [??? (3)]
 29492 | D:13     | HP: 16/94 [??? (4)]
 29498 | D:13     | HP: 16/94 [??? (4)]
 29506 | D:13     | HP: 15/94 [??? (3)]
 29514 | D:13     | HP: 15/94 [??? (3)]
 29519 | D:13     | HP: 16/94 [??? (3)]
 29526 | D:13     | HP: 16/94 [??? (4)]
 29532 | D:13     | HP: 19/94 [??? (4)]
 29538 | D:13     | HP: 16/94 [??? (3)]
 29543 | D:13     | HP: 14/94 [??? (3)]
 29549 | D:13     | HP: 13/94 [??? (3)]
 29556 | D:13     | HP: 15/94 [??? (3)]
 29563 | D:13     | HP: 15/94 [??? (3)]
 29569 | D:13     | HP: 18/94 [??? (4)]
 29576 | D:13     | HP: 16/94 [??? (4)]
 29582 | D:13     | HP: 14/94 [??? (3)]
 29591 | D:13     | HP: 20/94 [??? (4)]
 29601 | D:13     | HP: 20/94 [??? (5)]
 29611 | D:13     | HP: 20/94 [??? (4)]
 29616 | D:13     | HP: 21/94 [??? (5)]
 29621 | D:13     | HP: 16/94 [??? (3)]
 29626 | D:13     | HP: 13/94 [??? (3)]
 29631 | D:13     | HP: 13/94 [??? (2)]
 29637 | D:13     | HP: 13/94 [??? (3)]
 29643 | D:13     | HP: 14/94 [??? (3)]
 29651 | D:13     | HP: 14/94 [??? (3)]
 29659 | D:13     | HP: 16/94 [??? (4)]
 29668 | D:13     | HP: 21/94 [??? (5)]
 29678 | D:13     | HP: 16/94 [??? (4)]
 29684 | D:13     | HP: 14/94 [??? (3)]
 29696 | D:13     | HP: 20/94 [??? (5)]
 29701 | D:13     | HP: 13/94 [??? (2)]
 29709 | D:13     | HP: 19/94 [??? (4)]
 29718 | D:13     | HP: 18/94 [??? (4)]
 29725 | D:13     | HP: 15/94 [??? (3)]
 29735 | D:13     | HP: 19/94 [??? (4)]
 29742 | D:13     | HP: 23/94 [??? (5)]
 29751 | D:13     | HP: 20/94 [??? (4)]
 29756 | D:13     | HP: 15/94 [??? (3)]
 29761 | D:13     | HP: 11/94 [??? (2)]
 29769 | D:13     | HP: 13/94 [??? (2)]
 29774 | D:13     | HP: 13/94 [??? (3)]
 29779 | D:13     | HP: 10/94 [??? (2)]
 29786 | D:13     | HP: 11/94 [??? (2)]
 29795 | D:13     | HP: 13/94 [??? (3)]
 29801 | D:13     | HP: 14/94 [??? (3)]
 29807 | D:13     | HP: 13/94 [??? (2)]
 29813 | D:13     | HP: 16/94 [??? (4)]
 29818 | D:13     | HP: 13/94 [??? (3)]
 29823 | D:13     | HP: 10/94 [??? (1)]
 29828 | D:13     | HP: 11/94 [??? (2)]
 29835 | D:13     | HP: 14/94 [??? (3)]
 29842 | D:13     | HP: 13/94 [??? (2)]
 29847 | D:13     | HP: 13/94 [??? (2)]
 29871 | D:13     | HP: 23/94 [??? (5)]
 29881 | D:13     | HP: 22/94 [??? (5)]
 29886 | D:13     | HP: 23/94 [??? (5)]
 29893 | D:13     | HP: 16/94 [??? (3)]
 29901 | D:13     | HP: 16/94 [??? (3)]
 29906 | D:13     | HP: 16/94 [??? (3)]
 29913 | D:13     | HP: 16/94 [??? (3)]
 29918 | D:13     | HP: 18/94 [??? (4)]
 29929 | D:13     | HP: 20/94 [??? (4)]
 29935 | D:13     | HP: 18/94 [??? (4)]
 29946 | D:13     | HP: 16/94 [??? (4)]
 29954 | D:13     | HP: 16/94 [??? (3)]
 29963 | D:13     | HP: 17/94 [??? (4)]
 29969 | D:13     | HP: 17/94 [??? (4)]
 29977 | D:13     | HP: 16/94 [??? (4)]
 29986 | D:13     | HP: 21/94 [??? (5)]
 29998 | D:13     | HP: 21/94 [??? (5)]
 30003 | D:13     | HP: 16/94 [??? (3)]
 30009 | D:13     | HP: 19/94 [??? (4)]
 30018 | D:13     | HP: 20/94 [??? (5)]
 30023 | D:13     | HP: 16/94 [??? (3)]
 30029 | D:13     | HP: 14/94 [??? (3)]
 30038 | D:13     | HP: 15/94 [??? (3)]
 30045 | D:13     | HP: 13/94 [??? (3)]
 30050 | D:13     | HP: 16/94 [??? (3)]
 30055 | D:13     | HP: 13/94 [??? (2)]
 30065 | D:13     | HP: 16/94 [??? (4)]
 30076 | D:13     | HP: 19/94 [??? (4)]
 30081 | D:13     | HP: 16/94 [??? (4)]
 30088 | D:13     | HP: 16/94 [??? (4)]
 30096 | D:13     | HP: 13/94 [??? (3)]
 30104 | D:13     | HP: 16/94 [??? (4)]
 30112 | D:13     | HP: 18/94 [??? (4)]
 30136 | D:13     | HP: 22/94 [??? (5)]
 30144 | D:13     | HP: 15/94 [??? (3)]
 30149 | D:13     | HP: 12/94 [??? (2)]
 30157 | D:13     | HP: 13/94 [??? (3)]
 30163 | D:13     | HP: 16/94 [??? (4)]
 30173 | D:13     | HP: 16/94 [??? (4)]
 30179 | D:13     | HP: 14/94 [??? (3)]
 30184 | D:13     | HP: 10/94 [??? (2)]
 30192 | D:13     | HP: 14/94 [??? (3)]
 30200 | D:13     | HP: 12/94 [??? (2)]
 30205 | D:13     | HP: 13/94 [??? (2)]
 30213 | D:13     | HP: 16/94 [??? (4)]
 30219 | D:13     | HP: 13/94 [??? (2)]
 30224 | D:13     | HP: 13/94 [??? (3)]
 30235 | D:13     | HP: 16/94 [??? (4)]
 30241 | D:13     | HP: 15/94 [??? (3)]
 30246 | D:13     | HP: 12/94 [??? (2)]
 30251 | D:13     | HP: 15/94 [??? (3)]
 30256 | D:13     | HP: 15/94 [??? (3)]
 30263 | D:13     | HP: 19/94 [??? (4)]
 30268 | D:13     | HP: 16/94 [??? (4)]
 30274 | D:13     | HP: 13/94 [??? (3)]
 30284 | D:13     | HP: 20/94 [??? (5)]
 30294 | D:13     | HP: 20/94 [??? (4)]
 30299 | D:13     | HP: 13/94 [??? (3)]
 30304 | D:13     | HP: 12/94 [??? (2)]
 30311 | D:13     | HP: 13/94 [??? (2)]
 30319 | D:13     | HP: 18/94 [??? (4)]
 30324 | D:13     | HP: 14/94 [??? (3)]
 30332 | D:13     | HP: 19/94 [??? (4)]
 30337 | D:13     | HP: 14/94 [??? (3)]
 30344 | D:13     | HP: 14/94 [??? (3)]
 30349 | D:13     | HP: 14/94 [??? (3)]
 30358 | D:13     | HP: 20/94 [??? (4)]
 30363 | D:13     | HP: 18/94 [??? (4)]
 30369 | D:13     | HP: 14/94 [??? (3)]
 30374 | D:13     | HP: 13/94 [??? (2)]
 30380 | D:13     | HP: 13/94 [??? (2)]
 30390 | D:13     | HP: 16/94 [??? (4)]
 30398 | D:13     | HP: 18/94 [??? (4)]
 30403 | D:13     | HP: 16/94 [??? (4)]
 30408 | D:13     | HP: 13/94 [??? (2)]
 30414 | D:13     | HP: 10/94 [??? (2)]
 30419 | D:13     | HP: 11/94 [??? (2)]
 30427 | D:13     | HP: 13/94 [??? (2)]
 30432 | D:13     | HP: 13/94 [??? (3)]
 30437 | D:13     | HP: 16/94 [??? (3)]
 30443 | D:13     | HP: 14/94 [??? (3)]
 30448 | D:13     | HP: 12/94 [??? (2)]
 30454 | D:13     | HP: 13/94 [??? (2)]
 30463 | D:13     | HP: 15/94 [??? (3)]
 30468 | D:13     | HP: 14/94 [??? (3)]
 30473 | D:13     | HP: 14/94 [??? (3)]
 30479 | D:13     | HP: 17/94 [??? (4)]
 30484 | D:13     | HP: 13/94 [??? (3)]
 30491 | D:13     | HP: 16/94 [??? (3)]
 30496 | D:13     | HP: 15/94 [??? (3)]
 30503 | D:13     | HP: 15/94 [??? (3)]
 30510 | D:13     | HP: 13/94 [??? (3)]
 30516 | D:13     | HP: 12/94 [??? (2)]
 30521 | D:13     | HP: 12/94 [??? (2)]
 30530 | D:13     | HP: 17/94 [??? (4)]
 30539 | D:13     | HP: 19/94 [??? (4)]
 30546 | D:13     | HP: 19/94 [??? (4)]
 30552 | D:13     | HP: 16/94 [??? (3)]
 30565 | D:13     | HP: 23/94 [??? (5)]
 30570 | D:13     | HP: 20/94 [??? (4)]
 30578 | D:13     | HP: 23/94 [??? (6)]
 30587 | D:13     | HP: 20/94 [??? (4)]
 30593 | D:13     | HP: 22/94 [??? (5)]
 30606 | D:13     | HP: 22/94 [??? (5)]
 30611 | D:13     | HP: 13/94 [??? (2)]
 30616 | D:13     | HP: 14/94 [??? (3)]
 30621 | D:13     | HP: 12/94 [??? (2)]
 30631 | D:13     | HP: 15/94 [??? (3)]
 30640 | D:13     | HP: 18/94 [??? (4)]
 30646 | D:13     | HP: 15/94 [??? (3)]
 30651 | D:13     | HP: 13/94 [??? (2)]
 30658 | D:13     | HP: 12/94 [??? (2)]
 30663 | D:13     | HP: 13/94 [??? (3)]
 30673 | D:13     | HP: 20/94 [??? (4)]
 30691 | D:13     | HP: 23/94 [??? (5)]
 30701 | D:13     | HP: 23/94 [??? (6)]
 30709 | D:13     | HP: 20/94 [??? (4)]
 30715 | D:13     | HP: 15/94 [??? (3)]
 30722 | D:13     | HP: 14/94 [??? (3)]
 30727 | D:13     | HP: 13/94 [??? (3)]
 30734 | D:13     | HP: 17/94 [??? (4)]
 30740 | D:13     | HP: 10/94 [??? (2)]
 30747 | D:13     | HP: 15/94 [??? (3)]
 30753 | D:13     | HP: 16/94 [??? (3)]
 30759 | D:13     | HP: 15/94 [??? (3)]
 30764 | D:13     | HP: 14/94 [??? (3)]
 30774 | D:13     | HP: 16/94 [??? (4)]
 30779 | D:13     | HP: 13/94 [??? (2)]
 30784 | D:13     | HP: 12/94 [??? (2)]
 30793 | D:13     | HP: 18/94 [??? (4)]
 30798 | D:13     | HP: 16/94 [??? (4)]
 30804 | D:13     | HP: 19/94 [??? (4)]
 30813 | D:13     | HP: 21/94 [??? (5)]
 30818 | D:13     | HP: 19/94 [??? (4)]
 30823 | D:13     | HP: 17/94 [??? (4)]
 30828 | D:13     | HP: 13/94 [??? (3)]
 30833 | D:13     | HP: 13/94 [??? (3)]
 30840 | D:13     | HP: 12/94 [??? (2)]
 30846 | D:13     | HP: 13/94 [??? (2)]
 30853 | D:13     | HP: 14/94 [??? (3)]
 30860 | D:13     | HP: 14/94 [??? (3)]
 30869 | D:13     | HP: 20/94 [??? (5)]
 30876 | D:13     | HP: 17/94 [??? (4)]
 30881 | D:13     | HP: 13/94 [??? (3)]
 30888 | D:13     | HP: 12/94 [??? (2)]
 30893 | D:13     | HP: 13/94 [??? (2)]
 30901 | D:13     | HP: 16/94 [??? (4)]
 30909 | D:13     | HP: 21/94 [??? (5)]
 30918 | D:13     | HP: 17/94 [??? (4)]
 30923 | D:13     | HP: 14/94 [??? (3)]
 30937 | D:13     | HP: 22/94 [??? (5)]
 30969 | D:13     | HP: 22/94 [??? (5)]
 30975 | D:13     | HP: 16/94 [??? (4)]
 30980 | D:13     | HP: 13/94 [??? (3)]
 30989 | D:13     | HP: 18/94 [??? (4)]
 30996 | D:13     | HP: 18/94 [??? (4)]
 31008 | D:13     | HP: 20/94 [??? (5)]
 31013 | D:13     | HP: 15/94 [??? (3)]
 31018 | D:13     | HP: 15/94 [??? (3)]
 31026 | D:13     | HP: 14/94 [??? (3)]
 31035 | D:13     | HP: 18/94 [??? (4)]
 31041 | D:13     | HP: 15/94 [??? (3)]
 31046 | D:13     | HP: 17/94 [??? (4)]
 31051 | D:13     | HP: 14/94 [??? (3)]
 31058 | D:13     | HP: 13/94 [??? (3)]
 31066 | D:13     | HP: 18/94 [??? (4)]
 31071 | D:13     | HP: 12/94 [??? (2)]
 31078 | D:13     | HP: 15/94 [??? (3)]
 31086 | D:13     | HP: 16/94 [??? (4)]
 31106 | D:13     | HP: 22/94 [??? (5)]
 31113 | D:13     | HP: 16/94 [??? (4)]
 31119 | D:13     | HP: 16/94 [??? (4)]
 31124 | D:13     | HP: 12/94 [??? (2)]
 31132 | D:13     | HP: 15/94 [??? (3)]
 31140 | D:13     | HP: 17/94 [??? (4)]
 31145 | D:13     | HP: 16/94 [??? (3)]
 31151 | D:13     | HP: 16/94 [??? (4)]
 31156 | D:13     | HP: 18/94 [??? (4)]
 31163 | D:13     | HP: 21/94 [??? (5)]
 31168 | D:13     | HP: 18/94 [??? (4)]
 31185 | D:13     | HP: 21/94 [??? (5)]
 31194 | D:13     | HP: 20/94 [??? (5)]
 31201 | D:13     | HP: 20/94 [??? (4)]
 31208 | D:13     | HP: 23/94 [??? (5)]
 31214 | D:13     | HP: 17/94 [??? (4)]
 31219 | D:13     | HP: 14/94 [??? (3)]
 31224 | D:13     | HP: 14/94 [??? (3)]
 31229 | D:13     | HP: 12/94 [??? (2)]
 31234 | D:13     | HP: 13/94 [??? (2)]
 31242 | D:13     | HP: 16/94 [??? (4)]
 31247 | D:13     | HP: 12/94 [??? (2)]
 31253 | D:13     | HP: 13/94 [??? (2)]
 31259 | D:13     | HP: 13/94 [??? (3)]
 31271 | D:13     | HP: 20/94 [??? (5)]
 31276 | D:13     | HP: 16/94 [??? (3)]
 31283 | D:13     | HP: 15/94 [??? (3)]
 31289 | D:13     | HP: 16/94 [??? (3)]
 31296 | D:13     | HP: 15/94 [??? (3)]
 31303 | D:13     | HP: 16/94 [??? (4)]
 31308 | D:13     | HP: 13/94 [??? (3)]
 31313 | D:13     | HP: 12/94 [??? (2)]
 31318 | D:13     | HP: 11/94 [??? (2)]
 31327 | D:13     | HP: 15/94 [??? (3)]
 31333 | D:13     | HP: 15/94 [??? (3)]
 31338 | D:13     | HP: 15/94 [??? (3)]
 31344 | D:13     | HP: 16/94 [??? (3)]
 31349 | D:13     | HP: 13/94 [??? (3)]
 31354 | D:13     | HP: 12/94 [??? (2)]
 31361 | D:13     | HP: 14/94 [??? (3)]
 31369 | D:13     | HP: 14/94 [??? (3)]
 31379 | D:13     | HP: 16/94 [??? (4)]
 31384 | D:13     | HP: 13/94 [??? (2)]
 31389 | D:13     | HP: 13/94 [??? (2)]
 31394 | D:13     | HP: 13/94 [??? (3)]
 31401 | D:13     | HP: 16/94 [??? (3)]
 31411 | D:13     | HP: 23/94 [??? (5)]
 31417 | D:13     | HP: 17/94 [??? (4)]
 31427 | D:13     | HP: 23/94 [??? (5)]
 31439 | D:13     | HP: 22/94 [??? (5)]
 31448 | D:13     | HP: 19/94 [??? (4)]
 31453 | D:13     | HP: 20/94 [??? (5)]
 31458 | D:13     | HP: 21/94 [??? (5)]
 31464 | D:13     | HP: 13/94 [??? (2)]
 31472 | D:13     | HP: 15/94 [??? (3)]
 31479 | D:13     | HP: 16/94 [??? (4)]
 31484 | D:13     | HP: 14/94 [??? (3)]
 31498 | D:13     | HP: 18/94 [??? (4)]
 31503 | D:13     | HP: 15/94 [??? (3)]
 31511 | D:13     | HP: 15/94 [??? (3)]
 31519 | D:13     | HP: 14/94 [??? (3)]
 31526 | D:13     | HP: 12/94 [??? (2)]
 31538 | D:13     | HP: 18/94 [??? (4)]
 31543 | D:13     | HP: 13/94 [??? (3)]
 31548 | D:13     | HP: 13/94 [??? (3)]
 31553 | D:13     | HP: 14/94 [??? (3)]
 31558 | D:13     | HP: 13/94 [??? (2)]
 31566 | D:13     | HP: 13/94 [??? (3)]
 31575 | D:13     | HP: 17/94 [??? (4)]
 31580 | D:13     | HP: 16/94 [??? (3)]
 31586 | D:13     | HP: 19/94 [??? (4)]
 31595 | D:13     | HP: 18/94 [??? (4)]
 31603 | D:13     | HP: 15/94 [??? (3)]
 31608 | D:13     | HP: 14/94 [??? (3)]
 31613 | D:13     | HP: 14/94 [??? (3)]
 31618 | D:13     | HP: 12/94 [??? (2)]
 31626 | D:13     | HP: 14/94 [??? (3)]
 31638 | D:13     | HP: 20/94 [??? (4)]
 31644 | D:13     | HP: 22/94 [??? (5)]
 31652 | D:13     | HP: 22/94 [??? (5)]
 31663 | D:13     | HP: 17/94 [??? (4)]
 31668 | D:13     | HP: 13/94 [??? (3)]
 31680 | D:13     | HP: 17/94 [??? (4)]
 31687 | D:13     | HP: 13/94 [??? (3)]
 31695 | D:13     | HP: 16/94 [??? (3)]
 31701 | D:13     | HP: 16/94 [??? (3)]
 31706 | D:13     | HP: 13/94 [??? (2)]
 31714 | D:13     | HP: 15/94 [??? (3)]
 31720 | D:13     | HP: 13/94 [??? (3)]
 31725 | D:13     | HP: 14/94 [??? (3)]
 31733 | D:13     | HP: 15/94 [??? (3)]
 31740 | D:13     | HP: 16/94 [??? (4)]
 31752 | D:13     | HP: 19/94 [??? (4)]
 31757 | D:13     | HP: 17/94 [??? (4)]
 31767 | D:13     | HP: 13/94 [??? (3)]
 31777 | D:13     | HP: 14/94 [??? (3)]
 31784 | D:13     | HP: 18/94 [??? (4)]
 31791 | D:13     | HP: 16/94 [??? (4)]
 31797 | D:13     | HP: 19/94 [??? (4)]
 31803 | D:13     | HP: 16/94 [??? (3)]
 31809 | D:13     | HP: 15/94 [??? (3)]
 31814 | D:13     | HP: 13/94 [??? (2)]
 31821 | D:13     | HP: 17/94 [??? (4)]
 31828 | D:13     | HP: 15/94 [??? (3)]
 31837 | D:13     | HP: 16/94 [??? (4)]
 31844 | D:13     | HP: 16/94 [??? (3)]
 31849 | D:13     | HP: 13/94 [??? (3)]
 31856 | D:13     | HP: 15/94 [??? (3)]
 31861 | D:13     | HP: 14/94 [??? (3)]
 31868 | D:13     | HP: 16/94 [??? (3)]
 31876 | D:13     | HP: 18/94 [??? (4)]
 31881 | D:13     | HP: 12/94 [??? (2)]
 31887 | D:13     | HP: 11/94 [??? (2)]
 31892 | D:13     | HP: 11/94 [??? (2)]
 31898 | D:13     | HP: 10/94 [??? (2)]
 31905 | D:13     | HP: 14/94 [??? (3)]
 31913 | D:13     | HP: 17/94 [??? (4)]
 31918 | D:13     | HP: 14/94 [??? (3)]
 31926 | D:13     | HP: 14/94 [??? (3)]
 31935 | D:13     | HP: 16/94 [??? (4)]
 31944 | D:13     | HP: 20/94 [??? (4)]
 31949 | D:13     | HP: 15/94 [??? (3)]
 31954 | D:13     | HP: 13/94 [??? (2)]
 31964 | D:13     | HP: 18/94 [??? (4)]
 31969 | D:13     | HP: 20/94 [??? (4)]
 31974 | D:13     | HP: 14/94 [??? (3)]
 31982 | D:13     | HP: 17/94 [??? (4)]
 31990 | D:13     | HP: 21/94 [??? (5)]
 31999 | D:13     | HP: 22/94 [??? (5)]
 32004 | D:13     | HP: 20/94 [??? (4)]
 32009 | D:13     | HP: 21/94 [??? (5)]
 32016 | D:13     | HP: 20/94 [??? (5)]
 32021 | D:13     | HP: 10/94 [??? (2)]
 32027 | D:13     | HP: 14/94 [??? (3)]
 32034 | D:13     | HP: 13/94 [??? (3)]
 32039 | D:13     | HP: 13/94 [??? (2)]
 32048 | D:13     | HP: 19/94 [??? (4)]
 32055 | D:13     | HP: 19/94 [??? (4)]
 32060 | D:13     | HP: 11/94 [??? (2)]
 32068 | D:13     | HP: 15/94 [??? (3)]
 32076 | D:13     | HP: 16/94 [??? (3)]
 32081 | D:13     | HP: 15/94 [??? (3)]
 32088 | D:13     | HP: 13/94 [??? (3)]
 32093 | D:13     | HP: 12/94 [??? (2)]
 32099 | D:13     | HP: 13/94 [??? (3)]
 32106 | D:13     | HP: 16/94 [??? (3)]
 32112 | D:13     | HP: 16/94 [??? (4)]
 32119 | D:13     | HP: 16/94 [??? (3)]
 32127 | D:13     | HP: 16/94 [??? (4)]
 32133 | D:13     | HP: 16/94 [??? (3)]
 32138 | D:13     | HP: 12/94 [??? (2)]
 32148 | D:13     | HP: 16/94 [??? (3)]
 32153 | D:13     | HP: 18/94 [??? (4)]
 32158 | D:13     | HP: 16/94 [??? (4)]
 32168 | D:13     | HP: 22/94 [??? (5)]
 32173 | D:13     | HP: 16/94 [??? (4)]
 32181 | D:13     | HP: 18/94 [??? (4)]
 32186 | D:13     | HP: 16/94 [??? (4)]
 32193 | D:13     | HP: 16/94 [??? (3)]
 32203 | D:13     | HP: 20/94 [??? (4)]
 32210 | D:13     | HP: 15/94 [??? (3)]
 32216 | D:13     | HP: 13/94 [??? (2)]
 32222 | D:13     | HP: 13/94 [??? (3)]
 32227 | D:13     | HP: 15/94 [??? (3)]
 32234 | D:13     | HP: 15/94 [??? (3)]
 32240 | D:13     | HP: 16/94 [??? (3)]
 32252 | D:13     | HP: 19/94 [??? (4)]
 32257 | D:13     | HP: 15/94 [??? (3)]
 32264 | D:13     | HP: 14/94 [??? (3)]
 32269 | D:13     | HP: 15/94 [??? (3)]
 32275 | D:13     | HP: 11/94 [??? (2)]
 32280 | D:13     | HP: 10/94 [??? (2)]
 32285 | D:13     | HP: 10/94 [??? (1)]
 32293 | D:13     | HP: 14/94 [??? (3)]
 32298 | D:13     | HP: 13/94 [??? (3)]
 32304 | D:13     | HP: 16/94 [??? (4)]
 32311 | D:13     | HP: 13/94 [??? (3)]
 32318 | D:13     | HP: 17/94 [??? (4)]
 32327 | D:13     | HP: 17/94 [??? (4)]
 32335 | D:13     | HP: 18/94 [??? (4)]
 32343 | D:13     | HP: 20/94 [??? (4)]
 32351 | D:13     | HP: 17/94 [??? (4)]
 32361 | D:13     | HP: 23/94 [??? (5)]
 32366 | D:13     | HP: 16/94 [??? (3)]
 32371 | D:13     | HP: 12/94 [??? (2)]
 32379 | D:13     | HP: 13/94 [??? (2)]
 32386 | D:13     | HP: 13/94 [??? (3)]
 32393 | D:13     | HP: 14/94 [??? (3)]
 32413 | D:13     | HP: 23/94 [??? (6)]
 32419 | D:13     | HP: 18/94 [??? (4)]
 32425 | D:13     | HP: 17/94 [??? (4)]
 32430 | D:13     | HP: 16/94 [??? (4)]
 32438 | D:13     | HP: 16/94 [??? (3)]
 32443 | D:13     | HP: 13/94 [??? (3)]
 32449 | D:13     | HP: 16/94 [??? (4)]
 32454 | D:13     | HP: 17/94 [??? (4)]
 32461 | D:13     | HP: 12/94 [??? (2)]
 32468 | D:13     | HP: 13/94 [??? (3)]
 32473 | D:13     | HP: 12/94 [??? (2)]
 32484 | D:13     | HP: 17/94 [??? (4)]
 32493 | D:13     | HP: 17/94 [??? (4)]
 32498 | D:13     | HP: 14/94 [??? (3)]
 32505 | D:13     | HP: 15/94 [??? (3)]
 32512 | D:13     | HP: 13/94 [??? (3)]
 32520 | D:13     | HP: 15/94 [??? (3)]
 32526 | D:13     | HP: 14/94 [??? (3)]
 32532 | D:13     | HP: 17/94 [??? (4)]
 32538 | D:13     | HP: 20/94 [??? (4)]
 32545 | D:13     | HP: 20/94 [??? (4)]
 32550 | D:13     | HP: 13/94 [??? (3)]
 32555 | D:13     | HP: 13/94 [??? (3)]
 32561 | D:13     | HP: 14/94 [??? (3)]
 32568 | D:13     | HP: 18/94 [??? (4)]
 32576 | D:13     | HP: 15/94 [??? (3)]
 32583 | D:13     | HP: 19/94 [??? (4)]
 32590 | D:13     | HP: 15/94 [??? (3)]
 32599 | D:13     | HP: 16/94 [??? (3)]
 32609 | D:13     | HP: 20/94 [??? (4)]
 32614 | D:13     | HP: 17/94 [??? (4)]
 32619 | D:13     | HP: 19/94 [??? (4)]
 32624 | D:13     | HP: 13/94 [??? (2)]
 32630 | D:13     | HP: 13/94 [??? (3)]
 32635 | D:13     | HP: 13/94 [??? (3)]
 32640 | D:13     | HP: 12/94 [??? (2)]
 32645 | D:13     | HP: 15/94 [??? (3)]
 32651 | D:13     | HP: 13/94 [??? (2)]
 32656 | D:13     | HP: 13/94 [??? (3)]
 32671 | D:13     | HP: 22/94 [??? (5)]
 32676 | D:13     | HP: 13/94 [??? (2)]
 32682 | D:13     | HP: 13/94 [??? (3)]
 32692 | D:13     | HP: 16/94 [??? (3)]
 32697 | D:13     | HP: 16/94 [??? (3)]
 32702 | D:13     | HP: 15/94 [??? (3)]
 32708 | D:13     | HP: 10/94 [??? (2)]
 32713 | D:13     | HP: 11/94 [??? (2)]
 32719 | D:13     | HP: 13/94 [??? (3)]
 32724 | D:13     | HP: 14/94 [??? (3)]
 32730 | D:13     | HP: 16/94 [??? (3)]
 32735 | D:13     | HP: 13/94 [??? (3)]
 32743 | D:13     | HP: 16/94 [??? (4)]
 32749 | D:13     | HP: 13/94 [??? (2)]
 32754 | D:13     | HP: 12/94 [??? (2)]
 32759 | D:13     | HP: 15/94 [??? (3)]
 32764 | D:13     | HP: 11/94 [??? (2)]
 32769 | D:13     | HP: 12/94 [??? (2)]
 32774 | D:13     | HP: 14/94 [??? (3)]
 32780 | D:13     | HP: 13/94 [??? (2)]
 32785 | D:13     | HP: 13/94 [??? (2)]
 32790 | D:13     | HP: 13/94 [??? (3)]
 32795 | D:13     | HP: 15/94 [??? (3)]
 32801 | D:13     | HP: 14/94 [??? (3)]
 32812 | D:13     | HP: 17/94 [??? (4)]
 32819 | D:13     | HP: 15/94 [??? (3)]
 32824 | D:13     | HP: 15/94 [??? (3)]
 32829 | D:13     | HP: 15/94 [??? (3)]
 32834 | D:13     | HP: 11/94 [??? (2)]
 32843 | D:13     | HP: 16/94 [??? (4)]
 32848 | D:13     | HP: 17/94 [??? (4)]
 32853 | D:13     | HP: 11/94 [??? (2)]
 32860 | D:13     | HP: 11/94 [??? (2)]
 32867 | D:13     | HP: 11/94 [??? (2)]
 32872 | D:13     | HP: 11/94 [??? (2)]
 32881 | D:13     | HP: 16/94 [??? (3)]
 32886 | D:13     | HP: 16/94 [??? (3)]
 32891 | D:13     | HP: 15/94 [??? (3)]
 32898 | D:13     | HP: 16/94 [??? (3)]
 32903 | D:13     | HP: 16/94 [??? (3)]
 32909 | D:13     | HP: 16/94 [??? (4)]
 32915 | D:13     | HP: 14/94 [??? (3)]
 32923 | D:13     | HP: 17/94 [??? (4)]
 32929 | D:13     | HP: 13/94 [??? (3)]
 32935 | D:13     | HP: 14/94 [??? (3)]
 32944 | D:13     | HP: 18/94 [??? (4)]
 32950 | D:13     | HP: 18/94 [??? (4)]
 32956 | D:13     | HP: 15/94 [??? (3)]
 32967 | D:13     | HP: 17/94 [??? (4)]
 32979 | D:13     | HP: 22/94 [??? (5)]
 33008 | D:13     | HP: 23/94 [??? (5)]
 33013 | D:13     | HP: 20/94 [??? (4)]
 33021 | D:13     | HP: 23/94 [??? (6)]
 33031 | D:13     | HP: 21/94 [??? (5)]
 33036 | D:13     | HP: 19/94 [??? (4)]
 33041 | D:13     | HP: 20/94 [??? (4)]
 33052 | D:13     | HP: 18/94 [??? (4)]
 33058 | D:13     | HP: 13/94 [??? (2)]
 33063 | D:13     | HP: 13/94 [??? (2)]
 33068 | D:13     | HP: 13/94 [??? (3)]
 33078 | D:13     | HP: 18/94 [??? (4)]
 33084 | D:13     | HP: 15/94 [??? (3)]
 33091 | D:13     | HP: 14/94 [??? (3)]
 33100 | D:13     | HP: 15/94 [??? (3)]
 33109 | D:13     | HP: 16/94 [??? (3)]
 33117 | D:13     | HP: 17/94 [??? (4)]
 33122 | D:13     | HP: 16/94 [??? (4)]
 33131 | D:13     | HP: 18/94 [??? (4)]
 33136 | D:13     | HP: 16/94 [??? (4)]
 33144 | D:13     | HP: 17/94 [??? (4)]
 33152 | D:13     | HP: 16/94 [??? (3)]
 33157 | D:13     | HP: 13/94 [??? (2)]
 33163 | D:13     | HP: 14/94 [??? (3)]
 33174 | D:13     | HP: 21/94 [??? (5)]
 33181 | D:13     | HP: 17/94 [??? (4)]
 33194 | D:13     | HP: 23/94 [??? (5)]
 33199 | D:13     | HP: 14/94 [??? (3)]
 33204 | D:13     | HP: 16/94 [??? (4)]
 33217 | D:13     | HP: 21/94 [??? (5)]
 33224 | D:13     | HP: 20/94 [??? (4)]
 33230 | D:13     | HP: 14/94 [??? (3)]
 33236 | D:13     | HP: 17/94 [??? (4)]
 33241 | D:13     | HP: 18/94 [??? (4)]
 33247 | D:13     | HP: 13/94 [??? (3)]
 33253 | D:13     | HP: 13/94 [??? (2)]
 33258 | D:13     | HP: 13/94 [??? (3)]
 33263 | D:13     | HP: 12/94 [??? (2)]
 33268 | D:13     | HP: 11/94 [??? (2)]
 33275 | D:13     | HP: 13/94 [??? (3)]
 33282 | D:13     | HP: 15/94 [??? (3)]
 33287 | D:13     | HP: 14/94 [??? (3)]
 33296 | D:13     | HP: 15/94 [??? (3)]
 33301 | D:13     | HP: 12/94 [??? (2)]
 33310 | D:13     | HP: 16/94 [??? (3)]
 33318 | D:13     | HP: 17/94 [??? (4)]
 33330 | D:13     | HP: 20/94 [??? (4)]
 33336 | D:13     | HP: 19/94 [??? (4)]
 33341 | D:13     | HP: 12/94 [??? (2)]
 33356 | D:13     | HP: 23/94 [??? (5)]
 33364 | D:13     | HP: 20/94 [??? (4)]
 33371 | D:13     | HP: 15/94 [??? (3)]
 33376 | D:13     | HP: 17/94 [??? (4)]
 33383 | D:13     | HP: 13/94 [??? (2)]
 33390 | D:13     | HP: 15/94 [??? (3)]
 33396 | D:13     | HP: 16/94 [??? (3)]
 33403 | D:13     | HP: 16/94 [??? (3)]
 33410 | D:13     | HP: 17/94 [??? (4)]
 33436 | D:13     | HP: 20/94 [??? (4)]
 33446 | D:13     | HP: 19/94 [??? (4)]
 33451 | D:13     | HP: 15/94 [??? (3)]
 33456 | D:13     | HP: 12/94 [??? (2)]
 33462 | D:13     | HP: 14/94 [??? (3)]
 33468 | D:13     | HP: 13/94 [??? (2)]
 33473 | D:13     | HP: 12/94 [??? (2)]
 33485 | D:13     | HP: 18/94 [??? (4)]
 33490 | D:13     | HP: 15/94 [??? (3)]
 33495 | D:13     | HP: 10/94 [??? (1)]
 33501 | D:13     | HP: 11/94 [??? (2)]
 33507 | D:13     | HP: 11/94 [??? (2)]
 33516 | D:13     | HP: 16/94 [??? (4)]
 33521 | D:13     | HP: 17/94 [??? (4)]
 33526 | D:13     | HP: 12/94 [??? (2)]
 33534 | D:13     | HP: 14/94 [??? (3)]
 33540 | D:13     | HP: 17/94 [??? (4)]
 33546 | D:13     | HP: 16/94 [??? (4)]
 33553 | D:13     | HP: 17/94 [??? (4)]
 33558 | D:13     | HP: 16/94 [??? (3)]
 33564 | D:13     | HP: 13/94 [??? (2)]
 33569 | D:13     | HP: 16/94 [??? (3)]
 33574 | D:13     | HP: 15/94 [??? (3)]
 33579 | D:13     | HP: 13/94 [??? (2)]
 33588 | D:13     | HP: 14/94 [??? (3)]
 33596 | D:13     | HP: 16/94 [??? (3)]
 33601 | D:13     | HP: 17/94 [??? (4)]
 33606 | D:13     | HP: 12/94 [??? (2)]
 33612 | D:13     | HP: 13/94 [??? (2)]
 33621 | D:13     | HP: 14/94 [??? (3)]
 33626 | D:13     | HP: 16/94 [??? (4)]
 33631 | D:13     | HP: 13/94 [??? (2)]
 33639 | D:13     | HP: 15/94 [??? (3)]
 33644 | D:13     | HP: 17/94 [??? (4)]
 33649 | D:13     | HP: 16/94 [??? (3)]
 33655 | D:13     | HP: 16/94 [??? (3)]
 33666 | D:13     | HP: 19/94 [??? (4)]
 33671 | D:13     | HP: 17/94 [??? (4)]
 33678 | D:13     | HP: 20/94 [??? (5)]
 33684 | D:13     | HP: 16/94 [??? (3)]
 33690 | D:13     | HP: 14/94 [??? (3)]
 33701 | D:13     | HP: 16/94 [??? (3)]
 33712 | D:13     | HP: 19/94 [??? (4)]
 33717 | D:13     | HP: 20/94 [??? (5)]
 33724 | D:13     | HP: 17/94 [??? (4)]
 33729 | D:13     | HP: 14/94 [??? (3)]
 33734 | D:13     | HP: 16/94 [??? (3)]
 33743 | D:13     | HP: 22/94 [??? (5)]
 33751 | D:13     | HP: 21/94 [??? (5)]
 33761 | D:13     | HP: 20/94 [??? (4)]
 33769 | D:13     | HP: 21/94 [??? (5)]
 33779 | D:13     | HP: 20/94 [??? (5)]
 33786 | D:13     | HP: 17/94 [??? (4)]
 33792 | D:13     | HP: 15/94 [??? (3)]
 33797 | D:13     | HP: 14/94 [??? (3)]
 33809 | D:13     | HP: 20/94 [??? (5)]
 33815 | D:13     | HP: 18/94 [??? (4)]
 33820 | D:13     | HP: 20/94 [??? (4)]
 33826 | D:13     | HP: 13/94 [??? (3)]
 33839 | D:13     | HP: 20/94 [??? (5)]
 33845 | D:13     | HP: 16/94 [??? (4)]
 33850 | D:13     | HP: 13/94 [??? (2)]
 33855 | D:13     | HP: 9/94 [??? (1)]
 33861 | D:13     | HP: 12/94 [??? (2)]
 33866 | D:13     | HP: 13/94 [??? (2)]
 33871 | D:13     | HP: 12/94 [??? (2)]
 33877 | D:13     | HP: 16/94 [??? (3)]
 33882 | D:13     | HP: 15/94 [??? (3)]
 33890 | D:13     | HP: 16/94 [??? (3)]
 33896 | D:13     | HP: 14/94 [??? (3)]
 33901 | D:13     | HP: 14/94 [??? (3)]
 33911 | D:13     | HP: 21/94 [??? (5)]
 33918 | D:13     | HP: 20/94 [??? (5)]
 33926 | D:13     | HP: 23/94 [??? (6)]
 33933 | D:13     | HP: 18/94 [??? (4)]
 33945 | D:13     | HP: 21/94 [??? (5)]
 33954 | D:13     | HP: 17/94 [??? (4)]
 33961 | D:13     | HP: 16/94 [??? (3)]
 33968 | D:13     | HP: 13/94 [??? (3)]
 33973 | D:13     | HP: 12/94 [??? (2)]
 33978 | D:13     | HP: 13/94 [??? (2)]
 33988 | D:13     | HP: 16/94 [??? (4)]
 33995 | D:13     | HP: 15/94 [??? (3)]
 34015 | D:13     | HP: 23/94 [??? (6)]
 34026 | D:13     | HP: 22/94 [??? (5)]
 34033 | D:13     | HP: 21/94 [??? (5)]
 34039 | D:13     | HP: 23/94 [??? (5)]
 34045 | D:13     | HP: 20/94 [??? (5)]
 34051 | D:13     | HP: 19/94 [??? (4)]
 34056 | D:13     | HP: 15/94 [??? (3)]
 34065 | D:13     | HP: 16/94 [??? (4)]
 34071 | D:13     | HP: 19/94 [??? (4)]
 34076 | D:13     | HP: 11/94 [??? (2)]
 34081 | D:13     | HP: 12/94 [??? (2)]
 34086 | D:13     | HP: 10/94 [??? (2)]
 34091 | D:13     | HP: 12/94 [??? (2)]
 34096 | D:13     | HP: 10/94 [??? (1)]
 34104 | D:13     | HP: 16/94 [??? (3)]
 34113 | D:13     | HP: 14/94 [??? (3)]
 34121 | D:13     | HP: 14/94 [??? (3)]
 34126 | D:13     | HP: 14/94 [??? (3)]
 34132 | D:13     | HP: 15/94 [??? (3)]
 34137 | D:13     | HP: 15/94 [??? (3)]
 34145 | D:13     | HP: 16/94 [??? (4)]
 34150 | D:13     | HP: 16/94 [??? (3)]
 34156 | D:13     | HP: 16/94 [??? (4)]
 34168 | D:13     | HP: 16/94 [??? (4)]
 34180 | D:13     | HP: 22/94 [??? (5)]
 34188 | D:13     | HP: 20/94 [??? (5)]
 34203 | D:13     | HP: 23/94 [??? (5)]
 34211 | D:13     | HP: 20/94 [??? (4)]
 34216 | D:13     | HP: 18/94 [??? (4)]
 34223 | D:13     | HP: 21/94 [??? (5)]
 34235 | D:13     | HP: 22/94 [??? (5)]
 34241 | D:13     | HP: 23/94 [??? (6)]
 34249 | D:13     | HP: 17/94 [??? (4)]
 34256 | D:13     | HP: 14/94 [??? (3)]
 34264 | D:13     | HP: 19/94 [??? (4)]
 34271 | D:13     | HP: 16/94 [??? (4)]
 34277 | D:13     | HP: 19/94 [??? (4)]
 34282 | D:13     | HP: 20/94 [??? (5)]
 34287 | D:13     | HP: 11/94 [??? (2)]
 34292 | D:13     | HP: 14/94 [??? (3)]
 34306 | D:13     | HP: 20/94 [??? (4)]
 34311 | D:13     | HP: 21/94 [??? (5)]
 34321 | D:13     | HP: 23/94 [??? (5)]
 34326 | D:13     | HP: 20/94 [??? (4)]
 34334 | D:13     | HP: 16/94 [??? (3)]
 34340 | D:13     | HP: 19/94 [??? (4)]
 34348 | D:13     | HP: 15/94 [??? (3)]
 34353 | D:13     | HP: 13/94 [??? (3)]
 34371 | D:13     | HP: 23/94 [??? (5)]
 34376 | D:13     | HP: 13/94 [??? (3)]
 34381 | D:13     | HP: 15/94 [??? (3)]
 34387 | D:13     | HP: 16/94 [??? (3)]
 34396 | D:13     | HP: 20/94 [??? (4)]
 34401 | D:13     | HP: 13/94 [??? (2)]
 34408 | D:13     | HP: 13/94 [??? (2)]
 34413 | D:13     | HP: 13/94 [??? (2)]
 34418 | D:13     | HP: 13/94 [??? (3)]
 34433 | D:13     | HP: 23/94 [??? (5)]
 34441 | D:13     | HP: 16/94 [??? (4)]
 34448 | D:13     | HP: 16/94 [??? (4)]
 34453 | D:13     | HP: 10/94 [??? (1)]
 34460 | D:13     | HP: 12/94 [??? (2)]
 34465 | D:13     | HP: 15/94 [??? (3)]
 34470 | D:13     | HP: 10/94 [??? (2)]
 34476 | D:13     | HP: 12/94 [??? (2)]
 34483 | D:13     | HP: 16/94 [??? (4)]
 34488 | D:13     | HP: 15/94 [??? (3)]
 34493 | D:13     | HP: 13/94 [??? (2)]
 34498 | D:13     | HP: 13/94 [??? (3)]
 34505 | D:13     | HP: 17/94 [??? (4)]
 34520 | D:13     | HP: 23/94 [??? (5)]
 34529 | D:13     | HP: 21/94 [??? (5)]
 34534 | D:13     | HP: 18/94 [??? (4)]
 34541 | D:13     | HP: 21/94 [??? (5)]
 34546 | D:13     | HP: 18/94 [??? (4)]
 34555 | D:13     | HP: 23/94 [??? (5)]
 34561 | D:13     | HP: 20/94 [??? (5)]
 34571 | D:13     | HP: 22/94 [??? (5)]
 34577 | D:13     | HP: 20/94 [??? (4)]
 34583 | D:13     | HP: 19/94 [??? (4)]
 34591 | D:13     | HP: 18/94 [??? (4)]
 34596 | D:13     | HP: 13/94 [??? (3)]
 34601 | D:13     | HP: 13/94 [??? (2)]
 34608 | D:13     | HP: 17/94 [??? (4)]
 34613 | D:13     | HP: 14/94 [??? (3)]
 34621 | D:13     | HP: 14/94 [??? (3)]
 34627 | D:13     | HP: 12/94 [??? (2)]
 34632 | D:13     | HP: 13/94 [??? (2)]
 34638 | D:13     | HP: 13/94 [??? (3)]
 34643 | D:13     | HP: 13/94 [??? (3)]
 34654 | D:13     | HP: 15/94 [??? (3)]
 34663 | D:13     | HP: 21/94 [??? (5)]
 34670 | D:13     | HP: 23/94 [??? (6)]
 34677 | D:13     | HP: 21/94 [??? (5)]
 34685 | D:13     | HP: 16/94 [??? (4)]
 34698 | D:13     | HP: 23/94 [??? (5)]
 34705 | D:13     | HP: 20/94 [??? (5)]
 34714 | D:13     | HP: 21/94 [??? (5)]
 34719 | D:13     | HP: 13/94 [??? (3)]
 34724 | D:13     | HP: 11/94 [??? (2)]
 34733 | D:13     | HP: 16/94 [??? (3)]
 34739 | D:13     | HP: 16/94 [??? (3)]
 34749 | D:13     | HP: 16/94 [??? (3)]
 34756 | D:13     | HP: 17/94 [??? (4)]
 34768 | D:13     | HP: 18/94 [??? (4)]
 34779 | D:13     | HP: 22/94 [??? (5)]
 34790 | D:13     | HP: 20/94 [??? (5)]
 34797 | D:13     | HP: 23/94 [??? (5)]
 34802 | D:13     | HP: 17/94 [??? (4)]
 34807 | D:13     | HP: 13/94 [??? (3)]
 34813 | D:13     | HP: 14/94 [??? (3)]
 34818 | D:13     | HP: 13/94 [??? (3)]
 34823 | D:13     | HP: 16/94 [??? (3)]
 34840 | D:13     | HP: 22/94 [??? (5)]
 34849 | D:13     | HP: 23/94 [??? (5)]
 34855 | D:13     | HP: 20/94 [??? (4)]
 34860 | D:13     | HP: 21/94 [??? (5)]
 34867 | D:13     | HP: 14/94 [??? (3)]
 34876 | D:13     | HP: 19/94 [??? (4)]
 34883 | D:13     | HP: 22/94 [??? (5)]
 34895 | D:13     | HP: 23/94 [??? (5)]
 34900 | D:13     | HP: 14/94 [??? (3)]
 34906 | D:13     | HP: 12/94 [??? (2)]
 34913 | D:13     | HP: 16/94 [??? (4)]
 34918 | D:13     | HP: 18/94 [??? (4)]
 34931 | D:13     | HP: 23/94 [??? (6)]
 34937 | D:13     | HP: 16/94 [??? (3)]
 34944 | D:13     | HP: 15/94 [??? (3)]
 34949 | D:13     | HP: 15/94 [??? (3)]
 34961 | D:13     | HP: 23/94 [??? (5)]
 34980 | D:13     | HP: 23/94 [??? (5)]
 34986 | D:13     | HP: 13/94 [??? (3)]
 34991 | D:13     | HP: 14/94 [??? (3)]
 34996 | D:13     | HP: 14/94 [??? (3)]
 35002 | D:13     | HP: 12/94 [??? (2)]
 35008 | D:13     | HP: 12/94 [??? (2)]
 35013 | D:13     | HP: 11/94 [??? (2)]
 35018 | D:13     | HP: 12/94 [??? (2)]
 35030 | D:13     | HP: 20/94 [??? (4)]
 35035 | D:13     | HP: 17/94 [??? (4)]
 35040 | D:13     | HP: 19/94 [??? (4)]
 35045 | D:13     | HP: 11/94 [??? (2)]
 35051 | D:13     | HP: 13/94 [??? (2)]
 35061 | D:13     | HP: 16/94 [??? (4)]
 35067 | D:13     | HP: 16/94 [??? (4)]
 35072 | D:13     | HP: 15/94 [??? (3)]
 35080 | D:13     | HP: 14/94 [??? (3)]
 35086 | D:13     | HP: 17/94 [??? (4)]
 35093 | D:13     | HP: 18/94 [??? (4)]
 35100 | D:13     | HP: 21/94 [??? (5)]
 35111 | D:13     | HP: 22/94 [??? (5)]
 35116 | D:13     | HP: 16/94 [??? (3)]
 35121 | D:13     | HP: 12/94 [??? (2)]
 35126 | D:13     | HP: 11/94 [??? (2)]
 35134 | D:13     | HP: 13/94 [??? (3)]
 35140 | D:13     | HP: 14/94 [??? (3)]
 35145 | D:13     | HP: 15/94 [??? (3)]
 35152 | D:13     | HP: 16/94 [??? (3)]
 35157 | D:13     | HP: 13/94 [??? (2)]
 35166 | D:13     | HP: 14/94 [??? (3)]
 35172 | D:13     | HP: 15/94 [??? (3)]
 35178 | D:13     | HP: 16/94 [??? (3)]
 35191 | D:13     | HP: 20/94 [??? (5)]
 35200 | D:13     | HP: 16/94 [??? (3)]
 35205 | D:13     | HP: 12/94 [??? (2)]
 35211 | D:13     | HP: 13/94 [??? (2)]
 35218 | D:13     | HP: 15/94 [??? (3)]
 35223 | D:13     | HP: 15/94 [??? (3)]
 35228 | D:13     | HP: 12/94 [??? (2)]
 35241 | D:13     | HP: 20/94 [??? (4)]
 35246 | D:13     | HP: 15/94 [??? (3)]
 35251 | D:13     | HP: 15/94 [??? (3)]
 35258 | D:13     | HP: 19/94 [??? (4)]
 35263 | D:13     | HP: 20/94 [??? (5)]
 35268 | D:13     | HP: 17/94 [??? (4)]
 35273 | D:13     | HP: 14/94 [??? (3)]
 35278 | D:13     | HP: 14/94 [??? (3)]
 35286 | D:13     | HP: 16/94 [??? (4)]
 35291 | D:13     | HP: 12/94 [??? (2)]
 35298 | D:13     | HP: 15/94 [??? (3)]
 35303 | D:13     | HP: 12/94 [??? (2)]
 35308 | D:13     | HP: 11/94 [??? (2)]
 35314 | D:13     | HP: 13/94 [??? (3)]
 35319 | D:13     | HP: 12/94 [??? (2)]
 35331 | D:13     | HP: 18/94 [??? (4)]
 35338 | D:13     | HP: 21/94 [??? (5)]
 35349 | D:13     | HP: 23/94 [??? (5)]
 35354 | D:13     | HP: 16/94 [??? (4)]
 35366 | D:13     | HP: 21/94 [??? (5)]
 35375 | D:13     | HP: 21/94 [??? (5)]
 35382 | D:13     | HP: 20/94 [??? (5)]
 35391 | D:13     | HP: 19/94 [??? (4)]
 35398 | D:13     | HP: 16/94 [??? (4)]
 35404 | D:13     | HP: 16/94 [??? (4)]
 35411 | D:13     | HP: 15/94 [??? (3)]
 35420 | D:13     | HP: 16/94 [??? (3)]
 35428 | D:13     | HP: 16/94 [??? (3)]
 35433 | D:13     | HP: 13/94 [??? (3)]
 35440 | D:13     | HP: 13/94 [??? (3)]
 35446 | D:13     | HP: 16/94 [??? (4)]
 35451 | D:13     | HP: 16/94 [??? (3)]
 35460 | D:13     | HP: 16/94 [??? (3)]
 35471 | D:13     | HP: 20/94 [??? (5)]
 35476 | D:13     | HP: 21/94 [??? (5)]
 35482 | D:13     | HP: 17/94 [??? (4)]
 35489 | D:13     | HP: 17/94 [??? (4)]
 35497 | D:13     | HP: 17/94 [??? (4)]
 35503 | D:13     | HP: 15/94 [??? (3)]
 35511 | D:13     | HP: 13/94 [??? (2)]
 35518 | D:13     | HP: 15/94 [??? (3)]
 35524 | D:13     | HP: 16/94 [??? (3)]
 35531 | D:13     | HP: 17/94 [??? (4)]
 35536 | D:13     | HP: 13/94 [??? (2)]
 35552 | D:13     | HP: 19/94 [??? (4)]
 35557 | D:13     | HP: 20/94 [??? (5)]
 35564 | D:13     | HP: 20/94 [??? (4)]
 35569 | D:13     | HP: 18/94 [??? (4)]
 35578 | D:13     | HP: 20/94 [??? (4)]
 35583 | D:13     | HP: 21/94 [??? (5)]
 35588 | D:13     | HP: 13/94 [??? (3)]
 35594 | D:13     | HP: 12/94 [??? (2)]
 35603 | D:13     | HP: 16/94 [??? (3)]
 35608 | D:13     | HP: 17/94 [??? (4)]
 35615 | D:13     | HP: 20/94 [??? (5)]
 35620 | D:13     | HP: 18/94 [??? (4)]
 35625 | D:13     | HP: 16/94 [??? (4)]
 35630 | D:13     | HP: 18/94 [??? (4)]
 35636 | D:13     | HP: 20/94 [??? (5)]
 35641 | D:13     | HP: 15/94 [??? (3)]
 35647 | D:13     | HP: 16/94 [??? (3)]
 35658 | D:13     | HP: 21/94 [??? (5)]
 35663 | D:13     | HP: 19/94 [??? (4)]
 35673 | D:13     | HP: 17/94 [??? (4)]
 35678 | D:13     | HP: 13/94 [??? (2)]
 35686 | D:13     | HP: 15/94 [??? (3)]
 35692 | D:13     | HP: 13/94 [??? (3)]
 35701 | D:13     | HP: 13/94 [??? (3)]
 35707 | D:13     | HP: 11/94 [??? (2)]
 35713 | D:13     | HP: 11/94 [??? (2)]
 35718 | D:13     | HP: 12/94 [??? (2)]
 35726 | D:13     | HP: 13/94 [??? (2)]
 35731 | D:13     | HP: 12/94 [??? (2)]
 35743 | D:13     | HP: 21/94 [??? (5)]
 35753 | D:13     | HP: 21/94 [??? (5)]
 35759 | D:13     | HP: 14/94 [??? (3)]
 35769 | D:13     | HP: 18/94 [??? (4)]
 35779 | D:13     | HP: 19/94 [??? (4)]
 35784 | D:13     | HP: 17/94 [??? (4)]
 35793 | D:13     | HP: 16/94 [??? (3)]
 35799 | D:13     | HP: 16/94 [??? (4)]
 35806 | D:13     | HP: 12/94 [??? (2)]
 35813 | D:13     | HP: 14/94 [??? (3)]
 35820 | D:13     | HP: 16/94 [??? (3)]
 35826 | D:13     | HP: 16/94 [??? (3)]
 35856 | D:13     | HP: 23/94 [??? (6)]
 35862 | D:13     | HP: 21/94 [??? (5)]
 35868 | D:13     | HP: 16/94 [??? (3)]
 35874 | D:13     | HP: 14/94 [??? (3)]
 35881 | D:13     | HP: 16/94 [??? (3)]
 35887 | D:13     | HP: 16/94 [??? (4)]
 35893 | D:13     | HP: 16/94 [??? (4)]
 35903 | D:13     | HP: 18/94 [??? (4)]
 35908 | D:13     | HP: 16/94 [??? (3)]
 35914 | D:13     | HP: 13/94 [??? (2)]
 35921 | D:13     | HP: 14/94 [??? (3)]
 35927 | D:13     | HP: 13/94 [??? (3)]
 35936 | D:13     | HP: 16/94 [??? (3)]
 35942 | D:13     | HP: 12/94 [??? (2)]
 35952 | D:13     | HP: 14/94 [??? (3)]
 35957 | D:13     | HP: 13/94 [??? (3)]
 35964 | D:13     | HP: 13/94 [??? (2)]
 35969 | D:13     | HP: 16/94 [??? (3)]
 35978 | D:13     | HP: 21/94 [??? (5)]
 35983 | D:13     | HP: 16/94 [??? (3)]
 35989 | D:13     | HP: 19/94 [??? (4)]
 35995 | D:13     | HP: 20/94 [??? (5)]
 36013 | D:13     | HP: 23/94 [??? (5)]
 36026 | D:13     | HP: 22/94 [??? (5)]
 36032 | D:13     | HP: 20/94 [??? (5)]
 36039 | D:13     | HP: 16/94 [??? (4)]
 36047 | D:13     | HP: 12/94 [??? (2)]
 36052 | D:13     | HP: 11/94 [??? (2)]
 36059 | D:13     | HP: 14/94 [??? (3)]
 36064 | D:13     | HP: 14/94 [??? (3)]
 36076 | D:13     | HP: 18/94 [??? (4)]
 36081 | D:13     | HP: 12/94 [??? (2)]
 36087 | D:13     | HP: 14/94 [??? (3)]
 36098 | D:13     | HP: 18/94 [??? (4)]
 36104 | D:13     | HP: 18/94 [??? (4)]
 36111 | D:13     | HP: 21/94 [??? (5)]
 36116 | D:13     | HP: 14/94 [??? (3)]
 36121 | D:13     | HP: 10/94 [??? (2)]
 36126 | D:13     | HP: 12/94 [??? (2)]
 36135 | D:13     | HP: 18/94 [??? (4)]
 36144 | D:13     | HP: 23/94 [??? (6)]
 36149 | D:13     | HP: 14/94 [??? (3)]
 36159 | D:13     | HP: 13/94 [??? (3)]
 36164 | D:13     | HP: 12/94 [??? (2)]
 36169 | D:13     | HP: 11/94 [??? (2)]
 36175 | D:13     | HP: 11/94 [??? (2)]
 36184 | D:13     | HP: 16/94 [??? (4)]
 36189 | D:13     | HP: 14/94 [??? (3)]
 36198 | D:13     | HP: 17/94 [??? (4)]
 36203 | D:13     | HP: 19/94 [??? (4)]
 36208 | D:13     | HP: 17/94 [??? (4)]
 36213 | D:13     | HP: 14/94 [??? (3)]
 36220 | D:13     | HP: 18/94 [??? (4)]
 36231 | D:13     | HP: 20/94 [??? (4)]
 36238 | D:13     | HP: 20/94 [??? (4)]
 36245 | D:13     | HP: 14/94 [??? (3)]
 36251 | D:13     | HP: 11/94 [??? (2)]
 36261 | D:13     | HP: 14/94 [??? (3)]
 36266 | D:13     | HP: 14/94 [??? (3)]
 36271 | D:13     | HP: 16/94 [??? (4)]
 36276 | D:13     | HP: 16/94 [??? (3)]
 36281 | D:13     | HP: 10/94 [??? (2)]
 36287 | D:13     | HP: 12/94 [??? (2)]
 36294 | D:13     | HP: 13/94 [??? (3)]
 36299 | D:13     | HP: 16/94 [??? (3)]
 36304 | D:13     | HP: 13/94 [??? (2)]
 36311 | D:13     | HP: 15/94 [??? (3)]
 36316 | D:13     | HP: 13/94 [??? (3)]
 36323 | D:13     | HP: 12/94 [??? (2)]
 36337 | D:13     | HP: 20/94 [??? (4)]
 36345 | D:13     | HP: 17/94 [??? (4)]
 36354 | D:13     | HP: 20/94 [??? (4)]
 36360 | D:13     | HP: 16/94 [??? (3)]
 36366 | D:13     | HP: 16/94 [??? (3)]
 36378 | D:13     | HP: 19/94 [??? (4)]
 36383 | D:13     | HP: 13/94 [??? (2)]
 36388 | D:13     | HP: 12/94 [??? (2)]
 36394 | D:13     | HP: 11/94 [??? (2)]
 36401 | D:13     | HP: 14/94 [??? (3)]
 36407 | D:13     | HP: 16/94 [??? (3)]
 36414 | D:13     | HP: 14/94 [??? (3)]
 36419 | D:13     | HP: 14/94 [??? (3)]
 36425 | D:13     | HP: 16/94 [??? (3)]
 36430 | D:13     | HP: 13/94 [??? (3)]
 36436 | D:13     | HP: 16/94 [??? (4)]
 36443 | D:13     | HP: 13/94 [??? (3)]
 36448 | D:13     | HP: 13/94 [??? (2)]
 36453 | D:13     | HP: 13/94 [??? (2)]
 36461 | D:13     | HP: 14/94 [??? (3)]
 36470 | D:13     | HP: 16/94 [??? (3)]
 36476 | D:13     | HP: 16/94 [??? (4)]
 36481 | D:13     | HP: 10/94 [??? (2)]
 36486 | D:13     | HP: 12/94 [??? (2)]
 36491 | D:13     | HP: 10/94 [??? (2)]
 36498 | D:13     | HP: 12/94 [??? (2)]
 36504 | D:13     | HP: 14/94 [??? (3)]
 36509 | D:13     | HP: 16/94 [??? (4)]
 36515 | D:13     | HP: 16/94 [??? (3)]
 36523 | D:13     | HP: 15/94 [??? (3)]
 36534 | D:13     | HP: 20/94 [??? (4)]
 36539 | D:13     | HP: 15/94 [??? (3)]
 36544 | D:13     | HP: 10/94 [??? (1)]
 36550 | D:13     | HP: 12/94 [??? (2)]
 36555 | D:13     | HP: 13/94 [??? (2)]
 36560 | D:13     | HP: 12/94 [??? (2)]
 36566 | D:13     | HP: 12/94 [??? (2)]
 36573 | D:13     | HP: 11/94 [??? (2)]
 36581 | D:13     | HP: 16/94 [??? (4)]
 36592 | D:13     | HP: 23/94 [??? (6)]
 36601 | D:13     | HP: 23/94 [??? (5)]
 36609 | D:13     | HP: 17/94 [??? (4)]
 36616 | D:13     | HP: 18/94 [??? (4)]
 36623 | D:13     | HP: 18/94 [??? (4)]
 36633 | D:13     | HP: 19/94 [??? (4)]
 36641 | D:13     | HP: 13/94 [??? (3)]
 36647 | D:13     | HP: 10/94 [??? (2)]
 36652 | D:13     | HP: 12/94 [??? (2)]
 36659 | D:13     | HP: 16/94 [??? (4)]
 36675 | D:13     | HP: 21/94 [??? (5)]
 36681 | D:13     | HP: 23/94 [??? (5)]
 36692 | D:13     | HP: 18/94 [??? (4)]
 36700 | D:13     | HP: 22/94 [??? (5)]
 36705 | D:13     | HP: 16/94 [??? (4)]
 36711 | D:13     | HP: 14/94 [??? (3)]
 36720 | D:13     | HP: 17/94 [??? (4)]
 36725 | D:13     | HP: 16/94 [??? (3)]
 36742 | D:13     | HP: 23/94 [??? (6)]
 36748 | D:13     | HP: 15/94 [??? (3)]
 36754 | D:13     | HP: 16/94 [??? (4)]
 36763 | D:13     | HP: 22/94 [??? (5)]
 36771 | D:13     | HP: 18/94 [??? (4)]
 36777 | D:13     | HP: 17/94 [??? (4)]
 36782 | D:13     | HP: 19/94 [??? (4)]
 36787 | D:13     | HP: 14/94 [??? (3)]
 36792 | D:13     | HP: 12/94 [??? (2)]
 36800 | D:13     | HP: 15/94 [??? (3)]
 36806 | D:13     | HP: 16/94 [??? (3)]
 36813 | D:13     | HP: 17/94 [??? (4)]
 36818 | D:13     | HP: 19/94 [??? (4)]
 36826 | D:13     | HP: 23/94 [??? (5)]
 36832 | D:13     | HP: 18/94 [??? (4)]
 36840 | D:13     | HP: 19/94 [??? (4)]
 36847 | D:13     | HP: 16/94 [??? (3)]
 36852 | D:13     | HP: 18/94 [??? (4)]
 36858 | D:13     | HP: 17/94 [??? (4)]
 36864 | D:13     | HP: 13/94 [??? (2)]
 36873 | D:13     | HP: 16/94 [??? (4)]
 36879 | D:13     | HP: 15/94 [??? (3)]
 36888 | D:13     | HP: 17/94 [??? (4)]
 36893 | D:13     | HP: 13/94 [??? (3)]
 36899 | D:13     | HP: 14/94 [??? (3)]
 36904 | D:13     | HP: 9/94 [??? (1)]
 36909 | D:13     | HP: 10/94 [??? (2)]
 36915 | D:13     | HP: 13/94 [??? (2)]
 36920 | D:13     | HP: 11/94 [??? (2)]
 36929 | D:13     | HP: 13/94 [??? (3)]
 36934 | D:13     | HP: 11/94 [??? (2)]
 36939 | D:13     | HP: 11/94 [??? (2)]
 36944 | D:13     | HP: 12/94 [??? (2)]
 36950 | D:13     | HP: 11/94 [??? (2)]
 36955 | D:13     | HP: 11/94 [??? (2)]
 36961 | D:13     | HP: 13/94 [??? (3)]
 36967 | D:13     | HP: 12/94 [??? (2)]
 36972 | D:13     | HP: 15/94 [??? (3)]
 36980 | D:13     | HP: 15/94 [??? (3)]
 36986 | D:13     | HP: 18/94 [??? (4)]
 36999 | D:13     | HP: 23/94 [??? (6)]
 37004 | D:13     | HP: 17/94 [??? (4)]
 37010 | D:13     | HP: 16/94 [??? (4)]
 37016 | D:13     | HP: 14/94 [??? (3)]
 37021 | D:13     | HP: 14/94 [??? (3)]
 37028 | D:13     | HP: 16/94 [??? (3)]
 37034 | D:13     | HP: 19/94 [??? (4)]
 37047 | D:13     | HP: 22/94 [??? (5)]
 37052 | D:13     | HP: 13/94 [??? (3)]
 37058 | D:13     | HP: 16/94 [??? (4)]
 37066 | D:13     | HP: 16/94 [??? (4)]
 37073 | D:13     | HP: 13/94 [??? (2)]
 37078 | D:13     | HP: 13/94 [??? (2)]
 37087 | D:13     | HP: 15/94 [??? (3)]
 37095 | D:13     | HP: 18/94 [??? (4)]
 37106 | D:13     | HP: 20/94 [??? (5)]
 37111 | D:13     | HP: 18/94 [??? (4)]
 37121 | D:13     | HP: 16/94 [??? (3)]
 37126 | D:13     | HP: 10/94 [??? (1)]
 37136 | D:13     | HP: 16/94 [??? (3)]
 37141 | D:13     | HP: 10/94 [??? (2)]
 37146 | D:13     | HP: 10/94 [??? (2)]
 37160 | D:13     | HP: 21/94 [??? (5)]
 37165 | D:13     | HP: 18/94 [??? (4)]
 37173 | D:13     | HP: 19/94 [??? (4)]
 37180 | D:13     | HP: 19/94 [??? (4)]
 37190 | D:13     | HP: 20/94 [??? (4)]
 37196 | D:13     | HP: 13/94 [??? (3)]
 37204 | D:13     | HP: 15/94 [??? (3)]
 37209 | D:13     | HP: 17/94 [??? (4)]
 37214 | D:13     | HP: 13/94 [??? (3)]
 37220 | D:13     | HP: 11/94 [??? (2)]
 37236 | D:13     | HP: 23/94 [??? (5)]
 37246 | D:13     | HP: 20/94 [??? (5)]
 37254 | D:13     | HP: 17/94 [??? (4)]
 37259 | D:13     | HP: 14/94 [??? (3)]
 37266 | D:13     | HP: 10/94 [??? (2)]
 37271 | D:13     | HP: 12/94 [??? (2)]
 37278 | D:13     | HP: 15/94 [??? (3)]
 37286 | D:13     | HP: 20/94 [??? (4)]
 37293 | D:13     | HP: 13/94 [??? (3)]
 37299 | D:13     | HP: 13/94 [??? (2)]
 37308 | D:13     | HP: 16/94 [??? (3)]
 37313 | D:13     | HP: 16/94 [??? (3)]
 37318 | D:13     | HP: 14/94 [??? (3)]
 37324 | D:13     | HP: 17/94 [??? (4)]
 37331 | D:13     | HP: 18/94 [??? (4)]
 37336 | D:13     | HP: 16/94 [??? (4)]
 37344 | D:13     | HP: 16/94 [??? (3)]
 37353 | D:13     | HP: 17/94 [??? (4)]
 37359 | D:13     | HP: 14/94 [??? (3)]
 37366 | D:13     | HP: 12/94 [??? (2)]
 37373 | D:13     | HP: 13/94 [??? (3)]
 37380 | D:13     | HP: 16/94 [??? (3)]
 37386 | D:13     | HP: 19/94 [??? (4)]
 37394 | D:13     | HP: 20/94 [??? (4)]
 37399 | D:13     | HP: 21/94 [??? (5)]
 37404 | D:13     | HP: 16/94 [??? (3)]
 37411 | D:13     | HP: 17/94 [??? (4)]
 37419 | D:13     | HP: 17/94 [??? (4)]
 37426 | D:13     | HP: 17/94 [??? (4)]
 37431 | D:13     | HP: 12/94 [??? (2)]
 37438 | D:13     | HP: 13/94 [??? (2)]
 37443 | D:13     | HP: 13/94 [??? (2)]
 37449 | D:13     | HP: 16/94 [??? (4)]
 37454 | D:13     | HP: 17/94 [??? (4)]
 37459 | D:13     | HP: 16/94 [??? (3)]
 37465 | D:13     | HP: 15/94 [??? (3)]
 37471 | D:13     | HP: 13/94 [??? (3)]
 37477 | D:13     | HP: 12/94 [??? (2)]
 37502 | D:13     | HP: 23/94 [??? (6)]
 37509 | D:13     | HP: 19/94 [??? (4)]
 37514 | D:13     | HP: 20/94 [??? (4)]
 37521 | D:13     | HP: 16/94 [??? (4)]
 37528 | D:13     | HP: 11/94 [??? (2)]
 37533 | D:13     | HP: 10/94 [??? (2)]
 37538 | D:13     | HP: 10/94 [??? (2)]
 37543 | D:13     | HP: 11/94 [??? (2)]
 37548 | D:13     | HP: 12/94 [??? (2)]
 37555 | D:13     | HP: 12/94 [??? (2)]
 37563 | D:13     | HP: 13/94 [??? (2)]
 37572 | D:13     | HP: 16/94 [??? (3)]
 37577 | D:13     | HP: 16/94 [??? (3)]
 37582 | D:13     | HP: 16/94 [??? (3)]
 37589 | D:13     | HP: 13/94 [??? (3)]
 37598 | D:13     | HP: 16/94 [??? (4)]
 37605 | D:13     | HP: 17/94 [??? (4)]
 37611 | D:13     | HP: 16/94 [??? (4)]
 37620 | D:13     | HP: 18/94 [??? (4)]
 37627 | D:13     | HP: 21/94 [??? (5)]
 37643 | D:13     | HP: 23/94 [??? (6)]
 37652 | D:13     | HP: 18/94 [??? (4)]
 37657 | D:13     | HP: 14/94 [??? (3)]
 37663 | D:13     | HP: 11/94 [??? (2)]
 37668 | D:13     | HP: 12/94 [??? (2)]
 37674 | D:13     | HP: 12/94 [??? (2)]
 37679 | D:13     | HP: 13/94 [??? (3)]
 37685 | D:13     | HP: 16/94 [??? (4)]
 37691 | D:13     | HP: 13/94 [??? (2)]
 37700 | D:13     | HP: 16/94 [??? (4)]
 37709 | D:13     | HP: 19/94 [??? (4)]
 37716 | D:13     | HP: 16/94 [??? (4)]
 37721 | D:13     | HP: 13/94 [??? (2)]
 37728 | D:13     | HP: 16/94 [??? (3)]
 37733 | D:13     | HP: 13/94 [??? (3)]
 37738 | D:13     | HP: 16/94 [??? (3)]
 37743 | D:13     | HP: 15/94 [??? (3)]
 37748 | D:13     | HP: 13/94 [??? (2)]
 37754 | D:13     | HP: 14/94 [??? (3)]
 37760 | D:13     | HP: 13/94 [??? (2)]
 37766 | D:13     | HP: 16/94 [??? (4)]
 37773 | D:13     | HP: 16/94 [??? (4)]
 37778 | D:13     | HP: 15/94 [??? (3)]
 37786 | D:13     | HP: 20/94 [??? (4)]
 37791 | D:13     | HP: 18/94 [??? (4)]
 37796 | D:13     | HP: 20/94 [??? (4)]
 37805 | D:13     | HP: 21/94 [??? (5)]
 37813 | D:13     | HP: 21/94 [??? (5)]
 37818 | D:13     | HP: 15/94 [??? (3)]
 37823 | D:13     | HP: 12/94 [??? (2)]
 37830 | D:13     | HP: 15/94 [??? (3)]
 37835 | D:13     | HP: 12/94 [??? (2)]
 37847 | D:13     | HP: 19/94 [??? (4)]
 37853 | D:13     | HP: 18/94 [??? (4)]
 37858 | D:13     | HP: 13/94 [??? (2)]
 37863 | D:13     | HP: 10/94 [??? (1)]
 37869 | D:13     | HP: 12/94 [??? (2)]
 37874 | D:13     | HP: 10/94 [??? (2)]
 37881 | D:13     | HP: 12/94 [??? (2)]
 37888 | D:13     | HP: 13/94 [??? (3)]
 37893 | D:13     | HP: 13/94 [??? (2)]
 37899 | D:13     | HP: 16/94 [??? (4)]
 37906 | D:13     | HP: 16/94 [??? (4)]
 37911 | D:13     | HP: 15/94 [??? (3)]
 37916 | D:13     | HP: 15/94 [??? (3)]
 37926 | D:13     | HP: 16/94 [??? (3)]
 37935 | D:13     | HP: 13/94 [??? (3)]
 37942 | D:13     | HP: 14/94 [??? (3)]
 37948 | D:13     | HP: 16/94 [??? (4)]
 37953 | D:13     | HP: 13/94 [??? (2)]
 37959 | D:13     | HP: 13/94 [??? (2)]
 37964 | D:13     | HP: 14/94 [??? (3)]
 37972 | D:13     | HP: 14/94 [??? (3)]
 37978 | D:13     | HP: 17/94 [??? (4)]
 37983 | D:13     | HP: 14/94 [??? (3)]
 37991 | D:13     | HP: 16/94 [??? (3)]
 37998 | D:13     | HP: 17/94 [??? (4)]
 38003 | D:13     | HP: 19/94 [??? (4)]
 38014 | D:13     | HP: 17/94 [??? (4)]
 38022 | D:13     | HP: 20/94 [??? (4)]
 38030 | D:13     | HP: 20/94 [??? (5)]
 38037 | D:13     | HP: 23/94 [??? (5)]
 38079 | D:13     | HP: 21/94 [??? (5)]
 38086 | D:13     | HP: 14/94 [??? (3)]
 38094 | D:13     | HP: 15/94 [??? (3)]
 38103 | D:13     | HP: 16/94 [??? (4)]
 38109 | D:13     | HP: 19/94 [??? (4)]
 38120 | D:13     | HP: 22/94 [??? (5)]
 38126 | D:13     | HP: 16/94 [??? (3)]
 38131 | D:13     | HP: 14/94 [??? (3)]
 38139 | D:13     | HP: 15/94 [??? (3)]
 38144 | D:13     | HP: 16/94 [??? (3)]
 38149 | D:13     | HP: 13/94 [??? (3)]
 38154 | D:13     | HP: 12/94 [??? (2)]
 38160 | D:13     | HP: 13/94 [??? (2)]
 38165 | D:13     | HP: 14/94 [??? (3)]
 38171 | D:13     | HP: 15/94 [??? (3)]
 38176 | D:13     | HP: 13/94 [??? (2)]
 38183 | D:13     | HP: 14/94 [??? (3)]
 38190 | D:13     | HP: 15/94 [??? (3)]
 38195 | D:13     | HP: 10/94 [??? (1)]
 38203 | D:13     | HP: 13/94 [??? (3)]
 38213 | D:13     | HP: 14/94 [??? (3)]
 38221 | D:13     | HP: 19/94 [??? (4)]
 38226 | D:13     | HP: 17/94 [??? (4)]
 38234 | D:13     | HP: 19/94 [??? (4)]
 38242 | D:13     | HP: 23/94 [??? (6)]
 38253 | D:13     | HP: 22/94 [??? (5)]
 38264 | D:13     | HP: 20/94 [??? (4)]
 38269 | D:13     | HP: 13/94 [??? (2)]
 38274 | D:13     | HP: 13/94 [??? (3)]
 38294 | D:13     | HP: 23/94 [??? (6)]
 38299 | D:13     | HP: 20/94 [??? (4)]
 38305 | D:13     | HP: 13/94 [??? (2)]
 38310 | D:13     | HP: 10/94 [??? (1)]
 38315 | D:13     | HP: 9/94 [??? (1)]
 38327 | D:13     | HP: 16/94 [??? (3)]
 38333 | D:13     | HP: 15/94 [??? (3)]
 38341 | D:13     | HP: 20/94 [??? (4)]
 38351 | D:13     | HP: 17/94 [??? (4)]
 38361 | D:13     | HP: 20/94 [??? (4)]
 38366 | D:13     | HP: 16/94 [??? (3)]
 38371 | D:13     | HP: 13/94 [??? (3)]
 38378 | D:13     | HP: 17/94 [??? (4)]
 38385 | D:13     | HP: 18/94 [??? (4)]
 38397 | D:13     | HP: 18/94 [??? (4)]
 38402 | D:13     | HP: 16/94 [??? (4)]
 38409 | D:13     | HP: 16/94 [??? (3)]
 38415 | D:13     | HP: 14/94 [??? (3)]
 38430 | D:13     | HP: 20/94 [??? (5)]
 38435 | D:13     | HP: 17/94 [??? (4)]
 38441 | D:13     | HP: 17/94 [??? (4)]
 38458 | D:13     | HP: 20/94 [??? (4)]
 38463 | D:13     | HP: 16/94 [??? (3)]
 38469 | D:13     | HP: 14/94 [??? (3)]
 38475 | D:13     | HP: 14/94 [??? (3)]
 38481 | D:13     | HP: 10/94 [??? (2)]
 38486 | D:13     | HP: 9/94 [??? (1)]
 38492 | D:13     | HP: 10/94 [??? (1)]
 38503 | D:13     | HP: 16/94 [??? (3)]
 38511 | D:13     | HP: 14/94 [??? (3)]
 38516 | D:13     | HP: 13/94 [??? (2)]
 38521 | D:13     | HP: 13/94 [??? (3)]
 38530 | D:13     | HP: 20/94 [??? (4)]
 38535 | D:13     | HP: 12/94 [??? (2)]
 38541 | D:13     | HP: 16/94 [??? (3)]
 38548 | D:13     | HP: 13/94 [??? (3)]
 38553 | D:13     | HP: 12/94 [??? (2)]
 38561 | D:13     | HP: 12/94 [??? (2)]
 38570 | D:13     | HP: 19/94 [??? (4)]
 38575 | D:13     | HP: 13/94 [??? (3)]
 38580 | D:13     | HP: 13/94 [??? (3)]
 38587 | D:13     | HP: 13/94 [??? (3)]
 38593 | D:13     | HP: 12/94 [??? (2)]
 38598 | D:13     | HP: 13/94 [??? (2)]
 38603 | D:13     | HP: 14/94 [??? (3)]
 38610 | D:13     | HP: 13/94 [??? (2)]
 38618 | D:13     | HP: 15/94 [??? (3)]
 38623 | D:13     | HP: 15/94 [??? (3)]
 38628 | D:13     | HP: 14/94 [??? (3)]
 38636 | D:13     | HP: 20/94 [??? (4)]
 38645 | D:13     | HP: 19/94 [??? (4)]
 38650 | D:13     | HP: 13/94 [??? (2)]
 38655 | D:13     | HP: 13/94 [??? (2)]
 38661 | D:13     | HP: 13/94 [??? (3)]
 38667 | D:13     | HP: 10/94 [??? (2)]
 38674 | D:13     | HP: 15/94 [??? (3)]
 38684 | D:13     | HP: 20/94 [??? (4)]
 38689 | D:13     | HP: 18/94 [??? (4)]
 38694 | D:13     | HP: 16/94 [??? (3)]
 38701 | D:13     | HP: 17/94 [??? (4)]
 38707 | D:13     | HP: 20/94 [??? (4)]
 38714 | D:13     | HP: 16/94 [??? (4)]
 38725 | D:13     | HP: 17/94 [??? (4)]
 38731 | D:13     | HP: 15/94 [??? (3)]
 38736 | D:13     | HP: 11/94 [??? (2)]
 38743 | D:13     | HP: 13/94 [??? (2)]
 38752 | D:13     | 38752 ||| DRINKING 4 potions of heal wounds.
 38760 | D:13     | HP: 23/94 [??? (6)]
 38766 | D:13     | HP: 20/94 [??? (4)]
 38772 | D:13     | HP: 22/94 [??? (5)]
 38778 | D:13     | HP: 20/94 [??? (5)]
 38784 | D:13     | HP: 19/94 [??? (4)]
 38794 | D:13     | HP: 19/94 [??? (4)]
 38799 | D:13     | HP: 17/94 [??? (4)]
 38805 | D:13     | HP: 17/94 [??? (4)]
 38811 | D:13     | HP: 12/94 [??? (2)]
 38816 | D:13     | HP: 12/94 [??? (2)]
 38821 | D:13     | HP: 11/94 [??? (2)]
 38828 | D:13     | HP: 13/94 [??? (3)]
 38834 | D:13     | HP: 15/94 [??? (3)]
 38842 | D:13     | HP: 16/94 [??? (4)]
 38849 | D:13     | HP: 13/94 [??? (2)]
 38854 | D:13     | HP: 13/94 [??? (2)]
 38859 | D:13     | HP: 16/94 [??? (3)]
 38867 | D:13     | 38867 ||| FLEEEEING.
 38868 | D:13     | 38868 ||| FLEEEEING.
 38869 | D:13     | 38869 ||| FLEEEEING.
 38869 | D:13     | HP: 17/94 [??? (4)]
 38870 | D:13     | 38870 ||| FLEEEEING.
 38871 | D:13     | 38871 ||| FLEEEEING.
 38872 | D:13     | 38872 ||| FLEEEEING.
 38874 | D:13     | 38874 ||| FLEEEEING.
 38875 | D:13     | 38875 ||| FLEEEEING.
 38876 | D:13     | 38876 ||| FLEEEEING.
 38878 | D:13     | 38878 ||| FLEEEEING.
 38879 | D:13     | 38879 ||| FLEEEEING.
 38880 | D:13     | 38880 ||| FLEEEEING.
 38881 | D:13     | 38881 ||| FLEEEEING.
 38882 | D:13     | 38882 ||| FLEEEEING.
 38884 | D:13     | 38884 ||| STAIRDANCE
 38939 | D:13     | 38939 ||| INVOKING Heroism.
 38987 | D:13     | HP: 23/94 [??? (6)]
 38996 | D:13     | HP: 20/94 [??? (5)]
 39005 | D:13     | HP: 18/94 [??? (4)]
 39015 | D:13     | HP: 22/94 [??? (5)]
 39021 | D:13     | HP: 20/94 [??? (5)]
 39026 | D:13     | HP: 17/94 [??? (4)]
 39035 | D:13     | HP: 17/94 [??? (4)]
 39041 | D:13     | HP: 13/94 [??? (2)]
 39047 | D:13     | HP: 14/94 [??? (3)]
 39053 | D:13     | HP: 14/94 [??? (3)]
 39058 | D:13     | HP: 14/94 [??? (3)]
 39063 | D:13     | HP: 15/94 [??? (3)]
 39075 | D:13     | HP: 20/94 [??? (4)]
 39080 | D:13     | HP: 13/94 [??? (3)]
 39085 | D:13     | HP: 13/94 [??? (3)]
 39090 | D:13     | HP: 12/94 [??? (2)]
 39095 | D:13     | HP: 15/94 [??? (3)]
 39101 | D:13     | HP: 14/94 [??? (3)]
 39111 | D:13     | HP: 18/94 [??? (4)]
 39119 | D:13     | HP: 13/94 [??? (2)]
 39125 | D:13     | HP: 14/94 [??? (3)]
 39130 | D:13     | HP: 15/94 [??? (3)]
 39138 | D:13     | HP: 16/94 [??? (4)]
 39152 | D:13     | HP: 17/94 [??? (4)]
 39160 | D:13     | HP: 19/94 [??? (4)]
 39168 | D:13     | HP: 14/94 [??? (3)]
 39173 | D:13     | HP: 12/94 [??? (2)]
 39178 | D:13     | HP: 12/94 [??? (2)]
 39186 | D:13     | HP: 16/94 [??? (3)]
 39191 | D:13     | HP: 11/94 [??? (2)]
 39198 | D:13     | HP: 13/94 [??? (2)]
 39206 | D:13     | HP: 13/94 [??? (3)]
 39211 | D:13     | HP: 13/94 [??? (2)]
 39216 | D:13     | HP: 16/94 [??? (3)]
 39224 | D:13     | HP: 16/94 [??? (3)]
 39230 | D:13     | HP: 16/94 [??? (4)]
 39235 | D:13     | HP: 11/94 [??? (2)]
 39241 | D:13     | HP: 11/94 [??? (2)]
 39251 | D:13     | HP: 18/94 [??? (4)]
 39257 | D:13     | HP: 13/94 [??? (3)]
 39265 | D:13     | HP: 14/94 [??? (3)]
 39272 | D:13     | HP: 16/94 [??? (3)]
 39277 | D:13     | HP: 13/94 [??? (3)]
 39286 | D:13     | HP: 15/94 [??? (3)]
 39295 | D:13     | HP: 17/94 [??? (4)]
 39300 | D:13     | HP: 13/94 [??? (2)]
 39305 | D:13     | HP: 12/94 [??? (2)]
 39310 | D:13     | HP: 10/94 [??? (2)]
 39315 | D:13     | HP: 10/94 [??? (1)]
 39321 | D:13     | HP: 13/94 [??? (2)]
 39332 | D:13     | HP: 19/94 [??? (4)]
 39338 | D:13     | HP: 18/94 [??? (4)]
 39351 | D:13     | HP: 22/94 [??? (5)]
 39356 | D:13     | HP: 23/94 [??? (5)]
 39361 | D:13     | HP: 17/94 [??? (4)]
 39369 | D:13     | HP: 19/94 [??? (4)]
 39379 | D:13     | HP: 21/94 [??? (5)]
 39385 | D:13     | HP: 13/94 [??? (3)]
 39392 | D:13     | HP: 16/94 [??? (3)]
 39403 | D:13     | HP: 19/94 [??? (4)]
 39409 | D:13     | HP: 14/94 [??? (3)]
 39414 | D:13     | HP: 13/94 [??? (2)]
 39420 | D:13     | HP: 14/94 [??? (3)]
 39427 | D:13     | HP: 18/94 [??? (4)]
 39432 | D:13     | HP: 14/94 [??? (3)]
 39439 | D:13     | HP: 15/94 [??? (3)]
 39445 | D:13     | HP: 13/94 [??? (3)]
 39450 | D:13     | HP: 13/94 [??? (2)]
 39456 | D:13     | HP: 15/94 [??? (3)]
 39465 | D:13     | HP: 20/94 [??? (5)]
 39470 | D:13     | HP: 18/94 [??? (4)]
 39476 | D:13     | HP: 13/94 [??? (2)]
 39481 | D:13     | HP: 13/94 [??? (3)]
 39486 | D:13     | HP: 15/94 [??? (3)]
 39491 | D:13     | HP: 12/94 [??? (2)]
 39496 | D:13     | HP: 10/94 [??? (1)]
 39501 | D:13     | HP: 12/94 [??? (2)]
 39517 | D:13     | HP: 21/94 [??? (5)]
 39523 | D:13     | HP: 14/94 [??? (3)]
 39529 | D:13     | HP: 12/94 [??? (2)]
 39535 | D:13     | HP: 16/94 [??? (3)]
 39540 | D:13     | HP: 13/94 [??? (3)]
 39552 | D:13     | HP: 17/94 [??? (4)]
 39557 | D:13     | HP: 19/94 [??? (4)]
 39563 | D:13     | HP: 13/94 [??? (3)]
 39568 | D:13     | HP: 12/94 [??? (2)]
 39573 | D:13     | HP: 12/94 [??? (2)]
 39584 | D:13     | HP: 20/94 [??? (5)]
 39590 | D:13     | HP: 15/94 [??? (3)]
 39601 | D:13     | HP: 17/94 [??? (4)]
 39606 | D:13     | HP: 18/94 [??? (4)]
 39612 | D:13     | HP: 15/94 [??? (3)]
 39618 | D:13     | HP: 13/94 [??? (2)]
 39623 | D:13     | HP: 16/94 [??? (3)]
 39631 | D:13     | HP: 16/94 [??? (3)]
 39639 | D:13     | HP: 18/94 [??? (4)]
 39647 | D:13     | HP: 20/94 [??? (4)]
 39657 | D:13     | HP: 22/94 [??? (5)]
 39672 | D:13     | HP: 22/94 [??? (5)]
 39678 | D:13     | HP: 13/94 [??? (2)]
 39683 | D:13     | HP: 13/94 [??? (2)]
 39690 | D:13     | HP: 16/94 [??? (3)]
 39703 | D:13     | HP: 21/94 [??? (5)]
 39720 | D:13     | HP: 20/94 [??? (5)]
 39725 | D:13     | HP: 12/94 [??? (2)]
 39737 | D:13     | HP: 19/94 [??? (4)]
 39743 | D:13     | HP: 13/94 [??? (2)]
 39750 | D:13     | HP: 10/94 [??? (2)]
 39759 | D:13     | HP: 13/94 [??? (2)]
 39765 | D:13     | HP: 14/94 [??? (3)]
 39773 | D:13     | HP: 19/94 [??? (4)]
 39779 | D:13     | HP: 21/94 [??? (5)]
 39784 | D:13     | HP: 14/94 [??? (3)]
 39790 | D:13     | HP: 16/94 [??? (3)]
 39796 | D:13     | HP: 14/94 [??? (3)]
 39803 | D:13     | HP: 12/94 [??? (2)]
 39809 | D:13     | HP: 11/94 [??? (2)]
 39815 | D:13     | HP: 13/94 [??? (3)]
 39825 | D:13     | HP: 18/94 [??? (4)]
 39833 | D:13     | HP: 12/94 [??? (2)]
 39840 | D:13     | HP: 14/94 [??? (3)]
 39846 | D:13     | HP: 11/94 [??? (2)]
 39851 | D:13     | HP: 13/94 [??? (2)]
 39857 | D:13     | HP: 13/94 [??? (3)]
 39865 | D:13     | HP: 16/94 [??? (3)]
 39872 | D:13     | HP: 15/94 [??? (3)]
 39878 | D:13     | HP: 18/94 [??? (4)]
 39885 | D:13     | HP: 18/94 [??? (4)]
 39890 | D:13     | HP: 13/94 [??? (2)]
 39895 | D:13     | HP: 13/94 [??? (3)]
 39904 | D:13     | HP: 15/94 [??? (3)]
 39910 | D:13     | HP: 18/94 [??? (4)]
 39916 | D:13     | HP: 13/94 [??? (3)]
 39922 | D:13     | HP: 13/94 [??? (3)]
 39928 | D:13     | HP: 13/94 [??? (3)]
 39935 | D:13     | HP: 16/94 [??? (3)]
 39941 | D:13     | HP: 16/94 [??? (4)]
 39951 | D:13     | HP: 16/94 [??? (3)]
 39960 | D:13     | HP: 19/94 [??? (4)]
 39967 | D:13     | HP: 16/94 [??? (3)]
 39973 | D:13     | HP: 14/94 [??? (3)]
 39978 | D:13     | HP: 14/94 [??? (3)]
 39983 | D:13     | HP: 13/94 [??? (2)]
 39990 | D:13     | HP: 13/94 [??? (2)]
 39995 | D:13     | HP: 13/94 [??? (3)]
 40004 | D:13     | HP: 14/94 [??? (3)]
 40009 | D:13     | HP: 16/94 [??? (4)]
 40014 | D:13     | HP: 13/94 [??? (3)]
 40019 | D:13     | HP: 12/94 [??? (2)]
 40026 | D:13     | HP: 13/94 [??? (3)]
 40035 | D:13     | HP: 16/94 [??? (4)]
 40046 | D:13     | HP: 18/94 [??? (4)]
 40052 | D:13     | HP: 13/94 [??? (2)]
 40062 | D:13     | HP: 15/94 [??? (3)]
 40071 | D:13     | HP: 18/94 [??? (4)]
 40080 | D:13     | HP: 18/94 [??? (4)]
 40085 | D:13     | HP: 11/94 [??? (2)]
 40092 | D:13     | HP: 13/94 [??? (3)]
 40098 | D:13     | HP: 10/94 [??? (2)]
 40104 | D:13     | HP: 13/94 [??? (2)]
 40109 | D:13     | HP: 11/94 [??? (2)]
 40118 | D:13     | HP: 15/94 [??? (3)]
 40123 | D:13     | HP: 15/94 [??? (3)]
 40128 | D:13     | HP: 15/94 [??? (3)]
 40136 | D:13     | HP: 18/94 [??? (4)]
 40146 | D:13     | HP: 18/94 [??? (4)]
 40156 | D:13     | HP: 17/94 [??? (4)]
 40162 | D:13     | HP: 15/94 [??? (3)]
 40168 | D:13     | HP: 16/94 [??? (3)]
 40178 | D:13     | HP: 20/94 [??? (4)]
 40183 | D:13     | HP: 13/94 [??? (3)]
 40191 | D:13     | HP: 16/94 [??? (4)]
 40196 | D:13     | HP: 15/94 [??? (3)]
 40209 | D:13     | HP: 22/94 [??? (5)]
 40215 | D:13     | HP: 15/94 [??? (3)]
 40222 | D:13     | HP: 16/94 [??? (4)]
 40227 | D:13     | HP: 13/94 [??? (3)]
 40239 | D:13     | HP: 16/94 [??? (3)]
 40244 | D:13     | HP: 15/94 [??? (3)]
 40249 | D:13     | HP: 15/94 [??? (3)]
 40256 | D:13     | HP: 14/94 [??? (3)]
 40263 | D:13     | HP: 11/94 [??? (2)]
 40271 | D:13     | HP: 16/94 [??? (4)]
 40276 | D:13     | HP: 18/94 [??? (4)]
 40283 | D:13     | HP: 16/94 [??? (3)]
 40290 | D:13     | HP: 20/94 [??? (4)]
 40296 | D:13     | HP: 19/94 [??? (4)]
 40304 | D:13     | HP: 20/94 [??? (4)]
 40311 | D:13     | HP: 20/94 [??? (4)]
 40316 | D:13     | HP: 13/94 [??? (2)]
 40323 | D:13     | HP: 16/94 [??? (3)]
 40328 | D:13     | HP: 16/94 [??? (3)]
 40334 | D:13     | HP: 15/94 [??? (3)]
 40341 | D:13     | HP: 14/94 [??? (3)]
 40347 | D:13     | HP: 13/94 [??? (3)]
 40358 | D:13     | HP: 17/94 [??? (4)]
 40363 | D:13     | HP: 14/94 [??? (3)]
 40368 | D:13     | HP: 13/94 [??? (2)]
 40373 | D:13     | HP: 15/94 [??? (3)]
 40380 | D:13     | HP: 16/94 [??? (4)]
 40387 | D:13     | HP: 15/94 [??? (3)]
 40393 | D:13     | HP: 15/94 [??? (3)]
 40399 | D:13     | HP: 12/94 [??? (2)]
 40406 | D:13     | HP: 16/94 [??? (4)]
 40415 | D:13     | HP: 20/94 [??? (4)]
 40420 | D:13     | HP: 15/94 [??? (3)]
 40425 | D:13     | HP: 10/94 [??? (2)]
 40437 | D:13     | HP: 18/94 [??? (4)]
 40444 | D:13     | HP: 13/94 [??? (3)]
 40449 | D:13     | HP: 10/94 [??? (1)]
 40456 | D:13     | HP: 13/94 [??? (3)]
 40461 | D:13     | HP: 12/94 [??? (2)]
 40468 | D:13     | HP: 14/94 [??? (3)]
 40475 | D:13     | HP: 13/94 [??? (3)]
 40481 | D:13     | HP: 13/94 [??? (3)]
 40486 | D:13     | HP: 13/94 [??? (3)]
 40491 | D:13     | HP: 14/94 [??? (3)]
 40496 | D:13     | HP: 14/94 [??? (3)]
 40506 | D:13     | HP: 18/94 [??? (4)]
 40512 | D:13     | HP: 17/94 [??? (4)]
 40520 | D:13     | HP: 20/94 [??? (4)]
 40525 | D:13     | HP: 10/94 [??? (2)]
 40533 | D:13     | HP: 14/94 [??? (3)]
 40538 | D:13     | HP: 15/94 [??? (3)]
 40543 | D:13     | HP: 13/94 [??? (3)]
 40548 | D:13     | HP: 13/94 [??? (2)]
 40564 | D:13     | HP: 20/94 [??? (5)]
 40569 | D:13     | HP: 18/94 [??? (4)]
 40575 | D:13     | HP: 15/94 [??? (3)]
 40581 | D:13     | HP: 18/94 [??? (4)]
 40586 | D:13     | HP: 16/94 [??? (3)]
 40604 | D:13     | HP: 22/94 [??? (5)]
 40610 | D:13     | HP: 20/94 [??? (4)]
 40615 | D:13     | HP: 13/94 [??? (3)]
 40623 | D:13     | HP: 15/94 [??? (3)]
 40630 | D:13     | HP: 16/94 [??? (4)]
 40636 | D:13     | HP: 16/94 [??? (4)]
 40644 | D:13     | HP: 17/94 [??? (4)]
 40649 | D:13     | HP: 13/94 [??? (2)]
 40654 | D:13     | HP: 11/94 [??? (2)]
 40661 | D:13     | HP: 13/94 [??? (2)]
 40671 | D:13     | HP: 20/94 [??? (4)]
 40672 | D:13     | Glimpsed the power of Zot.
 40676 | D:13     | HP: 15/94 [??? (3)]
 40681 | D:13     | HP: 15/94 [??? (3)]
 40686 | D:13     | HP: 10/94 [??? (2)]
 40695 | D:13     | HP: 13/94 [??? (3)]
 40708 | D:13     | HP: 20/94 [??? (5)]
 40713 | D:13     | HP: 17/94 [??? (4)]
 40720 | D:13     | HP: 16/94 [??? (4)]
 40729 | D:13     | HP: 14/94 [??? (3)]
 40735 | D:13     | HP: 12/94 [??? (2)]
 40740 | D:13     | HP: 11/94 [??? (2)]
 40746 | D:13     | HP: 13/94 [??? (2)]
 40753 | D:13     | HP: 14/94 [??? (3)]
 40759 | D:13     | HP: 15/94 [??? (3)]
 40765 | D:13     | HP: 14/94 [??? (3)]
 40773 | D:13     | HP: 15/94 [??? (3)]
 40778 | D:13     | HP: 13/94 [??? (3)]
 40783 | D:13     | HP: 13/94 [??? (3)]
 40788 | D:13     | HP: 13/94 [??? (3)]
 40796 | D:13     | HP: 15/94 [??? (3)]
 40803 | D:13     | HP: 14/94 [??? (3)]
 40808 | D:13     | HP: 14/94 [??? (3)]
 40813 | D:13     | HP: 16/94 [??? (3)]
 40819 | D:13     | HP: 13/94 [??? (2)]
 40824 | D:13     | HP: 14/94 [??? (3)]
 40830 | D:13     | HP: 15/94 [??? (3)]
 40836 | D:13     | HP: 13/94 [??? (3)]
 40847 | D:13     | HP: 18/94 [??? (4)]
 40852 | D:13     | HP: 14/94 [??? (3)]
 40858 | D:13     | HP: 16/94 [??? (3)]
 40866 | D:13     | HP: 16/94 [??? (3)]
 40871 | D:13     | HP: 15/94 [??? (3)]
 40879 | D:13     | HP: 20/94 [??? (4)]
 40884 | D:13     | HP: 15/94 [??? (3)]
 40889 | D:13     | HP: 13/94 [??? (3)]
 40895 | D:13     | HP: 12/94 [??? (2)]
 40908 | D:13     | HP: 20/94 [??? (4)]
 40913 | D:13     | HP: 17/94 [??? (4)]
 40919 | D:13     | HP: 16/94 [??? (4)]
 40925 | D:13     | HP: 14/94 [??? (3)]
 40930 | D:13     | HP: 16/94 [??? (4)]
 40935 | D:13     | HP: 12/94 [??? (2)]
 40940 | D:13     | HP: 12/94 [??? (2)]
 40945 | D:13     | HP: 11/94 [??? (2)]
 40952 | D:13     | HP: 14/94 [??? (3)]
 40958 | D:13     | HP: 11/94 [??? (2)]
 40966 | D:13     | HP: 14/94 [??? (3)]
 40971 | D:13     | HP: 16/94 [??? (4)]
 40977 | D:13     | HP: 13/94 [??? (2)]
 40982 | D:13     | HP: 16/94 [??? (3)]
 40990 | D:13     | HP: 16/94 [??? (3)]
 40996 | D:13     | HP: 14/94 [??? (3)]
 41005 | D:13     | HP: 17/94 [??? (4)]
 41010 | D:13     | HP: 19/94 [??? (4)]
 41016 | D:13     | HP: 21/94 [??? (5)]
 41022 | D:13     | HP: 16/94 [??? (4)]
 41028 | D:13     | HP: 19/94 [??? (4)]
 41035 | D:13     | HP: 22/94 [??? (5)]
 41041 | D:13     | HP: 15/94 [??? (3)]
 41046 | D:13     | HP: 13/94 [??? (2)]
 41053 | D:13     | HP: 13/94 [??? (2)]
 41060 | D:13     | HP: 18/94 [??? (4)]
 41066 | D:13     | HP: 14/94 [??? (3)]
 41074 | D:13     | HP: 17/94 [??? (4)]
 41087 | D:13     | HP: 23/94 [??? (5)]
 41093 | D:13     | HP: 20/94 [??? (5)]
 41106 | D:13     | HP: 22/94 [??? (5)]
 41112 | D:13     | HP: 16/94 [??? (4)]
 41120 | D:13     | HP: 16/94 [??? (3)]
 41125 | D:13     | HP: 17/94 [??? (4)]
 41135 | D:13     | HP: 23/94 [??? (6)]
 41141 | D:13     | HP: 18/94 [??? (4)]
 41147 | D:13     | HP: 20/94 [??? (5)]
 41153 | D:13     | HP: 13/94 [??? (3)]
 41158 | D:13     | HP: 10/94 [??? (2)]
 41163 | D:13     | HP: 11/94 [??? (2)]
 41168 | D:13     | HP: 14/94 [??? (3)]
 41172 | D:13     | Glimpsed the power of Zot.
 41173 | D:13     | HP: 13/94 [??? (3)]
 41189 | D:13     | HP: 23/94 [??? (6)]
 41197 | D:13     | HP: 20/94 [??? (4)]
 41203 | D:13     | HP: 16/94 [??? (3)]
 41217 | D:13     | HP: 23/94 [??? (5)]
 41223 | D:13     | HP: 20/94 [??? (5)]
 41228 | D:13     | HP: 14/94 [??? (3)]
 41236 | D:13     | HP: 15/94 [??? (3)]
 41243 | D:13     | HP: 16/94 [??? (4)]
 41253 | D:13     | HP: 17/94 [??? (4)]
 41258 | D:13     | HP: 19/94 [??? (4)]
 41269 | D:13     | HP: 23/94 [??? (5)]
 41274 | D:13     | HP: 20/94 [??? (4)]
 41283 | D:13     | HP: 18/94 [??? (4)]
 41288 | D:13     | HP: 12/94 [??? (2)]
 41293 | D:13     | HP: 13/94 [??? (2)]
 41301 | D:13     | HP: 13/94 [??? (2)]
 41308 | D:13     | HP: 13/94 [??? (2)]
 41330 | D:13     | HP: 20/94 [??? (5)]
 41335 | D:13     | HP: 21/94 [??? (5)]
 41340 | D:13     | HP: 16/94 [??? (3)]
 41346 | D:13     | HP: 18/94 [??? (4)]
 41352 | D:13     | HP: 20/94 [??? (5)]
 41359 | D:13     | HP: 20/94 [??? (4)]
 41366 | D:13     | HP: 20/94 [??? (4)]
 41373 | D:13     | HP: 23/94 [??? (5)]
 41385 | D:13     | HP: 20/94 [??? (4)]
 41392 | D:13     | HP: 19/94 [??? (4)]
 41399 | D:13     | HP: 14/94 [??? (3)]
 41406 | D:13     | HP: 16/94 [??? (3)]
 41411 | D:13     | HP: 15/94 [??? (3)]
 41417 | D:13     | HP: 16/94 [??? (3)]
 41425 | D:13     | HP: 15/94 [??? (3)]
 41433 | D:13     | HP: 14/94 [??? (3)]
 41443 | D:13     | HP: 17/94 [??? (4)]
 41451 | D:13     | HP: 16/94 [??? (4)]
 41457 | D:13     | HP: 13/94 [??? (3)]
 41462 | D:13     | HP: 12/94 [??? (2)]
 41469 | D:13     | HP: 16/94 [??? (4)]
 41479 | D:13     | HP: 19/94 [??? (4)]
 41485 | D:13     | HP: 21/94 [??? (5)]
 41492 | D:13     | HP: 20/94 [??? (4)]
 41502 | D:13     | HP: 23/94 [??? (5)]
 41509 | D:13     | HP: 14/94 [??? (3)]
 41514 | D:13     | HP: 10/94 [??? (2)]
 41519 | D:13     | HP: 10/94 [??? (2)]
 41531 | D:13     | HP: 16/94 [??? (4)]
 41537 | D:13     | HP: 16/94 [??? (4)]
 41544 | D:13     | HP: 17/94 [??? (4)]
 41549 | D:13     | HP: 16/94 [??? (4)]
 41558 | D:13     | HP: 19/94 [??? (4)]
 41565 | D:13     | HP: 15/94 [??? (3)]
 41572 | D:13     | Glimpsed the power of Zot.
 41572 | D:13     | HP: 19/94 [??? (4)]
 41578 | D:13     | HP: 16/94 [??? (3)]
 41584 | D:13     | HP: 16/94 [??? (3)]
 41590 | D:13     | HP: 19/94 [??? (4)]
 41595 | D:13     | HP: 14/94 [??? (3)]
 41600 | D:13     | HP: 15/94 [??? (3)]
 41608 | D:13     | HP: 13/94 [??? (2)]
 41615 | D:13     | HP: 17/94 [??? (4)]
 41620 | D:13     | HP: 12/94 [??? (2)]
 41628 | D:13     | HP: 16/94 [??? (3)]
 41634 | D:13     | HP: 16/94 [??? (4)]
 41644 | D:13     | HP: 20/94 [??? (4)]
 41650 | D:13     | HP: 22/94 [??? (5)]
 41656 | D:13     | HP: 17/94 [??? (4)]
 41661 | D:13     | HP: 12/94 [??? (2)]
 41666 | D:13     | HP: 11/94 [??? (2)]
 41671 | D:13     | Touched by the power of Zot.
 41672 | D:13     | Glimpsed the power of Zot.
 41672 | D:13     | HP: 13/80 [??? (2)]
 41680 | D:13     | HP: 18/80 [??? (4)]
 41685 | D:13     | HP: 15/80 [??? (3)]
 41693 | D:13     | HP: 16/80 [??? (3)]
 41699 | D:13     | HP: 19/80 [??? (4)]
 41706 | D:13     | HP: 15/80 [??? (3)]
 41715 | D:13     | HP: 16/80 [??? (3)]
 41723 | D:13     | HP: 16/80 [??? (3)]
 41728 | D:13     | HP: 13/80 [??? (3)]
 41733 | D:13     | HP: 15/80 [??? (3)]
 41738 | D:13     | HP: 17/80 [??? (4)]
 41748 | D:13     | HP: 18/80 [??? (4)]
 41771 | D:13     | HP: 19/80 [??? (4)]
 41779 | D:13     | HP: 17/80 [??? (4)]
 41787 | D:13     | HP: 19/80 [??? (4)]
 41794 | D:13     | HP: 14/80 [??? (3)]
 41801 | D:13     | HP: 16/80 [??? (3)]
 41811 | D:13     | HP: 17/80 [??? (4)]
 41817 | D:13     | HP: 15/80 [??? (3)]
 41827 | D:13     | HP: 16/80 [??? (4)]
 41832 | D:13     | HP: 12/80 [??? (2)]
 41841 | D:13     | HP: 16/80 [??? (4)]
 41848 | D:13     | HP: 14/80 [??? (3)]
 41866 | D:13     | HP: 20/80 [??? (4)]
 41871 | D:13     | HP: 17/80 [??? (4)]
 41876 | D:13     | HP: 16/80 [??? (3)]
 41881 | D:13     | HP: 13/80 [??? (2)]
 41886 | D:13     | HP: 13/80 [??? (3)]
 41892 | D:13     | HP: 15/80 [??? (3)]
 41900 | D:13     | HP: 20/80 [??? (4)]
 41908 | D:13     | HP: 17/80 [??? (4)]
 41913 | D:13     | HP: 16/80 [??? (3)]
 41920 | D:13     | HP: 20/80 [??? (4)]
 41926 | D:13     | HP: 12/80 [??? (2)]
 41934 | D:13     | HP: 17/80 [??? (4)]
 41939 | D:13     | HP: 13/80 [??? (2)]
 41945 | D:13     | HP: 13/80 [??? (3)]
 41951 | D:13     | HP: 15/80 [??? (3)]
 41961 | D:13     | HP: 19/80 [??? (4)]
 41984 | D:13     | HP: 18/80 [??? (4)]
 41990 | D:13     | HP: 18/80 [??? (4)]
 41995 | D:13     | HP: 16/80 [??? (3)]
 42005 | D:13     | HP: 17/80 [??? (4)]
 42011 | D:13     | HP: 19/80 [??? (4)]
 42018 | D:13     | HP: 16/80 [??? (3)]
 42028 | D:13     | HP: 16/80 [??? (4)]
 42033 | D:13     | HP: 13/80 [??? (2)]
 42040 | D:13     | HP: 11/80 [??? (2)]
 42045 | D:13     | HP: 12/80 [??? (2)]
 42051 | D:13     | HP: 12/80 [??? (2)]
 42058 | D:13     | HP: 12/80 [??? (2)]
 42063 | D:13     | HP: 13/80 [??? (2)]
 42068 | D:13     | HP: 11/80 [??? (2)]
 42074 | D:13     | HP: 11/80 [??? (2)]
 42082 | D:13     | HP: 15/80 [??? (3)]
 42092 | D:13     | HP: 14/80 [??? (3)]
 42099 | D:13     | HP: 14/80 [??? (3)]
 42104 | D:13     | HP: 13/80 [??? (3)]
 42110 | D:13     | HP: 12/80 [??? (2)]
 42116 | D:13     | HP: 13/80 [??? (2)]
 42121 | D:13     | HP: 13/80 [??? (2)]
 42129 | D:13     | HP: 18/80 [??? (4)]
 42135 | D:13     | HP: 14/80 [??? (3)]
 42141 | D:13     | HP: 15/80 [??? (3)]
 42149 | D:13     | HP: 13/80 [??? (2)]
 42154 | D:13     | HP: 10/80 [??? (2)]
 42160 | D:13     | HP: 13/80 [??? (3)]
 42171 | D:13     | HP: 15/80 [??? (3)]
 42172 | D:13     | Glimpsed the power of Zot.
 42177 | D:13     | HP: 15/80 [??? (3)]
 42182 | D:13     | HP: 12/80 [??? (2)]
 42187 | D:13     | HP: 12/80 [??? (2)]
 42192 | D:13     | HP: 13/80 [??? (2)]
 42197 | D:13     | HP: 13/80 [??? (3)]
 42202 | D:13     | HP: 13/80 [??? (3)]
 42212 | D:13     | HP: 16/80 [??? (4)]
 42219 | D:13     | HP: 13/80 [??? (2)]
 42226 | D:13     | HP: 17/80 [??? (4)]
 42236 | D:13     | HP: 18/80 [??? (4)]
 42246 | D:13     | HP: 20/80 [??? (5)]
 42256 | D:13     | HP: 20/80 [??? (5)]
 42262 | D:13     | HP: 15/80 [??? (3)]
 42267 | D:13     | HP: 13/80 [??? (3)]
 42272 | D:13     | HP: 13/80 [??? (3)]
 42277 | D:13     | HP: 9/80 [??? (1)]
 42284 | D:13     | HP: 12/80 [??? (2)]
 42290 | D:13     | HP: 12/80 [??? (2)]
 42295 | D:13     | HP: 11/80 [??? (2)]
 42301 | D:13     | HP: 13/80 [??? (3)]
 42307 | D:13     | HP: 12/80 [??? (2)]
 42314 | D:13     | HP: 13/80 [??? (3)]
 42319 | D:13     | HP: 12/80 [??? (2)]
 42326 | D:13     | HP: 14/80 [??? (3)]
 42331 | D:13     | HP: 14/80 [??? (3)]
 42339 | D:13     | HP: 17/80 [??? (4)]
 42344 | D:13     | HP: 16/80 [??? (4)]
 42349 | D:13     | HP: 15/80 [??? (3)]
 42355 | D:13     | HP: 13/80 [??? (3)]
 42361 | D:13     | HP: 14/80 [??? (3)]
 42368 | D:13     | HP: 16/80 [??? (3)]
 42374 | D:13     | HP: 16/80 [??? (4)]
 42384 | D:13     | HP: 20/80 [??? (4)]
 42389 | D:13     | HP: 14/80 [??? (3)]
 42394 | D:13     | HP: 14/80 [??? (3)]
 42399 | D:13     | HP: 14/80 [??? (3)]
 42404 | D:13     | HP: 10/80 [??? (2)]
 42410 | D:13     | HP: 10/80 [??? (2)]
 42416 | D:13     | HP: 13/80 [??? (2)]
 42421 | D:13     | HP: 16/80 [??? (3)]
 42426 | D:13     | HP: 17/80 [??? (4)]
 42432 | D:13     | HP: 13/80 [??? (2)]
 42438 | D:13     | HP: 15/80 [??? (3)]
 42443 | D:13     | HP: 15/80 [??? (3)]
 42453 | D:13     | HP: 19/80 [??? (4)]
 42458 | D:13     | HP: 16/80 [??? (4)]
 42463 | D:13     | HP: 16/80 [??? (3)]
 42470 | D:13     | HP: 13/80 [??? (3)]
 42476 | D:13     | HP: 13/80 [??? (3)]
 42482 | D:13     | HP: 12/80 [??? (2)]
 42489 | D:13     | HP: 13/80 [??? (3)]
 42495 | D:13     | HP: 13/80 [??? (2)]
 42501 | D:13     | HP: 13/80 [??? (2)]
 42507 | D:13     | HP: 13/80 [??? (2)]
 42520 | D:13     | HP: 19/80 [??? (4)]
 42526 | D:13     | HP: 20/80 [??? (5)]
 42535 | D:13     | HP: 18/80 [??? (4)]
 42540 | D:13     | HP: 14/80 [??? (3)]
 42546 | D:13     | HP: 12/80 [??? (2)]
 42554 | D:13     | HP: 16/80 [??? (3)]
 42559 | D:13     | HP: 13/80 [??? (3)]
 42564 | D:13     | HP: 12/80 [??? (2)]
 42569 | D:13     | HP: 12/80 [??? (2)]
 42572 | D:13     | Glimpsed the power of Zot.
 42578 | D:13     | HP: 15/80 [??? (3)]
 42583 | D:13     | HP: 11/80 [??? (2)]
 42588 | D:13     | HP: 10/80 [??? (1)]
 42593 | D:13     | HP: 10/80 [??? (1)]
 42598 | D:13     | HP: 10/80 [??? (1)]
 42603 | D:13     | HP: 12/80 [??? (2)]
 42609 | D:13     | HP: 16/80 [??? (3)]
 42618 | D:13     | HP: 13/80 [??? (2)]
 42623 | D:13     | HP: 16/80 [??? (3)]
 42631 | D:13     | HP: 20/80 [??? (5)]
 42638 | D:13     | HP: 19/80 [??? (4)]
 42644 | D:13     | HP: 14/80 [??? (3)]
 42650 | D:13     | HP: 13/80 [??? (3)]
 42656 | D:13     | HP: 11/80 [??? (2)]
 42661 | D:13     | HP: 14/80 [??? (3)]
 42666 | D:13     | HP: 13/80 [??? (3)]
 42671 | D:13     | Touched by the power of Zot.
 42671 | D:13     | HP: 12/67 [??? (2)]
 42672 | D:13     | Glimpsed the power of Zot.
 42681 | D:13     | HP: 16/67 [??? (3)]
 42688 | D:13     | HP: 13/67 [??? (3)]
 42694 | D:13     | HP: 14/67 [??? (3)]
 42700 | D:13     | HP: 16/67 [??? (4)]
 42705 | D:13     | HP: 13/67 [??? (3)]
 42710 | D:13     | HP: 15/67 [??? (3)]
 42715 | D:13     | HP: 15/67 [??? (3)]
 42728 | D:13     | HP: 15/67 [??? (3)]
 42738 | D:13     | HP: 16/67 [??? (3)]
 42743 | D:13     | HP: 13/67 [??? (2)]
 42748 | D:13     | HP: 11/67 [??? (2)]
 42756 | D:13     | HP: 15/67 [??? (3)]
 42761 | D:13     | HP: 16/67 [??? (4)]
 42769 | D:13     | HP: 15/67 [??? (3)]
 42774 | D:13     | HP: 15/67 [??? (3)]
 42781 | D:13     | HP: 16/67 [??? (4)]
 42791 | D:13     | HP: 16/67 [??? (4)]
 42797 | D:13     | HP: 16/67 [??? (4)]
 42802 | D:13     | HP: 13/67 [??? (3)]
 42810 | D:13     | HP: 13/67 [??? (2)]
 42826 | D:13     | HP: 16/67 [??? (4)]
 42831 | D:13     | HP: 13/67 [??? (3)]
 42836 | D:13     | HP: 15/67 [??? (3)]
 42841 | D:13     | HP: 16/67 [??? (3)]
 42848 | D:13     | HP: 15/67 [??? (3)]
 42855 | D:13     | HP: 16/67 [??? (3)]
 42861 | D:13     | HP: 16/67 [??? (4)]
 42872 | D:13     | HP: 16/67 [??? (3)]
 42895 | D:13     | HP: 15/67 [??? (3)]
 42900 | D:13     | HP: 16/67 [??? (4)]
 42906 | D:13     | HP: 16/67 [??? (3)]
 42911 | D:13     | HP: 13/67 [??? (2)]
 42917 | D:13     | HP: 11/67 [??? (2)]
 42922 | D:13     | HP: 14/67 [??? (3)]
 42929 | D:13     | HP: 16/67 [??? (3)]
 42934 | D:13     | HP: 11/67 [??? (2)]
 42951 | D:13     | HP: 15/67 [??? (3)]
 42956 | D:13     | HP: 15/67 [??? (3)]
 42961 | D:13     | HP: 11/67 [??? (2)]
 42966 | D:13     | HP: 13/67 [??? (2)]
 42973 | D:13     | HP: 13/67 [??? (2)]
 42980 | D:13     | HP: 14/67 [??? (3)]
 42987 | D:13     | HP: 14/67 [??? (3)]
 42996 | D:13     | HP: 16/67 [??? (3)]
 43001 | D:13     | HP: 15/67 [??? (3)]
 43006 | D:13     | HP: 14/67 [??? (3)]
 43011 | D:13     | HP: 13/67 [??? (3)]
 43016 | D:13     | HP: 15/67 [??? (3)]
 43021 | D:13     | HP: 15/67 [??? (3)]
 43027 | D:13     | HP: 15/67 [??? (3)]
 43032 | D:13     | HP: 13/67 [??? (2)]
 43043 | D:13     | HP: 16/67 [??? (3)]
 43048 | D:13     | HP: 13/67 [??? (3)]
 43054 | D:13     | HP: 16/67 [??? (3)]
 43059 | D:13     | HP: 13/67 [??? (3)]
 43070 | D:13     | HP: 16/67 [??? (3)]
 43075 | D:13     | HP: 16/67 [??? (3)]
 43080 | D:13     | HP: 13/67 [??? (2)]
 43085 | D:13     | HP: 11/67 [??? (2)]
 43091 | D:13     | HP: 10/67 [??? (2)]
 43096 | D:13     | HP: 13/67 [??? (3)]
 43102 | D:13     | HP: 16/67 [??? (4)]
 43108 | D:13     | HP: 13/67 [??? (3)]
 43121 | D:13     | HP: 16/67 [??? (4)]
 43129 | D:13     | HP: 14/67 [??? (3)]
 43138 | D:13     | HP: 16/67 [??? (3)]
 43145 | D:13     | HP: 12/67 [??? (2)]
 43150 | D:13     | HP: 13/67 [??? (3)]
 43158 | D:13     | HP: 16/67 [??? (3)]
 43167 | D:13     | HP: 16/67 [??? (3)]
 43172 | D:13     | Glimpsed the power of Zot.
 43172 | D:13     | HP: 13/67 [??? (2)]
 43210 | D:13     | HP: 16/67 [??? (4)]
 43239 | D:13     | HP: 16/67 [??? (4)]
 43244 | D:13     | HP: 13/67 [??? (2)]
 43249 | D:13     | HP: 16/67 [??? (3)]
 43273 | D:13     | HP: 16/67 [??? (3)]
 43278 | D:13     | HP: 15/67 [??? (3)]
 43286 | D:13     | HP: 16/67 [??? (3)]
 43292 | D:13     | HP: 15/67 [??? (3)]
 43298 | D:13     | HP: 13/67 [??? (3)]
 43304 | D:13     | HP: 14/67 [??? (3)]
 43310 | D:13     | HP: 16/67 [??? (4)]
 43315 | D:13     | HP: 15/67 [??? (3)]
 43322 | D:13     | HP: 16/67 [??? (3)]
 43329 | D:13     | HP: 13/67 [??? (3)]
 43340 | D:13     | HP: 16/67 [??? (3)]
 43347 | D:13     | HP: 11/67 [??? (2)]
 43352 | D:13     | HP: 10/67 [??? (2)]
 43357 | D:13     | HP: 10/67 [??? (2)]
 43363 | D:13     | HP: 10/67 [??? (2)]
 43373 | D:13     | HP: 16/67 [??? (3)]
 43378 | D:13     | HP: 10/67 [??? (1)]
 43383 | D:13     | HP: 10/67 [??? (2)]
 43391 | D:13     | HP: 14/67 [??? (3)]
 43398 | D:13     | HP: 16/67 [??? (3)]
 43404 | D:13     | HP: 16/67 [??? (4)]
 43409 | D:13     | HP: 11/67 [??? (2)]
 43415 | D:13     | HP: 13/67 [??? (3)]
 43420 | D:13     | HP: 13/67 [??? (2)]
 43426 | D:13     | HP: 13/67 [??? (2)]
 43431 | D:13     | HP: 12/67 [??? (2)]
 43436 | D:13     | HP: 11/67 [??? (2)]
 43446 | D:13     | HP: 14/67 [??? (3)]
 43453 | D:13     | HP: 13/67 [??? (2)]
 43470 | D:13     | HP: 16/67 [??? (4)]
 43475 | D:13     | HP: 13/67 [??? (3)]
 43480 | D:13     | HP: 11/67 [??? (2)]
 43486 | D:13     | HP: 12/67 [??? (2)]
 43492 | D:13     | HP: 12/67 [??? (2)]
 43523 | D:13     | HP: 16/67 [??? (3)]
 43529 | D:13     | HP: 16/67 [??? (3)]
 43534 | D:13     | HP: 11/67 [??? (2)]
 43540 | D:13     | HP: 12/67 [??? (2)]
 43546 | D:13     | HP: 15/67 [??? (3)]
 43563 | D:13     | HP: 14/67 [??? (3)]
 43570 | D:13     | HP: 14/67 [??? (3)]
 43572 | D:13     | Glimpsed the power of Zot.
 43575 | D:13     | HP: 13/67 [??? (2)]
 43580 | D:13     | HP: 13/67 [??? (2)]
 43613 | D:13     | HP: 16/67 [??? (3)]
 43623 | D:13     | HP: 16/67 [??? (3)]
 43630 | D:13     | HP: 14/67 [??? (3)]
 43636 | D:13     | HP: 16/67 [??? (4)]
 43644 | D:13     | HP: 13/67 [??? (3)]
 43649 | D:13     | HP: 13/67 [??? (2)]
 43654 | D:13     | HP: 15/67 [??? (3)]
 43661 | D:13     | HP: 16/67 [??? (4)]
 43669 | D:13     | HP: 14/67 [??? (3)]
 43671 | D:13     | Touched by the power of Zot.
 43672 | D:13     | Glimpsed the power of Zot.
 43712 | D:13     | HP: 14/56 [??? (3)]
 43718 | D:13     | HP: 14/56 [??? (3)]
 43723 | D:13     | HP: 13/56 [??? (2)]
 43728 | D:13     | HP: 13/56 [??? (3)]
 43733 | D:13     | HP: 13/56 [??? (2)]
 43738 | D:13     | HP: 12/56 [??? (2)]
 43747 | D:13     | HP: 14/56 [??? (3)]
 43770 | D:13     | HP: 13/56 [??? (3)]
 43775 | D:13     | HP: 13/56 [??? (3)]
 43785 | D:13     | HP: 13/56 [??? (3)]
 43817 | D:13     | HP: 13/56 [??? (3)]
 43823 | D:13     | HP: 14/56 [??? (3)]
 43848 | D:13     | HP: 13/56 [??? (3)]
 43893 | D:13     | HP: 14/56 [??? (3)]
 43900 | D:13     | HP: 13/56 [??? (3)]
 43907 | D:13     | HP: 13/56 [??? (3)]
 43913 | D:13     | HP: 13/56 [??? (3)]
 43929 | D:13     | HP: 14/56 [??? (3)]
 43951 | D:13     | HP: 14/56 [??? (3)]
 43960 | D:13     | HP: 14/56 [??? (3)]
 43970 | D:13     | HP: 14/56 [??? (3)]
 43989 | D:13     | HP: 13/56 [??? (2)]
 43995 | D:13     | HP: 11/56 [??? (2)]
 44000 | D:13     | HP: 10/56 [??? (1)]
 44011 | D:13     | HP: 13/56 [??? (3)]
 44018 | D:13     | HP: 14/56 [??? (3)]
 44026 | D:13     | HP: 14/56 [??? (3)]
 44033 | D:13     | HP: 13/56 [??? (3)]
 44054 | D:13     | HP: 14/56 [??? (3)]
 44077 | D:13     | HP: 14/56 [??? (3)]
 44083 | D:13     | HP: 13/56 [??? (2)]
 44097 | D:13     | HP: 14/56 [??? (3)]
 44106 | D:13     | HP: 14/56 [??? (3)]
 44113 | D:13     | HP: 12/56 [??? (2)]
 44119 | D:13     | HP: 13/56 [??? (2)]
 44152 | D:13     | HP: 13/56 [??? (3)]
 44168 | D:13     | HP: 14/56 [??? (3)]
 44172 | D:13     | Glimpsed the power of Zot.
 44175 | D:13     | HP: 13/56 [??? (3)]
 44180 | D:13     | HP: 12/56 [??? (2)]
 44229 | D:13     | HP: 13/56 [??? (3)]
 44237 | D:13     | HP: 14/56 [??? (3)]
 44242 | D:13     | HP: 13/56 [??? (2)]
 44258 | D:13     | HP: 14/56 [??? (3)]
 44294 | D:13     | HP: 14/56 [??? (3)]
 44299 | D:13     | HP: 12/56 [??? (2)]
 44311 | D:13     | HP: 13/56 [??? (3)]
 44316 | D:13     | HP: 12/56 [??? (2)]
 44322 | D:13     | HP: 13/56 [??? (3)]
 44328 | D:13     | HP: 13/56 [??? (2)]
 44333 | D:13     | HP: 10/56 [??? (1)]
 44342 | D:13     | HP: 13/56 [??? (3)]
 44347 | D:13     | HP: 12/56 [??? (2)]
 44388 | D:13     | HP: 14/56 [??? (3)]
 44393 | D:13     | HP: 14/56 [??? (3)]
 44404 | D:13     | HP: 13/56 [??? (3)]
 44410 | D:13     | HP: 11/56 [??? (2)]
 44416 | D:13     | HP: 10/56 [??? (2)]
 44421 | D:13     | HP: 10/56 [??? (2)]
 44429 | D:13     | HP: 12/56 [??? (2)]
 44435 | D:13     | HP: 11/56 [??? (2)]
 44440 | D:13     | HP: 11/56 [??? (2)]
 44445 | D:13     | HP: 11/56 [??? (2)]
 44451 | D:13     | HP: 14/56 [??? (3)]
 44456 | D:13     | HP: 11/56 [??? (2)]
 44464 | D:13     | HP: 13/56 [??? (3)]
 44473 | D:13     | HP: 14/56 [??? (3)]
 44481 | D:13     | HP: 14/56 [??? (3)]
 44508 | D:13     | HP: 14/56 [??? (3)]
 44526 | D:13     | HP: 13/56 [??? (3)]
 44533 | D:13     | HP: 13/56 [??? (3)]
 44538 | D:13     | HP: 12/56 [??? (2)]
 44543 | D:13     | HP: 12/56 [??? (2)]
 44548 | D:13     | HP: 14/56 [??? (3)]
 44572 | D:13     | Glimpsed the power of Zot.
 44576 | D:13     | HP: 14/56 [??? (3)]
 44586 | D:13     | HP: 14/56 [??? (3)]
 44594 | D:13     | HP: 13/56 [??? (2)]
 44600 | D:13     | HP: 13/56 [??? (2)]
 44613 | D:13     | HP: 13/56 [??? (2)]
 44636 | D:13     | HP: 13/56 [??? (3)]
 44641 | D:13     | HP: 10/56 [??? (2)]
 44646 | D:13     | HP: 13/56 [??? (3)]
 44662 | D:13     | HP: 14/56 [??? (3)]
 44668 | D:13     | HP: 12/56 [??? (2)]
 44671 | D:13     | Touched by the power of Zot.
 44672 | D:13     | Glimpsed the power of Zot.
 44686 | D:13     | HP: 11/46 [??? (2)]
 44796 | D:13     | HP: 11/46 [??? (2)]
 44810 | D:13     | HP: 11/46 [??? (2)]
 44996 | D:13     | HP: 11/46 [??? (2)]
 45038 | D:13     | HP: 11/46 [??? (2)]
 45045 | D:13     | HP: 11/46 [??? (2)]
 45050 | D:13     | HP: 11/46 [??? (2)]
 45056 | D:13     | HP: 11/46 [??? (2)]
 45062 | D:13     | HP: 11/46 [??? (2)]
 45127 | D:13     | HP: 11/46 [??? (2)]
 45135 | D:13     | HP: 10/46 [??? (2)]
 45159 | D:13     | HP: 11/46 [??? (2)]
 45172 | D:13     | Glimpsed the power of Zot.
 45183 | D:13     | HP: 11/46 [??? (2)]
 45215 | D:13     | HP: 11/46 [??? (2)]
 45220 | D:13     | HP: 10/46 [??? (2)]
 45225 | D:13     | HP: 11/46 [??? (2)]
 45231 | D:13     | HP: 11/46 [??? (2)]
 45255 | D:13     | HP: 10/46 [??? (2)]
 45260 | D:13     | HP: 10/46 [??? (1)]
 45292 | D:13     | HP: 11/46 [??? (2)]
 45298 | D:13     | HP: 11/46 [??? (2)]
 45318 | D:13     | HP: 11/46 [??? (2)]
 45346 | D:13     | HP: 10/46 [??? (2)]
 45399 | D:13     | HP: 11/46 [??? (2)]
 45404 | D:13     | HP: 10/46 [??? (2)]
 45409 | D:13     | HP: 10/46 [??? (2)]
 45441 | D:13     | HP: 10/46 [??? (2)]
 45461 | D:13     | HP: 11/46 [??? (2)]
 45529 | D:13     | HP: 11/46 [??? (2)]
 45558 | D:13     | HP: 11/46 [??? (2)]
 45565 | D:13     | HP: 10/46 [??? (2)]
 45572 | D:13     | Glimpsed the power of Zot.
 45573 | D:13     | HP: 11/46 [??? (2)]
 45631 | D:13     | HP: 11/46 [??? (2)]
 45637 | D:13     | HP: 11/46 [??? (2)]
 45642 | D:13     | HP: 10/46 [??? (2)]
 45668 | D:13     | HP: 11/46 [??? (2)]
 45671 | D:13     | Touched by the power of Zot.
 45672 | D:13     | Glimpsed the power of Zot.
 45866 | D:13     | HP: 9/38 [??? (1)]
 46172 | D:13     | Glimpsed the power of Zot.
 46238 | D:13     | HP: 9/38 [??? (1)]
 46332 | D:13     | HP: 9/38 [??? (1)]
 46478 | D:13     | HP: 9/38 [??? (1)]
 46572 | D:13     | Glimpsed the power of Zot.
 46671 | D:13     | Touched by the power of Zot.
 46672 | D:13     | Glimpsed the power of Zot.
 47172 | D:13     | Glimpsed the power of Zot.
 47572 | D:13     | Glimpsed the power of Zot.
 47671 | D:13     | Touched by the power of Zot.
 47672 | D:13     | Glimpsed the power of Zot.
 48172 | D:13     | Glimpsed the power of Zot.
 48572 | D:13     | Glimpsed the power of Zot.
 48671 | D:13     | Touched by the power of Zot.
 48672 | D:13     | Glimpsed the power of Zot.
 48708 | D:13     | 48708 ||| UPGRADING to amulet of reflection.
 48718 | D:13     | 48718 ||| DROPPING amulet of regeneration.
 48782 | D:14     | Found a frozen archway.
 48783 | D:14     | 48783 ||| Stepping ~*~*~tactically~*~*~ (hiding).
 48929 | D:14     | 48929 ||| Stepping ~*~*~tactically~*~*~ (hiding).
 48996 | D:14     | 48996 ||| Stepping ~*~*~tactically~*~*~ (stealth).
 49001 | D:14     | 49001 ||| Stepping ~*~*~tactically~*~*~ (hiding).
 49004 | D:14     | 49004 ||| INVOKING Heroism.
 49006 | D:14     | 49006 ||| SWAPPING to -2 demon whip of venom.
 49013 | D:14     | 49013 ||| SWAPPING to +0 heavy broad axe.
 49092 | D:14     | Found a transporter.
 49096 | D:14     | Noticed Cofimnas's ghost (journeyman FoFi)
 49238 | D:14     | 49238 ||| FLEEEEING.
 49239 | D:14     | 49239 ||| Stepping ~*~*~tactically~*~*~ (stealth).
 49293 | D:14     | Identified the +10 whip of the Queen {freeze, Int+3}
 49301 | D:14     | Slain by a tengu warrior

Levels and vault maps discovered:
D:1:      eino_arrival_cavern_b, layout_rooms
D:2:      layout_loops_ring, basic_altar, kennysheep_pointless_box
D:3:      layout_basic, chequers_arboretum, minmay_snake_closets
D:4:      layout_loops_ring, makhleb_heckhound_becter,
          mainiacjoe_overflow_surrounded_room, serial_shops, shop, minmay_vboxes
D:5:      layout_basic, elyvilon_altar_5, old_standard_altar
D:6:      layout_basic, mainiacjoe_overflow_small_starburst,
          minmay_temple_entry_glassed_door, minmay_manual_mandibuliform,
          uniq_pikel
D:7:      layout_basic, lemuel_round_altar, mainiacjoe_overflow_24_doors
D:8:      layout_basic, tgw_xom, mainiacjoe_overflow_boulevard, uniq_maggie,
          uniq_grum, uniq_maurice
D:9:      layout_roguey, nicolae_overflow_crystal_walls,
          mainiacjoe_overflow_catwalk, uniq_gastronok, uniq_harold
D:10:     layout_roguey, marbit_many_paths, vehumet_altar_wand_db,
          lemuel_round_altar, ashenzari_conservatory_becter, david_lair_generic,
          serial_shops, nicolae_stop_n_shop_1, hangedman_corner_corridor,
          uniq_nergalle, uniq_urug
D:11:     layout_basic, nicolae_looking_at_the_future, uniq_fannar
D:12:     layout_basic, minmay_orc_entry_temple_small, serial_park_tiny_1
D:13:     cheibrodos_tormentor_scu, layout_grid_maze, david_vaults_2
D:14:     evilmike_negative_zone, layout_loops_ring,
          pdpol_wu_jian_five_deadly_venoms, portal_ice_cave_entry_pillars_1,
          nzn_ghost_randoct, serial_ice, serial_ice_m, serial_ice_f,
          serial_ice_a, serial_ice_o
Temple:   nicolae_temple_great_sept
Lair:1:   layout_misc_corridors, grunt_forest_stairs_basic, disabler_island,
          lemuel_fruit_tree, grunt_megastairs_4
Lair:2:   layout_roguey, dummy_spider_entry, chequers_serial_rivers_micro_c,
          uniq_amaemon
Lair:3:   layout_cave_pods, minmay_shoals_entry_hut, basic_altar,
          serial_bayou_shore_b
Lair:4:   layout_loops_ring, slime_entry_1, nicolae_lair_grove_arrangements,
          small_statue_intersection, lemuel_fruit_fields
Lair:5:   minmay_lair_end_frog_pond, layout_layer_cave

Skill      XL: |  1  2  3  4  5  6  7  8  9 10 11 12 13 14 15 |
---------------+----------------------------------------------+-----
Axes           | 2 3 5 7 8 9 10 11 13 14 15 | 15.0
Throwing       | 2 3 4 |  4.0
Dodging        | 1 2 |  2.4
Fighting       | 4 7 8 9 10 11 | 11.7
Armour         | 7 10 11 12 13 14 | 14.0
Invocations    | 4 8 10 | 10.0
Shields        | 5 7 10 12 | 12.0

Action                     |  1- 3 |  4- 6 |  7- 9 | 10-12 | 13-15 || total
---------------------------+-------+-------+-------+-------+-------++-------
  Melee: War axe           |    89 |   119 |   228 |   423 |       ||   859
         Broad axe         |       |       |       |    45 |   751 ||   796
         Demon whip        |       |       |       |       |    20 ||    20
  Throw: Javelin           |     5 |    35 |    42 |    49 |    26 ||   157
         Boomerang         |       |     1 |    12 |    37 |    99 ||   149
 Invoke: Heroism           |       |       |     2 |    18 |    20 ||    40
         Finesse           |       |       |       |     1 |     5 ||     6
    Use: Scroll            |     7 |     1 |    15 |     6 |     2 ||    31
         Potion            |     1 |     1 |     4 |       |     1 ||     7
 Armour: Scale mail        |    41 |    92 |    64 |       |       ||   197
         Chain mail        |       |       |    34 |       |       ||    34
         Crystal plate arm |       |       |    17 |   228 |   370 ||   615
         Skin              |       |       |       |     4 |       ||     4
  Dodge: Dodged            |    34 |    62 |   105 |   198 |   264 ||   663
  Block: Buckler           |    10 |    22 |    35 |    39 |       ||   106
         Kite shield       |       |       |       |   124 |   487 ||   611
         Reflection        |       |       |       |       |     1 ||     1

Table legend:
 A = Non-vault XP
 B = Vault XP
 C = Vault XP percentage of total XP
 D = Non-vault monster count
 E = Vault monster count
 F = Vault count percentage of total count
                 A         B        C        D         E       F
            +---------+---------+-------+---------+---------+-------
      Total |   74976 |   30166 |  28.7 |     402 |     143 |  26.2
            +---------+---------+-------+---------+---------+-------
        D:1 |      26 |       0 |   0.0 |      16 |       0 |   0.0
        D:2 |      33 |       0 |   0.0 |      14 |       0 |   0.0
        D:3 |     138 |      85 |  38.1 |      26 |      11 |  29.7
        D:4 |     503 |      80 |  13.7 |      22 |       8 |  26.7
        D:5 |     468 |       0 |   0.0 |      13 |       0 |   0.0
        D:6 |     437 |     758 |  63.4 |      10 |       4 |  28.6
        D:7 |    1025 |       0 |   0.0 |       9 |       0 |   0.0
        D:8 |    2872 |    1472 |  33.9 |      31 |      14 |  31.1
        D:9 |    3154 |    2366 |  42.9 |      26 |       2 |   7.1
       D:10 |    6256 |    4785 |  43.3 |      30 |      14 |  31.8
       D:11 |    8300 |    1819 |  18.0 |      43 |      12 |  21.8
       D:12 |    3007 |     397 |  11.7 |      14 |      14 |  50.0
       D:13 |   13004 |    4804 |  27.0 |      24 |      10 |  29.4
       D:14 |    3740 |    1274 |  25.4 |      12 |       6 |  33.3
     Lair:1 |    1663 |     809 |  32.7 |       7 |       7 |  50.0
     Lair:2 |    3585 |    1183 |  24.8 |      14 |       2 |  12.5
     Lair:3 |    4654 |     235 |   4.8 |      22 |       1 |   4.3
     Lair:4 |    3949 |       0 |   0.0 |      17 |       0 |   0.0
     Lair:5 |   18162 |   10099 |  35.7 |      52 |      38 |  42.2
            +---------+---------+-------+---------+---------+-------
